Workbook

Sheet Исходный
H1: ПРАЙС от 29.09.2026 г.
B7: г.Пятигорск, Черкесское шоссе, д.27Б, Тел: 8(938) 653-1111 отдел продаж e-mail: ovikom26@gmail.com сайт: www.ovikom26.ru
B9: ВНИМАНИЕ! Для определения уровня цены, необходимо прописать курс ДОЛЛАРА и ЕВРО по курсу ЦБ, также заполните ячейку "скидка", размер скидки уточняйте у Вашего менеджера. | G9: Доллар | H9: Евро | I9: Скидка
G10: 0 | H10: 0 | I10: 0
B11: КОНДИЦИОНИРОВАНИЕ
B12: Расходные материалы
B13: Кондиционеры Berlington
B14: Кондиционеры FeRRUM
B15: Кондиционеры FeRRUM полупром
B16: Кондиционеры FeRRUM полупром Инвертор
B17: Кондиционеры FeRRUM Мульти-Сплит инвертор
B18: Кондиционеры LORIOT
B19: Кондиционеры ENERGOLUX
B20: Кондиционеры ENERGOLUX полупром
B21: Кондиционеры ENERGOLUX полупром Инвертор
B22: Кондиционеры ENERGOLUX MULTI
... B39: Жироуловитель сетчатый DIVT

Sheet Расходные материалы конд.
A2: Расходка
I8: Доллар | J8: Евро | K8: Скидка
C9: В Исходный прайс | I9: =Исходный!G10 -> 0 | J9: =Исходный!H10 -> 0 | K9: =Исходный!I10 -> 0
A10: Наименование | B10: Марка | C10: Модель | E10: Хар-ки | G10: Кол-во | H10: Розница | K10: Со скидкой | L10: Итого Рубли
D11: Ед. изм. | E11: Холод | F11: Тепло | H11: ДОЛЛАР | I11: ЕВРО | J11: РУБЛИ | K11: Рубли
A12: Хладон
A13: Фреон | C13: R-22 (13,6 кг) | D13: бал. | G13: 1 | J13: 36120 | K13: =J13-J13*$K$9/100 -> 36120 | L13: =K13*G13 -> 36120
A14: Фреон | C14: R-410 (11,3 кг) | D14: бал. | G14: 1 | J14: 35000 | K14: =J14-J14*$K$9/100 -> 35000 | L14: =K14*G14 -> 35000
A15: Фреон | C15: R-32 (9,5 кг) | D15: бал. | G15: 1 | J15: 19900 | K15: =J15-J15*$K$9/100 -> 19900 | L15: =K15*G15 -> 19900
A16: Труба медная
A17: Труба медная | C17: 1/4" (6,35*0,60) | D17: бух. | G17: 1 | J17: 4760 | K17: =J17-J17*$K$9/100 -> 4760 | L17: =K17*G17 -> 4760
A18: Труба медная | B18: PROF | C18: 1/4" (6,35*0,61) | D18: бух. | G18: 1 | J18: 4760 | K18: =J18-J18*$K$9/100 -> 4760 | L18: =K18*G18 -> 4760
A19: Труба медная | B19: PROF | C19: 3/8" (9,52*0,65) | D19: бух. | G19: 1 | J19: 7800 | K19: =J19-J19*$K$9/100 -> 7800 | L19: =K19*G19 -> 7800
A20: Труба медная | B20: PROF | C20: 1/2" (12,7*0,70) | D20: бух. | G20: 1 | J20: 11300 | K20: =J20-J20*$K$9/100 -> 11300 | L20: =K20*G20 -> 11300
A21: Труба медная | B21: PROF | C21: 5/8" (15,88*0,70) | D21: бух. | G21: 1 | J21: 15400 | K21: =J21-J21*$K$9/100 -> 15400 | L21: =K21*G21 -> 15400
A22: Труба медная | C22: 5/8" (15,88*0,75) | D22: бух. | G22: 1 | J22: 15400 | K22: =J22-J22*$K$9/100 -> 15400 | L22: =K22*G22 -> 15400
A23: Труба медная | B23: PROF | C23: 3/4" (19,05*0,80) | D23: бух. | G23: 1 | J23: 21800 | K23: =J23-J23*$K$9/100 -> 21800 | L23: =K23*G23 -> 21800
A24: Труба медная Увеличенная стенка
A25: Труба медная | B25: ST | C25: 1/4" (6,35*0,76) | D25: бух. | G25: 1 | J25: 6600 | K25: =J25-J25*$K$9/100 -> 6600 | L25: =K25*G25 -> 6600
A26: Труба медная | B26: ST | C26: 3/8" (9,52*0,80) | D26: бух. | G26: 1 | J26: 10400 | K26: =J26-J26*$K$9/100 -> 10400 | L26: =K26*G26 -> 10400
A27: Труба медная | C27: 3/8" (9,52*0,81) | D27: бух. | G27: 1 | J27: 10400 | K27: =J27-J27*$K$9/100 -> 10400 | L27: =K27*G27 -> 10400
A28: Труба медная | B28: ST | C28: 1/2" (12,7*0,80) | D28: бух. | G28: 1 | J28: 14100 | K28: =J28-J28*$K$9/100 -> 14100 | L28: =K28*G28 -> 14100
A29: Труба медная | C29: 1/2" (12,7*0,81) | D29: бух. | G29: 1 | J29: 14100 | K29: =J29-J29*$K$9/100 -> 14100 | L29: =K29*G29 -> 14100
A30: Труба медная | B30: ST | C30: 5/8" (15,88*0,89) | D30: бух. | G30: 1 | J30: 20800 | K30: =J30-J30*$K$9/100 -> 20800 | L30: =K30*G30 -> 20800
A31: Труба медная | B31: ST | C31: 3/4" (19,05*0,89) | D31: бух. | G31: 1 | J31: 24100 | K31: =J31-J31*$K$9/100 -> 24100 | L31: =K31*G31 -> 24100
A32: Кронштейн
A33: Кронштейн | C33: 415*450 | D33: пара | G33: 1 | J33: 742 | K33: =J33-J33*$K$9/100 -> 742 | L33: =K33*G33 -> 742
A34: Кронштейн | C34: 400*450.2, | D34: пара | G34: 1 | J34: 742 | K34: =J34-J34*$K$9/100 -> 742 | L34: =K34*G34 -> 742
A35: Кронштейн | C35: 420*500.2 | D35: пара | G35: 1 | J35: 1100 | K35: =J35-J35*$K$9/100 -> 1100 | L35: =K35*G35 -> 1100
A36: Кронштейн | C36: 500*600.2,0 | D36: пара | G36: 1 | J36: 1388 | K36: =J36-J36*$K$9/100 -> 1388 | L36: =K36*G36 -> 1388
A37: Кронштейн | C37: 500*600.2,5 | D37: пара | G37: 1 | J37: 1900 | K37: =J37-J37*$K$9/100 -> 1900 | L37: =K37*G37 -> 1900
A38: Кронштейн | C38: 800*800.3,0 | D38: пара | G38: 1 | J38: 3600 | K38: =J38-J38*$K$9/100 -> 3600 | L38: =K38*G38 -> 3600
A39: Комплект демпферов "Прокладка" | C39: R-45 | D39: пара | G39: 1 | J39: 210 | K39: =J39-J39*$K$9/100 -> 210 | L39: =K39*G39 -> 210
A40: Энергофлекс
A41: Энергофлекс в уп. 800 м | B41: Изоком | C41: 6/6 (2м) | D41: шт | G41: 1 | J41: 18 | K41: =J41-J41*$K$9/100 -> 18 | L41: =K41*G41 -> 18
A42: Энергофлекс в уп. 640 м | B42: Изоком | C42: 10/6 (2м) | D42: шт | G42: 1 | J42: 22.25 | K42: =J42-J42*$K$9/100 -> 22.25 | L42: =K42*G42 -> 22.25
A43: Энергофлекс в уп. 480 м | B43: Изоком | C43: 12/6 (2м) | D43: шт | G43: 1 | J43: 23.75 | K43: =J43-J43*$K$9/100 -> 23.75 | L43: =K43*G43 -> 23.75
A44: Энергофлекс в уп. 452 м | B44: Изоком | C44: 15/6 (2м) | D44: шт | G44: 1 | J44: 28 | K44: =J44-J44*$K$9/100 -> 28 | L44: =K44*G44 -> 28
A45: Энергофлекс в уп. 360 м | B45: Изоком | C45: 18/6 (2м) | D45: шт | G45: 1 | J45: 34 | K45: =J45-J45*$K$9/100 -> 34 | L45: =K45*G45 -> 34
A46: Трубка K-FLEX FRIGO (простая)
A47: Теплоизоляция | B47: K-FLEX | C47: 6/9 (2м) | D47: шт | G47: 1 | J47: 234 | K47: =J47-J47*$K$9/100 -> 234 | L47: =K47*G47 -> 234
A48: Теплоизоляция | B48: K-FLEX | C48: 10/9 (2м) | D48: шт | G48: 1 | J48: 243.1 | K48: =J48-J48*$K$9/100 -> 243.1 | L48: =K48*G48 -> 243.1
A49: Теплоизоляция | B49: K-FLEX | C49: 12/9 (2м) | D49: шт | G49: 1 | J49: 257 | K49: =J49-J49*$K$9/100 -> 257 | L49: =K49*G49 -> 257
A50: Теплоизоляция | B50: K-FLEX | C50: 15/9 (2м) | D50: шт | G50: 1 | J50: 288.4 | K50: =J50-J50*$K$9/100 -> 288.4 | L50: =K50*G50 -> 288.4
A51: Теплоизоляция | B51: K-FLEX | C51: 18/9 (2м) | D51: шт | G51: 1 | J51: 306.6 | K51: =J51-J51*$K$9/100 -> 306.6 | L51: =K51*G51 -> 306.6
A52: Теплоизоляция | B52: K-FLEX | C52: 22/9 (2м) | D52: шт | G52: 1 | J52: 0 | K52: =J52-J52*$K$9/100 -> 0 | L52: =K52*G52 -> 0
A53: Теплоизоляция | B53: K-FLEX | C53: 25/9 (2м) | D53: шт | G53: 1 | J53: 0 | K53: =J53-J53*$K$9/100 -> 0 | L53: =K53*G53 -> 0
A54: Теплоизоляция | B54: K-FLEX | C54: 28/9 (2м) | D54: шт | G54: 1 | J54: 0 | K54: =J54-J54*$K$9/100 -> 0 | L54: =K54*G54 -> 0
A55: Теплоизоляция | B55: K-FLEX | C55: 35/9 (2м) | D55: шт | G55: 1 | J55: 0 | K55: =J55-J55*$K$9/100 -> 0 | L55: =K55*G55 -> 0
A56: Теплоизоляция | B56: K-FLEX | C56: 42/9 (2м) | D56: шт | G56: 1 | J56: 0 | K56: =J56-J56*$K$9/100 -> 0 | L56: =K56*G56 -> 0
A57: Теплоизоляция | B57: K-FLEX | C57: 48/9 (2м) | D57: шт | G57: 1 | J57: 0 | K57: =J57-J57*$K$9/100 -> 0 | L57: =K57*G57 -> 0
A58: Теплоизоляция | B58: K-FLEX | C58: 54/9 (2м) | D58: шт | G58: 1 | J58: 0 | K58: =J58-J58*$K$9/100 -> 0 | L58: =K58*G58 -> 0
A59: Кабель-Канал RUVINIL
A60: Кабель-канал | B60: RUVINIL | C60: 74*55 L-2000 | D60: шт | G60: 1 | J60: 1060 | K60: =J60-J60*$K$9/100 -> 1060 | L60: =K60*G60 -> 1060
A61: Поворот для кабель-канала | B61: RUVINIL | C61: 74*55 | D61: шт | G61: 1 | J61: 440 | K61: =J61-J61*$K$9/100 -> 440 | L61: =K61*G61 -> 440
A62: Переход соединительный для кабель-канала | B62: RUVINIL | C62: 74*55 | D62: шт | G62: 1 | J62: 100 | K62: =J62-J62*$K$9/100 -> 100 | L62: =K62*G62 -> 100
A63: Ввод в стену прямой для кабель-канала | B63: RUVINIL | C63: 74*55 | D63: шт | G63: 1 | J63: 320 | K63: =J63-J63*$K$9/100 -> 320 | L63: 0.18529412
A64: Ввод в строение прямой для кабель-канала | B64: RUVINIL | C64: 74*55 | D64: шт | G64: 1 | J64: 520 | K64: =J64-J64*$K$9/100 -> 520 | L64: =K64*G64 -> 520
A65: Скоба фиксирующая для кабель-канала | B65: RUVINIL | C65: 74*55 | D65: шт | G65: 1 | J65: 60 | K65: =J65-J65*$K$9/100 -> 60 | L65: =K65*G65 -> 60
A66: Угол внешний для кабель-канала | B66: RUVINIL | C66: 74*55 | D66: шт | G66: 1 | J66: 300 | K66: =J66-J66*$K$9/100 -> 300 | L66: =K66*G66 -> 300
A67: Угол внутренний для кабель-канала | B67: RUVINIL | C67: 74*55 | D67: шт | G67: 1 | J67: 300 | K67: =J67-J67*$K$9/100 -> 300 | L67: =K67*G67 -> 300
A68: Заглушка для кабель-канала | B68: RUVINIL | C68: 74*55 | D68: шт | G68: 1 | J68: 220 | K68: =J68-J68*$K$9/100 -> 220 | L68: =K68*G68 -> 220
A69: Метизы
A70: Глухарь | C70: 8*90 | D70: шт | G70: 1 | J70: 9.6 | K70: =J70-J70*$K$9/100 -> 9.6 | L70: =K70*G70 -> 9.6
A71: Дюбель КРХ-R | C71: 12*80 | D71: шт | G71: 1 | J71: 22.6 | K71: =J71-J71*$K$9/100 -> 22.6 | L71: =K71*G71 -> 22.6
A72: Пластмассовый распорный дюбель Чапай шипы-усы | C72: 6*40 | D72: шт | G72: 1 | J72: 0.36 | K72: =J72-J72*$K$9/100 -> 0.36 | L72: 0.18529412
A73: Дюбель-гвоздь SM-G гриб Tech-KREP | C73: 6*40 | D73: шт | G73: 1 | J73: 1.7 | K73: =J73-J73*$K$9/100 -> 1.7 | L73: =K73*G73 -> 1.7
A74: Шуруп желтый цинк SG | C74: 4,5*50 | D74: шт | G74: 1 | J74: 1.8 | K74: =J74-J74*$K$9/100 -> 1.8 | L74: =K74*G74 -> 1.8
A75: Дюбель DUOPOWER | B75: FISCHER | C75: 6*30 | D75: шт | G75: 1 | J75: 19 | K75: =J75-J75*$K$9/100 -> 19 | L75: =K75*G75 -> 19
A76: Дюбель DUOPOWER | B76: FISCHER | C76: 12*60 | D76: шт | G76: 1 | J76: 77 | K76: =J76-J76*$K$9/100 -> 77 | L76: =K76*G76 -> 77
A77: Дюбель DRIVA металл со сверлом | C77: 14*28 | D77: шт | G77: 1 | J77: 17.2 | K77: =J77-J77*$K$9/100 -> 17.2 | L77: =K77*G77 -> 17.2
A78: Дренаж
A79: Дренаж гофрированный | C79: 16 мм (30 м) | D79: бух. | G79: 1 | J79: 1540 | K79: =J79-J79*$K$9/100 -> 1540 | L79: =K79*G79 -> 1540
A80: Дренаж гофрированный | C80: 20 мм (30 м) | D80: бух. | G80: 1 | J80: 2520 | K80: =J80-J80*$K$9/100 -> 2520 | L80: =K80*G80 -> 2520
A81: Труба металлопластиковая | C81: ф16 | D81: м | G81: 1 | J81: 110 | K81: =J81-J81*$K$9/100 -> 110 | L81: =K81*G81 -> 110
A82: Труба металлопластиковая | C82: ф20 | D82: м | G82: 1 | J82: 158 | K82: =J82-J82*$K$9/100 -> 158 | L82: =K82*G82 -> 158
A83: Дренаж капилярный | C83: 6*9 (50 м) | D83: бух. | G83: 1 | J83: 1600 | K83: =J83-J83*$K$9/100 -> 1600 | L83: =K83*G83 -> 1600
A84: Кабель
A85: Кабель КГВВнг(А)LS | C85: 2*0,75 | D85: м | G85: 1 | J85: 70 | K85: =J85-J85*$K$9/100 -> 70 | L85: =K85*G85 -> 70
A86: Кабель КГВВнг(А)LS | C86: 3*0,75 | D86: м | G86: 1 | J86: 97 | K86: =J86-J86*$K$9/100 -> 97 | L86: =K86*G86 -> 97
A87: Кабель КГВВнг(А)LS | C87: 3*1,5 | D87: м | G87: 1 | J87: 174 | K87: =J87-J87*$K$9/100 -> 174 | L87: =K87*G87 -> 174
A88: Кабель КГВВнг(А)LS | C88: 4*1,5 | D88: м | G88: 1 | J88: 226 | K88: =J88-J88*$K$9/100 -> 226 | L88: =K88*G88 -> 226
A89: Кабель КГВВнг(А)LS | C89: 5*1,5 | D89: м | G89: 1 | J89: 282 | K89: =J89-J89*$K$9/100 -> 282 | L89: =K89*G89 -> 282
A90: Кабель КГВВнг(А)LS | C90: 4*2,5 | D90: м | G90: 1 | J90: 370 | K90: =J90-J90*$K$9/100 -> 370 | L90: =K90*G90 -> 370
A91: Кабель КГВВнг(А)LS | C91: 5*2,5 | D91: м | G91: 1 | J91: 459 | K91: =J91-J91*$K$9/100 -> 459 | L91: =K91*G91 -> 459
A92: Разное
A93: Лента для защиты изоляции | B93: AVIORA PROFFI | C93: 75мм*50м | D93: шт | G93: 1 | J93: 957.08753 | K93: =J93-J93*$K$9/100 -> 957.08753 | L93: =K93*G93 -> 957.08753
A94: Дренажный насос | B94: Energolux | C94: DRP02A15 (15л/ч) | D94: шт | G94: 1 | J94: 5900 | K94: =J94-J94*$K$9/100 -> 5900 | L94: =K94*G94 -> 5900
A95: Дренажный насос | B95: FeRRUM | C95: F15 (15л/ч) | D95: шт | G95: 1 | J95: 4650 | K95: =J95-J95*$K$9/100 -> 4650 | L95: =K95*G95 -> 4650
A96: Сифон для кондиционера | B96: REX FABER | C96: G-33/П (прозрачный) | D96: шт | G96: 1 | J96: 1660 | K96: =J96-J96*$K$9/100 -> 1660 | L96: =K96*G96 -> 1660
A97: Сифон для кондиционера | B97: REX FABER | C97: G-34 | D97: шт | G97: 1 | J97: 1760 | K97: =J97-J97*$K$9/100 -> 1760 | L97: =K97*G97 -> 1760
A98: Сифон для кондиционера | B98: REX FABER | C98: G-34/1 Y | D98: шт | G98: 1 | J98: 1140 | K98: =J98-J98*$K$9/100 -> 1140 | L98: =K98*G98 -> 1140
A99: Сифон для кондиционера | B99: REX FABER | C99: G-35 MINI | D99: шт | G99: 1 | J99: 2040 | K99: =J99-J99*$K$9/100 -> 2040 | L99: =K99*G99 -> 2040
A100: Сифон для кондиционера | B100: REX FABER | C100: RF-ReGO | D100: шт | G100: 1 | J100: 3700 | K100: =J100-J100*$K$9/100 -> 3700 | L100: =K100*G100 -> 3700
A101: Адаптер | B101: REX FABER | C101: R-15/40 | D101: шт | G101: 1 | J101: 400 | K101: =J101-J101*$K$9/100 -> 400 | L101: =K101*G101 -> 400
A102: Адаптер | B102: REX FABER | C102: R-16/20*32 | D102: шт | G102: 1 | J102: 420 | K102: =J102-J102*$K$9/100 -> 420 | L102: =K102*G102 -> 420
A103: Тройник Y образный | B103: REX FABER | C103: R-16/16 | D103: шт | G103: 1 | J103: 120 | K103: =J103-J103*$K$9/100 -> 120 | L103: =K103*G103 -> 120
A104: Соединитель для Сифона | B104: REX FABER | C104: D-16/16 | D104: шт | G104: 1 | J104: 110 | K104: =J104-J104*$K$9/100 -> 110 | L104: =K104*G104 -> 110
A105: Манжет для Сифона | B105: REX FABER | C105: R-50*16 | D105: шт | G105: 1 | J105: 390 | K105: =J105-J105*$K$9/100 -> 390 | L105: =K105*G105 -> 390
A106: Очиститель | C106: RF-SuperCrystal (5л) | D106: шт | G106: 1 | J106: 5070 | K106: =J106-J106*$K$9/100 -> 5070 | L106: =K106*G106 -> 5070
...

Sheet Расходные материалы вентиляция
A2: Расходный материал для монтажа Вентиляции
I8: Доллар | J8: Евро | K8: Скидка
C9: В Исходный прайс | I9: =Исходный!G10 -> 0 | J9: =Исходный!H10 -> 0 | K9: =Исходный!I10 -> 0
A10: Наименование | B10: Марка | C10: Модель | E10: Хар-ки | G10: Кол-во | H10: Розница | K10: Со скидкой | L10: Итого Рубли
D11: Ед. Изм | E11: Холод | F11: Тепло | H11: ДОЛЛАР | I11: ЕВРО | J11: РУБЛИ | K11: Рубли
A12: Крепежный материал
A13: Болт оцинкованный | C13: М8*25 (10 шт-132 гр) | D13: кг | G13: 1 | J13: 312 | K13: =J13-J13*$K$9/100 -> 312 | L13: =K13*G13 -> 312
A14: Болт оцинкованный | C14: М10*30 | D14: кг | G14: 1 | J14: 430 | K14: =J14-J14*$K$9/100 -> 430 | L14: =K14*G14 -> 430
A15: Гайка шестигранная, оцинкованная | C15: М8 (10 шт - 44 гр) | D15: кг | G15: 1 | J15: 312 | K15: =J15-J15*$K$9/100 -> 312 | L15: =K15*G15 -> 312
A16: Гайка шестигранная, оцинкованная | C16: М10 | D16: кг | G16: 1 | J16: 352 | K16: =J16-J16*$K$9/100 -> 352 | L16: =K16*G16 -> 352
A17: Шайба увеличенная | C17: М8 (10 шт - 55 гр) | D17: кг | G17: 1 | J17: 312 | K17: =J17-J17*$K$9/100 -> 312 | L17: =K17*G17 -> 312
A18: Шайба увеличенная | C18: М10(10шт-112гр) | D18: кг | G18: 1 | J18: 352 | K18: =J18-J18*$K$9/100 -> 352 | L18: =K18*G18 -> 352
A19: Гайка удлиненная, оцинкованная | C19: М8 | D19: шт | G19: 1 | J19: 12 | K19: =J19-J19*$K$9/100 -> 12 | L19: =K19*G19 -> 12
A20: Скоба | C20: 30*2 | D20: шт | G20: 1 | J20: 16 | K20: =J20-J20*$K$9/100 -> 16 | L20: =K20*G20 -> 16
A21: Струбцина | C21: М8 | D21: шт | G21: 1 | J21: 102 | K21: =J21-J21*$K$9/100 -> 102 | L21: =K21*G21 -> 102
A22: Саморез с прессшайбой сверло (кг) | C22: 4,2*13 (1000 шт =1,7 кг) | D22: кг | G22: 1 | J22: 480 | K22: =J22-J22*$K$9/100 -> 480 | L22: =K22*G22 -> 480
A23: Саморез с прессшайбой сверло (кг) | C23: 4,2*16 (1000 шт = 1,8 кг) | D23: кг | G23: 1 | J23: 480 | K23: =J23-J23*$K$9/100 -> 480 | L23: =K23*G23 -> 480
A24: Саморез с прессшайбой острые (кг) | C24: 4,2*13 (1000 шт = 1,29 кг) | D24: кг | G24: 1 | J24: 450 | K24: =J24-J24*$K$9/100 -> 450 | L24: =K24*G24 -> 450
... A40: Лента перфорированная оцинкованная | C40: 20*0,7 | D40: шт | G40: 1 | J40: 900 | K40: =J40-J40*$K$9/100 -> 900 | L40: =K40*G40 -> 900
A41: Хомуты
A42: Хомут для воздуховодов с рез. Профилем | C42: 100 мм | D42: шт | G42: 1 | J42: 93 | K42: =J42-J42*$K$9/100 -> 93 | L42: =K42*G42 -> 93
A43: Хомут для воздуховодов с рез. Профилем | C43: 125 мм | D43: шт | G43: 1 | J43: 95 | K43: =J43-J43*$K$9/100 -> 95 | L43: =K43*G43 -> 95
A44: Хомут для воздуховодов с рез. Профилем | C44: 160 мм | D44: шт | G44: 1 | J44: 130 | K44: =J44-J44*$K$9/100 -> 130 | L44: =K44*G44 -> 130
A45: Хомут для воздуховодов с рез. Профилем | C45: 200 мм | D45: шт | G45: 1 | J45: 160 | K45: =J45-J45*$K$9/100 -> 160 | L45: =K45*G45 -> 160
A46: Хомут для воздуховодов с рез. Профилем | C46: 250 мм | D46: шт | G46: 1 | J46: 220 | K46: =J46-J46*$K$9/100 -> 220 | L46: =K46*G46 -> 220
A47: Хомут для воздуховодов с рез. Профилем | C47: 315 мм | D47: шт | G47: 1 | J47: 250 | K47: =J47-J47*$K$9/100 -> 250 | L47: =K47*G47 -> 250
A48: Хомут для воздуховодов с рез. Профилем | C48: 355 мм | D48: шт | G48: 1 | J48: 400 | K48: =J48-J48*$K$9/100 -> 400 | L48: =K48*G48 -> 400
A49: Хомут для воздуховодов с рез. Профилем | C49: 400 мм | D49: шт | G49: 1 | J49: 600 | K49: =J49-J49*$K$9/100 -> 600 | L49: =K49*G49 -> 600
A50: Ленты изоляционные
A51: Скотч монтажный алюминиевый | C51: 50*50 | D51: шт | G51: 1 | J51: 350 | K51: =J51-J51*$K$9/100 -> 350 | L51: =K51*G51 -> 350
A52: Скотч монтажный алюминиевый | C52: 75 | D52: шт | G52: 1 | J52: 510 | K52: =J52-J52*$K$9/100 -> 510 | L52: =K52*G52 -> 510
A53: Скотч монтажный алюминиевый | C53: 100 | D53: шт | G53: 1 | J53: 650 | K53: =J53-J53*$K$9/100 -> 650 | L53: =K53*G53 -> 650
A54: Скотч монтажный армированный | C54: 50*50 | D54: шт | G54: 1 | J54: 300 | K54: =J54-J54*$K$9/100 -> 300 | L54: =K54*G54 -> 300
A55: Лента уплотнительная | C55: 20*5 | D55: шт | G55: 1 | J55: 220 | K55: =J55-J55*$K$9/100 -> 220 | L55: =K55*G55 -> 220
A56: Лента уплотнительная | C56: 15*5 | D56: шт | G56: 1 | J56: 150 | K56: =J56-J56*$K$9/100 -> 150 | L56: =K56*G56 -> 150
A57: Лента уплотнительная | C57: 10*5 | D57: шт | G57: 1 | J57: 0 | K57: =J57-J57*$K$9/100 -> 0 | L57: =K57*G57 -> 0
A58: Пенофол | C58: С-05 (18 м2) | D58: рул. | G58: 1 | J58: 6880 | K58: =J58-J58*$K$9/100 -> 6880 | L58: =K58*G58 -> 6880
A59: Пенофол | C59: С-10 (9м2) | D59: рул. | G59: 1 | J59: 4960 | K59: =J59-J59*$K$9/100 -> 4960 | L59: =K59*G59 -> 4960
A60: Лента Пенофол | C60: С-03 | D60: рул. | G60: 1 | J60: 480 | K60: =J60-J60*$K$9/100 -> 480 | L60: =K60*G60 -> 480
A61: Лента Огнезащитная | C61: БАЛТИКА-ЛПТ 2*20 (20м) | D61: рул. | G61: 1 | J61: 2900 | K61: =J61-J61*$K$9/100 -> 2900 | L61: =K61*G61 -> 2900
A62: Огнезащитное покрытие | C62: ПМБОР-5 (24 м2) | D62: рул. | G62: 1 | J62: 9250 | K62: =J62-J62*$K$9/100 -> 9250 | L62: =K62*G62 -> 9250
A63: Огнезащитный клеевой состав для ПМБОР | C63: ОГНЕТ (25 кг) | D63: шт | G63: 1 | J63: 2980 | K63: =J63-J63*$K$9/100 -> 2980 | L63: =K63*G63 -> 2980
A64: Огнезащитный базальтовый материал | C64: ОБМ-5Ф (24м2) | D64: рул. | G64: 1 | J64: 8800 | K64: =J64-J64*$K$9/100 -> 8800 | L64: =K64*G64 -> 8800
A65: Огнезащитное покрытие (клеевой состав) | C65: EXPERT Standart (25 кг) | D65: шт | G65: 1 | J65: 3060 | K65: =J65-J65*$K$9/100 -> 3060 | L65: =K65*G65 -> 3060
A66: Воздуховоды гибкие
A67: Воздуховод гибкий изолированный (10м) | C67: 102 мм | D67: шт | G67: 1 | J67: 2180 | K67: =J67-J67*$K$9/100 -> 2180 | L67: =K67*G67 -> 2180
A68: Воздуховод гибкий изолированный (10м) | C68: 127 мм | D68: шт | G68: 1 | J68: 2200 | K68: =J68-J68*$K$9/100 -> 2200 | L68: =K68*G68 -> 2200
A69: Воздуховод гибкий изолированный (10м) | C69: 160 мм | D69: шт | G69: 1 | J69: 2620 | K69: =J69-J69*$K$9/100 -> 2620 | L69: =K69*G69 -> 2620
A70: Воздуховод гибкий изолированный (10м) | C70: 203 мм | D70: шт | G70: 1 | J70: 3580 | K70: =J70-J70*$K$9/100 -> 3580 | L70: =K70*G70 -> 3580
A71: Воздуховод гибкий изолированный (10м) | C71: 254 мм | D71: шт | G71: 1 | J71: 3870 | K71: =J71-J71*$K$9/100 -> 3870 | L71: =K71*G71 -> 3870
A72: Воздуховод гибкий изолированный (10м) | C72: 315 мм | D72: шт | G72: 1 | J72: 4640 | K72: =J72-J72*$K$9/100 -> 4640 | L72: =K72*G72 -> 4640
A73: Воздуховод гибкий алюминиевый (10м) | C73: 102 мм | D73: шт | G73: 1 | J73: 700 | K73: =J73-J73*$K$9/100 -> 700 | L73: =K73*G73 -> 700
A74: Воздуховод гибкий алюминиевый (10м) | C74: 127 мм | D74: шт | G74: 1 | J74: 720 | K74: =J74-J74*$K$9/100 -> 720 | L74: =K74*G74 -> 720
A75: Воздуховод гибкий алюминиевый (10м) | C75: 160 мм | D75: шт | G75: 1 | J75: 900 | K75: =J75-J75*$K$9/100 -> 900 | L75: =K75*G75 -> 900
A76: Воздуховод гибкий алюминиевый (10м) | C76: 203 мм | D76: шт | G76: 1 | J76: 1080 | K76: =J76-J76*$K$9/100 -> 1080 | L76: =K76*G76 -> 1080
A77: Воздуховод гибкий алюминиевый (10м) | C77: 254 мм | D77: шт | G77: 1 | J77: 1610 | K77: =J77-J77*$K$9/100 -> 1610 | L77: =K77*G77 -> 1610
A78: Воздуховод гибкий алюминиевый (10м) | C78: 315 мм | D78: шт | G78: 1 | J78: 1820 | K78: =J78-J78*$K$9/100 -> 1820 | L78: =K78*G78 -> 1820
A79: Обратный Клапан (Бабочка)
A80: Обратный клапана (Бабочка) | C80: D 100 | D80: шт | G80: 1 | J80: 450 | K80: =J80-J80*$K$9/100 -> 450 | L80: =K80*G80 -> 450
A81: Обратный клапана (Бабочка) | C81: D 125 | D81: шт | G81: 1 | J81: 550 | K81: =J81-J81*$K$9/100 -> 550 | L81: =K81*G81 -> 550
A82: Обратный клапана (Бабочка) | C82: D 160 | D82: шт | G82: 1 | J82: 650 | K82: =J82-J82*$K$9/100 -> 650 | L82: =K82*G82 -> 650
A83: Обратный клапана (Бабочка) | C83: D 200 | D83: шт | G83: 1 | J83: 750 | K83: =J83-J83*$K$9/100 -> 750 | L83: =K83*G83 -> 750
A84: Обратный клапана (Бабочка) | C84: D 250 | D84: шт | G84: 1 | J84: 1350 | K84: =J84-J84*$K$9/100 -> 1350 | L84: =K84*G84 -> 1350
A85: Обратный клапана (Бабочка) | C85: D 315 | D85: шт | G85: 1 | J85: 1520 | K85: =J85-J85*$K$9/100 -> 1520 | L85: =K85*G85 -> 1520
A86: Обратный клапана (Бабочка) | C86: D 355 | D86: шт | G86: 1 | J86: 1800 | K86: =J86-J86*$K$9/100 -> 1800 | L86: =K86*G86 -> 1800
A87: Шина и Уголок
A88: Шинка | C88: 20 мм | D88: шт | G88: 1 | J88: 370 | K88: =J88-J88*$K$9/100 -> 370 | L88: =K88*G88 -> 370
A89: Шинка | C89: 30 мм | D89: шт | G89: 1 | J89: 530 | K89: =J89-J89*$K$9/100 -> 530 | L89: =K89*G89 -> 530
A90: Уголок | C90: 95*18*2,5 | D90: шт | G90: 1 | J90: 24 | K90: =J90-J90*$K$9/100 -> 24 | L90: =K90*G90 -> 24
A91: Уголок | C91: 105 | D91: шт | G91: 1 | J91: 49 | K91: =J91-J91*$K$9/100 -> 49 | L91: =K91*G91 -> 49
A92: * Внимание!!! ОВИКОМ оставляет за собой право вносить изменение в данный прайс без уведомления клиента!!!
A94: Контактные координаты: Центр Инженерных Решений "ОВИКОМ" г.Пятигорск, Черкесское шоссе, д.27Б 8(938)-653-11-11 отдел продаж e-mail: ovikom26@gmail.com сайт: www.ovikom26.ru

Sheet Воздухораспределит. устр.
A2: Воздухораспределительные устройства
I8: Доллар | J8: Евро | K8: Скидка
C9: В Исходный прайс | I9: =Исходный!G10 -> 0 | J9: =Исходный!H10 -> 0 | K9: =Исходный!I10 -> 0
A10: Наименование | B10: Марка | C10: Модель | E10: Хар-ки | G10: Кол-во | H10: Розница | K10: Со скидкой | L10: Итого Рубли
D11: Ед. изм | E11: Холод | F11: Тепло | H11: ДОЛЛАР | I11: ЕВРО | J11: РУБЛИ | K11: Рубли
A12: Диффузоры круглые для применения в вытяжных системах вентиляции
A13: Диффузор вытяжной белый металлический | C13: 100 мм | D13: шт | G13: 1 | J13: 400 | K13: =J13-J13*$K$9/100 -> 400 | L13: =K13*G13 -> 400
A14: Диффузор вытяжной белый металлический | C14: 125 мм | D14: шт | G14: 1 | J14: 560 | K14: =J14-J14*$K$9/100 -> 560 | L14: =K14*G14 -> 560
A15: Диффузор вытяжной белый металлический | C15: 160 мм | D15: шт | G15: 1 | J15: 760 | K15: =J15-J15*$K$9/100 -> 760 | L15: =K15*G15 -> 760
A16: Диффузор вытяжной белый металлический | C16: 200 мм | D16: шт | G16: 1 | J16: 1000 | K16: =J16-J16*$K$9/100 -> 1000 | L16: =K16*G16 -> 1000
A17: Диффузор вытяжной белый металлический | C17: 250 мм | D17: шт | G17: 1 | J17: 1260 | K17: =J17-J17*$K$9/100 -> 1260 | L17: =K17*G17 -> 1260
A18: Диффузоры круглые для применения в приточных системах вентиляции
A19: Диффузор приточный белый металлический | C19: 100 мм | D19: шт | G19: 1 | J19: 400 | K19: =J19-J19*$K$9/100 -> 400 | L19: =K19*G19 -> 400
A20: Диффузор приточный белый металлический | C20: 125 мм | D20: шт | G20: 1 | J20: 560 | K20: =J20-J20*$K$9/100 -> 560 | L20: =K20*G20 -> 560
A21: Диффузор приточный белый металлический | C21: 160 мм | D21: шт | G21: 1 | J21: 760 | K21: =J21-J21*$K$9/100 -> 760 | L21: =K21*G21 -> 760
A22: Диффузор приточный белый металлический | C22: 200 мм | D22: шт | G22: 1 | J22: 1000 | K22: =J22-J22*$K$9/100 -> 1000 | L22: =K22*G22 -> 1000
A23: Диффузор приточный белый металлический | C23: 250 мм | D23: шт | G23: 1 | J23: 1260 | K23: =J23-J23*$K$9/100 -> 1260 | L23: =K23*G23 -> 1260
A24: Диффузоры квадратные потолочные
A25: Диффузор квадратный белый | C25: 300*300 | D25: шт | G25: 1 | J25: 1700 | K25: =J25-J25*$K$9/100 -> 1700 | L25: =K25*G25 -> 1700
A26: Диффузор квадратный белый | C26: 450*450 | D26: шт | G26: 1 | J26: 2620 | K26: =J26-J26*$K$9/100 -> 2620 | L26: =K26*G26 -> 2620
A27: Диффузор квадратный белый | C27: 600*600 | D27: шт | G27: 1 | J27: 4360 | K27: =J27-J27*$K$9/100 -> 4360 | L27: =K27*G27 -> 4360
A28: Клапан АЗД
A29: Клапан АЗД | B29: DIVT | C29: 100 | D29: шт | G29: 1 | J29: 580 | K29: =J29-J29*$K$9/100 -> 580 | L29: =K29*G29 -> 580
A30: Клапан АЗД | B30: DIVT | C30: 125 | D30: шт | G30: 1 | J30: 660 | K30: =J30-J30*$K$9/100 -> 660 | L30: =K30*G30 -> 660
A31: Клапан АЗД | B31: DIVT | C31: 160 | D31: шт | G31: 1 | J31: 770 | K31: =J31-J31*$K$9/100 -> 770 | L31: =K31*G31 -> 770
A32: Клапан АЗД | B32: DIVT | C32: 200 | D32: шт | G32: 1 | J32: 900 | K32: =J32-J32*$K$9/100 -> 900 | L32: =K32*G32 -> 900
A33: Клапан АЗД | B33: DIVT | C33: 250 | D33: шт | G33: 1 | J33: 1060 | K33: =J33-J33*$K$9/100 -> 1060 | L33: =K33*G33 -> 1060
A34: Клапан АЗД | B34: DIVT | C34: 315 | D34: шт | G34: 1 | J34: 1280 | K34: =J34-J34*$K$9/100 -> 1280 | L34: =K34*G34 -> 1280
A35: Клапан АЗД | B35: DIVT | C35: 200*200 | D35: шт | G35: 1 | J35: 2020 | K35: =J35-J35*$K$9/100 -> 2020 | L35: =K35*G35 -> 2020
A36: Клапан АЗД | B36: DIVT | C36: 250*250 | D36: шт | G36: 1 | J36: 2380 | K36: =J36-J36*$K$9/100 -> 2380 | L36: =K36*G36 -> 2380
A37: Клапан АЗД | B37: DIVT | C37: 300*300 | D37: шт | G37: 1 | J37: 2740 | K37: =J37-J37*$K$9/100 -> 2740 | L37: =K37*G37 -> 2740
A38: Клапан АЗД | B38: DIVT | C38: 350*350 | D38: шт | G38: 1 | J38: 3100 | K38: =J38-J38*$K$9/100 -> 3100 | L38: =K38*G38 -> 3100
A39: Клапан АЗД | B39: DIVT | C39: 400*400 | D39: шт | G39: 1 | J39: 3620 | K39: =J39-J39*$K$9/100 -> 3620 | L39: =K39*G39 -> 3620
A40: Клапан АЗД | B40: DIVT | C40: 450*450 | D40: шт | G40: 1 | J40: 4000 | K40: =J40-J40*$K$9/100 -> 4000 | L40: =K40*G40 -> 4000
A41: Клапан АЗД | B41: DIVT | C41: 500*500 | D41: шт | G41: 1 | J41: 4380 | K41: =J41-J41*$K$9/100 -> 4380 | L41: =K41*G41 -> 4380
A42: * Внимание!!! ОВИКОМ оставляет за собой право вносить изменение в данный прайс без уведомления клиента!!!
A44: Контактные координаты: Центр Инженерных Решений "ОВИКОМ" г.Пятигорск, Черкесское шоссе, д.27Б 8(938)-653-11-11 отдел продаж e-mail: ovikom26@gmail.com сайт: www.ovikom26.ru

Sheet Berlington
I8: Доллар | J8: Евро | K8: Скидка
C9: В Исходный прайс | I9: =Исходный!G10 -> 0 | J9: =Исходный!H10 -> 0 | K9: =Исходный!I10 -> 0
A10: Наименование | B10: Марка | C10: Модель | E10: Хар-ки | G10: Кол-во | H10: Розница | K10: Со скидкой | L10: Итого Рубли
D11: Ед. изм. | E11: Холод | F11: Тепло | H11: ДОЛЛАР | I11: ЕВРО | J11: РУБЛИ | K11: Рубли
A12: Серия MANCHESTER | C12: Сплит-система настенного типа R410 (On/Off) охлаждение-нагрев. WI-FI (опция) | L12: =K12*G12 -> 0
A13: Кондиционер настенный | B13: Berlington | C13: BR-07MBST1M/IN-BR-07MBST1M/OUT | D13: шт | E13: 2.25 | F13: 2.3 | G13: 1 | J13: 28000 | K13: =J13-J13*$K$9/100 -> 28000 | L13: =K13*G13 -> 28000
A14: Кондиционер настенный | B14: Berlington | C14: BR-09MBST1M/IN-BR-09MBST1M/OUT | D14: шт | E14: 2.81 | F14: 2.86 | G14: 1 | J14: 31700 | K14: =J14-J14*$K$9/100 -> 31700 | L14: =K14*G14 -> 31700
A15: Кондиционер настенный | B15: Berlington | C15: BR-12MBST1M/IN-BR-12MBST1M/OUT | D15: шт | E15: 3.67 | F15: 3.72 | G15: 1 | J15: 45600 | K15: =J15-J15*$K$9/100 -> 45600 | L15: =K15*G15 -> 45600
A16: Кондиционер настенный | B16: Berlington | C16: BR-18MBST1M/IN-BR-18MBST1M/OUT | D16: шт | E16: 5.41 | F16: 5.64 | G16: 1 | J16: 71500 | K16: =J16-J16*$K$9/100 -> 71500 | L16: =K16*G16 -> 71500
A17: Кондиционер настенный | B17: Berlington | C17: BR-24MBST1M/IN-BR-24MBST1M/OUT | D17: шт | E17: 7.1 | F17: 7.38 | G17: 1 | J17: 88800 | K17: =J17-J17*$K$9/100 -> 88800 | L17: =K17*G17 -> 88800
A18: Кондиционер настенный | B18: Berlington | C18: BR-36MBST1M/IN-BR-36MBST1M/OUT | D18: шт | E18: 10.5 | F18: 10.2 | G18: 1 | J18: 0 | K18: =J18-J18*$K$9/100 -> 0 | L18: =K18*G18 -> 0
A19: Серия MANCHESTER INVERTER | C19: INVERTER Сплит-система настенного типа R410 | L19: =K19*G19 -> 0
A20: Кондиционер настенный | B20: Berlington | C20: BR-07MBIN1M/IN-BR-07MBIN1M/OUT | D20: шт | E20: 2.25 | F20: 2.35 | G20: 1 | J20: 0 | K20: =J20-J20*$K$9/100 -> 0 | L20: =K20*G20 -> 0
A21: Кондиционер настенный | B21: Berlington | C21: BR-09MBIN1M/IN-BR-09MBIN1M/OUT | D21: шт | E21: 2.75 | F21: 2.86 | G21: 1 | J21: 47600 | K21: =J21-J21*$K$9/100 -> 47600 | L21: =K21*G21 -> 47600
A22: Кондиционер настенный | B22: Berlington | C22: BR-12MBIN1M/IN-BR-12MBIN1M/OUT | D22: шт | E22: 3.65 | F22: 3.71 | G22: 1 | J22: 49600 | K22: =J22-J22*$K$9/100 -> 49600 | L22: =K22*G22 -> 49600
A23: Кондиционер настенный | B23: Berlington | C23: BR-18MBIN1M/IN-BR-18MBIN1M/OUT | D23: шт | E23: 5.4 | F23: 6.38 | G23: 1 | J23: 77700 | K23: =J23-J23*$K$9/100 -> 77700 | L23: =K23*G23 -> 77700
A24: Кондиционер настенный | B24: Berlington | C24: BR-24MBIN1M/IN-BR-24MBIN1M/OUT | D24: шт | E24: 7.15 | F24: 7.2 | G24: 1 | J24: 0 | K24: =J24-J24*$K$9/100 -> 0 | L24: =K24*G24 -> 0
A25: * Внимание!!! ОВИКОМ оставляет за собой право вносить изменение в данный прайс без уведомления клиента!!!
A27: Контактные координаты: Центр Инженерных Решений "ОВИКОМ" г.Пятигорск, Черкесское шоссе, д.27Б 8(938)-653-11-11 отдел продаж e-mail: ovikom26@gmail.com сайт: www.ovikom26.ru

Sheet FeRRUM
I8: Доллар | J8: Евро | K8: Скидка
C9: В Исходный прайс | I9: =Исходный!G10 -> 0 | J9: =Исходный!H10 -> 0 | K9: =Исходный!I10 -> 0
A10: Наименование | B10: Марка | C10: Модель | E10: Хар-ки | G10: Кол-во | H10: Розница | K10: Со скидкой | L10: Итого Рубли
D11: Ед. изм. | E11: Холод | F11: Тепло | H11: ДОЛЛАР | I11: ЕВРО | J11: РУБЛИ | K11: Рубли
A12: Серия | C12: Сплит-система настенного типа R410 (On/Off) охлаждение-нагрев. Класс А. | L12: =K12*G12 -> 0
A13: Кондиционер настенный | B13: FeRRUM | C13: FIS30A1/FOS30A1 | D13: шт | E13: 7.9 | F13: 7.6 | G13: 1 | J13: 140600 | K13: =J13-J13*$K$9/100 -> 140600 | L13: =K13*G13 -> 140600
A14: Серия | C14: INVERTER Сплит-система настенного типа R410 охлаждение-нагрев. Класс А. | L14: =K14*G14 -> 0
A15: Кондиционер настенный | B15: FeRRUM | C15: iFIS24A1/iFOS24A1 | D15: шт | E15: 6.7 | F15: 6.8 | G15: 1 | J15: 128200 | K15: =J15-J15*$K$9/100 -> 128200 | L15: =K15*G15 -> 128200
A16: Серия FORCE | C16: Сплит-система настенного типа R32 (On/Off) охлаждение-нагрев. Класс А. Завод Midea | L16: =K16*G16 -> 0
A17: Кондиционер настенный | B17: FeRRUM | C17: FIS07F2/FOS07F2 | D17: шт | E17: 2.53 | F17: 2.48 | G17: 1 | J17: 33500 | K17: =J17-J17*$K$9/100 -> 33500 | L17: =K17*G17 -> 33500
A18: Кондиционер настенный | B18: FeRRUM | C18: FIS09F2/FOS09F2 | D18: шт | E18: 2.639 | F18: 2.639 | G18: 1 | J18: 36200 | K18: =J18-J18*$K$9/100 -> 36200 | L18: =K18*G18 -> 36200
A19: Кондиционер настенный | B19: FeRRUM | C19: FIS12F2/FOS12F2 | D19: шт | E19: 3.52 | F19: 3.66 | G19: 1 | J19: 46400 | K19: =J19-J19*$K$9/100 -> 46400 | L19: =K19*G19 -> 46400
A20: Кондиционер настенный | B20: FeRRUM | C20: FIS18F2/FOS18F2 | D20: шт | E20: 5.28 | F20: 5.57 | G20: 1 | J20: 88300 | K20: =J20-J20*$K$9/100 -> 88300 | L20: =K20*G20 -> 88300
A21: Кондиционер настенный | B21: FeRRUM | C21: FIS24F2/FOS24F2 | D21: шт | E21: 7.03 | F21: 7.33 | G21: 1 | J21: 101800 | K21: =J21-J21*$K$9/100 -> 101800 | L21: =K21*G21 -> 101800
A22: Серия FORCE PRO | C22: Сплит-система настенного типа R32 (On/Off) охлаждение-нагрев. Класс А. Завод Midea | L22: =K22*G22 -> 0
A23: Кондиционер настенный | B23: FeRRUM | C23: FIS07F3/FOS07F3 | D23: шт | E23: 2.35 | F23: 2.35 | G23: 1 | J23: 35800 | K23: =J23-J23*$K$9/100 -> 35800 | L23: =K23*G23 -> 35800
A24: Кондиционер настенный | B24: FeRRUM | C24: FIS09F3/FOS09F3 | D24: шт | E24: 2.639 | F24: 2.79 | G24: 1 | J24: 38400 | K24: =J24-J24*$K$9/100 -> 38400 | L24: =K24*G24 -> 38400
A25: Кондиционер настенный | B25: FeRRUM | C25: FIS12F3/FOS12F3 | D25: шт | E25: 3.52 | F25: 3.72 | G25: 1 | J25: 52400 | K25: =J25-J25*$K$9/100 -> 52400 | L25: =K25*G25 -> 52400
A26: Кондиционер настенный | B26: FeRRUM | C26: FIS18F3/FOS18F3 | D26: шт | E26: 5.28 | F26: 5.57 | G26: 1 | J26: 85800 | K26: =J26-J26*$K$9/100 -> 85800 | L26: =K26*G26 -> 85800
A27: Кондиционер настенный | B27: FeRRUM | C27: FIS24F3/FOS24F3 | D27: шт | E27: 7.03 | F27: 7.33 | G27: 1 | J27: 107400 | K27: =J27-J27*$K$9/100 -> 107400 | L27: =K27*G27 -> 107400
A28: Серия TITAN | C28: Сплит-система настенного типа R410 (On/Off) охлаждение-нагрев. Класс А. Завод AUX | L28: =K28*G28 -> 0
A29: Кондиционер настенный | B29: FeRRUM | C29: FIS07VR1/FOS07VR1 | D29: шт | E29: 2.1 | F29: 2.2 | G29: 1 | J29: 31600 | K29: =J29-J29*$K$9/100 -> 31600 | L29: =K29*G29 -> 31600
A30: Кондиционер настенный | B30: FeRRUM | C30: FIS09VR1/FOS09VR1 | D30: шт | E30: 2.83 | F30: 2.85 | G30: 1 | J30: 34300 | K30: =J30-J30*$K$9/100 -> 34300 | L30: =K30*G30 -> 34300
A31: Кондиционер настенный | B31: FeRRUM | C31: FIS12VR1/FOS12VR1 | D31: шт | E31: 3.55 | F31: 3.65 | G31: 1 | J31: 44000 | K31: =J31-J31*$K$9/100 -> 44000 | L31: =K31*G31 -> 44000
A32: Кондиционер настенный | B32: FeRRUM | C32: FIS18VR1/FOS18VR1 | D32: шт | E32: 5.3 | F32: 5.4 | G32: 1 | J32: 76800 | K32: =J32-J32*$K$9/100 -> 76800 | L32: =K32*G32 -> 76800
A33: Кондиционер настенный | B33: FeRRUM | C33: FIS24VR1/FOS24VR1 | D33: шт | E33: 7.05 | F33: 7.2 | G33: 1 | J33: 95500 | K33: =J33-J33*$K$9/100 -> 95500 | L33: =K33*G33 -> 95500
A34: Кондиционер настенный | B34: FeRRUM | C34: FIS36VR1/FOS36VR1 | D34: шт | E34: 10 | F34: 10.1 | G34: 1 | J34: 133000 | K34: =J34-J34*$K$9/100 -> 133000 | L34: =K34*G34 -> 133000
A35: Серия FORCE INVERTER | C35: INVERTER Сплит-система настенного типа R32. Охлаждение-нагрев. Класс А++. Завод Midea | L35: =K35*G35 -> 0
A36: Кондиционер настенный | B36: FeRRUM | C36: IFIS09F2C/IFOS09F2C | D36: шт | E36: 2.64 | F36: 2.93 | G36: 1 | J36: 47600 | K36: =J36-J36*$K$9/100 -> 47600 | L36: =K36*G36 -> 47600
A37: Кондиционер настенный | B37: FeRRUM | C37: IFIS12F2C/IFOS12F2C | D37: шт | E37: 3.51 | F37: 3.81 | G37: 1 | J37: 55700 | K37: =J37-J37*$K$9/100 -> 55700 | L37: =K37*G37 -> 55700
A38: Кондиционер настенный | B38: FeRRUM | C38: IFIS18F2C/IFOS18F2C | D38: шт | E38: 5.27 | F38: 5.57 | G38: 1 | J38: 93600 | K38: =J38-J38*$K$9/100 -> 93600 | L38: =K38*G38 -> 93600
A39: Кондиционер настенный | B39: FeRRUM | C39: IFIS24F2C/IFOS24F2C | D39: шт | E39: 7.03 | F39: 7.33 | G39: 1 | J39: 113500 | K39: =J39-J39*$K$9/100 -> 113500 | L39: =K39*G39 -> 113500
A40: Серия FORCE PRO DC INVERTER | C40: INVERTER Сплит-система настенного типа R32. Охлаждение-нагрев. Класс А++. Завод Midea | L40: =K40*G40 -> 0
A41: Кондиционер настенный | B41: FeRRUM | C41: IFIS07F3C/IFOS07F3C | D41: шт | E41: 2.1 | F41: 2.4 | G41: 1 | J41: 44000 | K41: =J41-J41*$K$9/100 -> 44000 | L41: =K41*G41 -> 44000
A42: Кондиционер настенный | B42: FeRRUM | C42: IFIS09F3C/IFOS09F3C | D42: шт | E42: 2.7 | F42: 3 | G42: 1 | J42: 48500 | K42: =J42-J42*$K$9/100 -> 48500 | L42: =K42*G42 -> 48500
A43: Кондиционер настенный | B43: FeRRUM | C43: IFIS12F3C/IFOS12F3C | D43: шт | E43: 3.6 | F43: 3.9 | G43: 1 | J43: 58700 | K43: =J43-J43*$K$9/100 -> 58700 | L43: =K43*G43 -> 58700
A44: Кондиционер настенный | B44: FeRRUM | C44: IFIS18F3C/IFOS18F3C | D44: шт | E44: 5.3 | F44: 5.6 | G44: 1 | J44: 105700 | K44: =J44-J44*$K$9/100 -> 105700 | L44: =K44*G44 -> 105700
A45: Кондиционер настенный | B45: FeRRUM | C45: IFIS24F3C/IFOS24F3C | D45: шт | E45: 7.1 | F45: 7.4 | G45: 1 | J45: 131500 | K45: =J45-J45*$K$9/100 -> 131500 | L45: =K45*G45 -> 131500
A46: Серия TITAN INVERTER | C46: INVERTER Сплит-система настенного типа R32. Охлаждение-нагрев. Класс А++ Завод AUX | L46: =K46*G46 -> 0
A47: Кондиционер настенный | B47: FeRRUM | C47: IFIS07VR1/IFOS07VR1 | D47: шт | E47: 2.35 | F47: 2.4 | G47: 1 | J47: 42200 | K47: =J47-J47*$K$9/100 -> 42200 | L47: =K47*G47 -> 42200
A48: Кондиционер настенный | B48: FeRRUM | C48: IFIS09VR1/IFOS09VR1 | D48: шт | E48: 2.7 | F48: 2.8 | G48: 1 | J48: 46100 | K48: =J48-J48*$K$9/100 -> 46100 | L48: =K48*G48 -> 46100
A49: Кондиционер настенный | B49: FeRRUM | C49: IFIS12VR1/IFOS12VR1 | D49: шт | E49: 3.55 | F49: 3.8 | G49: 1 | J49: 54100 | K49: =J49-J49*$K$9/100 -> 54100 | L49: =K49*G49 -> 54100
A50: Кондиционер настенный | B50: FeRRUM | C50: IFIS18VR1/IFOS18VR1 | D50: шт | E50: 5.3 | F50: 5.3 | G50: 1 | J50: 95500 | K50: =J50-J50*$K$9/100 -> 95500 | L50: =K50*G50 -> 95500
A51: Кондиционер настенный | B51: FeRRUM | C51: IFIS24VR1/IFOS24VR1 | D51: шт | E51: 7.03 | F51: 7.33 | G51: 1 | J51: 111800 | K51: =J51-J51*$K$9/100 -> 111800 | L51: =K51*G51 -> 111800
A52: * Внимание!!! ОВИКОМ оставляет за собой право вносить изменение в данный прайс без уведомления клиента!!!
A54: Контактные координаты: Центр Инженерных Решений "ОВИКОМ" г.Пятигорск, Черкесское шоссе, д.27Б 8(938)-653-11-11 отдел продаж e-mail: ovikom26@gmail.com сайт: www.ovikom26.ru

Sheet FeRRUM полупром
I8: Доллар | J8: Евро | K8: Скидка
C9: В Исходный прайс | I9: =Исходный!G10 -> 0 | J9: =Исходный!H10 -> 0 | K9: =Исходный!I10 -> 0
A10: Наименование | B10: Марка | C10: Модель | E10: Хар-ки | G10: Кол-во | H10: Розница | K10: Со скидкой | L10: Итого Рубли
D11: Ед. изм. | E11: Холод | F11: Тепло | H11: ДОЛЛАР | I11: ЕВРО | J11: РУБЛИ | K11: Рубли
A12: Серия NEW | C12: NEW Сплит-система Кассетного типа R410 (On/Off) | L12: =K12*G12 -> 0
A13: Кондиционер кассетный | B13: FeRRUM | C13: FLCAC12C2_MR1/FLCAU12U2_MR1 | D13: шт | E13: 3.52 | F13: 3.96 | G13: 1 | J13: 84300 | K13: =J13-J13*$K$9/100 -> 84300 | L13: =K13*G13 -> 84300
A14: Кондиционер кассетный | B14: FeRRUM | C14: FLCAC18C2_MR1/FLCAU18U2_MR1 | D14: шт | E14: 5.28 | F14: 5.57 | G14: 1 | J14: 88400 | K14: =J14-J14*$K$9/100 -> 88400 | L14: =K14*G14 -> 88400
A15: Кондиционер кассетный | B15: FeRRUM | C15: FLCAC24C2_MR1/FLCAU24U2_MR1 | D15: шт | E15: 7.03 | F15: 7.62 | G15: 1 | J15: 114100 | K15: =J15-J15*$K$9/100 -> 114100 | L15: =K15*G15 -> 114100
A16: Кондиционер кассетный | B16: FeRRUM | C16: FLCAC36C2_MR1/FLCAU36U2_MR1 | D16: шт | E16: 10.55 | F16: 12.4 | G16: 1 | J16: 153900 | K16: =J16-J16*$K$9/100 -> 153900 | L16: =K16*G16 -> 153900
A17: Кондиционер кассетный | B17: FeRRUM | C17: FLCAC48C2_MR1/FLCAU48U2_MR1 | D17: шт | E17: 14.07 | F17: 16.3 | G17: 1 | J17: 193800 | K17: =J17-J17*$K$9/100 -> 193800 | L17: =K17*G17 -> 193800
A18: Кондиционер кассетный | B18: FeRRUM | C18: FLCAC60C2_MR1/FLCAU60U2_MR1 | D18: шт | E18: 16.12 | F18: 18.32 | G18: 1 | J18: 202000 | K18: =J18-J18*$K$9/100 -> 202000 | L18: =K18*G18 -> 202000
A19: Серия | C19: Сплит-система Кассетного типа R410 (On/Off) | L19: =K19*G19 -> 0
A20: Кондиционер кассетный | B20: FeRRUM | C20: LCAC12C1-A/LCAU12U1-A | D20: шт | E20: 3.52 | F20: 3.96 | G20: 1 | J20: 78200 | K20: =J20-J20*$K$9/100 -> 78200 | L20: =K20*G20 -> 78200
A21: Кондиционер кассетный | B21: FeRRUM | C21: LCAC18C1-A/LCAU18U1-A | D21: шт | E21: 5.28 | F21: 3.6 | G21: 1 | J21: 83000 | K21: =J21-J21*$K$9/100 -> 83000 | L21: =K21*G21 -> 83000
A22: Кондиционер кассетный | B22: FeRRUM | C22: LCAC24C1-A/LCAU24U1-A | D22: шт | E22: 7.03 | F22: 7.4 | G22: 1 | J22: 109900 | K22: =J22-J22*$K$9/100 -> 109900 | L22: =K22*G22 -> 109900
A23: Кондиционер кассетный | B23: FeRRUM | C23: LCAC36C1-A/LCAU36U1-A | D23: шт | E23: 10.55 | F23: 11.7 | G23: 1 | J23: 147700 | K23: =J23-J23*$K$9/100 -> 147700 | L23: =K23*G23 -> 147700
A24: Кондиционер кассетный | B24: FeRRUM | C24: LCAC48C1-A/LCAU48U1-A | D24: шт | E24: 14.07 | F24: 15.24 | G24: 1 | J24: 179100 | K24: =J24-J24*$K$9/100 -> 179100 | L24: =K24*G24 -> 179100
A25: Кондиционер кассетный | B25: FeRRUM | C25: LCAC60C1-A/LCAU60U1-A | D25: шт | E25: 16.12 | F25: 17.6 | G25: 1 | J25: 187200 | K25: =J25-J25*$K$9/100 -> 187200 | L25: =K25*G25 -> 187200
A26: Серия | C26: Сплит-система Канального типа R410 (On/Off) | L26: =K26*G26 -> 0
A27: Кондиционер канальный | B27: FeRRUM | C27: LCAD18D1-A/LCAU18U1-A | D27: шт | E27: 5.28 | F27: 5.6 | G27: 1 | J27: 80600 | K27: =J27-J27*$K$9/100 -> 80600 | L27: =K27*G27 -> 80600
A28: Кондиционер канальный | B28: FeRRUM | C28: LCAD24D1-A/LCAU24U1-A | D28: шт | E28: 7.03 | F28: 7.4 | G28: 1 | J28: 109100 | K28: =J28-J28*$K$9/100 -> 109100 | L28: =K28*G28 -> 109100
A29: Кондиционер канальный | B29: FeRRUM | C29: LCAD36D1-A/LCAU36U1-A | D29: шт | E29: 10.55 | F29: 11.7 | G29: 1 | J29: 148300 | K29: =J29-J29*$K$9/100 -> 148300 | L29: =K29*G29 -> 148300
A30: Кондиционер канальный | B30: FeRRUM | C30: LCAD48D1-A/LCAU48U1-A | D30: шт | E30: 14.07 | F30: 15.24 | G30: 1 | J30: 180200 | K30: =J30-J30*$K$9/100 -> 180200 | L30: =K30*G30 -> 180200
A31: Кондиционер канальный | B31: FeRRUM | C31: LCAD60D1-A/LCAU60U1-A | D31: шт | E31: 16.12 | F31: 17.6 | G31: 1 | J31: 193700 | K31: =J31-J31*$K$9/100 -> 193700 | L31: =K31*G31 -> 193700
A32: Серия | C32: NEW Сплит-система Напольно-Потолочного типа R410 (On/Off) | L32: =K32*G32 -> 0
A33: Кондиционер потолочный | B33: FeRRUM | C33: FLCACF24D2_MR1/FLCAU24U2_MR1 | D33: шт | E33: 7.03 | F33: 7.91 | G33: 1 | J33: 111100 | K33: =J33-J33*$K$9/100 -> 111100 | L33: =K33*G33 -> 111100
A34: Кондиционер потолочный | B34: FeRRUM | C34: FLCACF36D2_MR1/FLCAU36U2_MR1 | D34: шт | E34: 10.55 | F34: 12.31 | G34: 1 | J34: 156400 | K34: =J34-J34*$K$9/100 -> 156400 | L34: =K34*G34 -> 156400
A35: Кондиционер потолочный | B35: FeRRUM | C35: FLCACF48D2_MR1/FLCAU48U2_MR1 | D35: шт | E35: 14.07 | F35: 16.71 | G35: 1 | J35: 193500 | K35: =J35-J35*$K$9/100 -> 193500 | L35: =K35*G35 -> 193500
A36: Кондиционер потолочный | B36: FeRRUM | C36: FLCACF60D2_MR1/FLCAU60U2_MR1 | D36: шт | E36: 16.12 | F36: 18.17 | G36: 1 | J36: 219800 | K36: =J36-J36*$K$9/100 -> 219800 | L36: =K36*G36 -> 219800
A37: Серия | C37: Сплит-система Напольно-Потолочного типа R410 (On/Off) | L37: =K37*G37 -> 0
A38: Кондиционер потолочный | B38: FeRRUM | C38: LCACF18D1-A/LCAU18U1-A | D38: шт | E38: 5.28 | F38: 5.6 | G38: 1 | J38: 84400 | K38: =J38-J38*$K$9/100 -> 84400 | L38: =K38*G38 -> 84400
A39: Кондиционер потолочный | B39: FeRRUM | C39: LCACF24D1-A/LCAU24U1-A | D39: шт | E39: 7.03 | F39: 7.4 | G39: 1 | J39: 104700 | K39: =J39-J39*$K$9/100 -> 104700 | L39: =K39*G39 -> 104700
A40: Кондиционер потолочный | B40: FeRRUM | C40: LCACF36D1-A/LCAU36U1-A | D40: шт | E40: 10.55 | F40: 11.7 | G40: 1 | J40: 147400 | K40: =J40-J40*$K$9/100 -> 147400 | L40: =K40*G40 -> 147400
A41: Кондиционер потолочный | B41: FeRRUM | C41: LCACF48D1-A/LCAU48U1-A | D41: шт | E41: 14.07 | F41: 15.24 | G41: 1 | J41: 182400 | K41: =J41-J41*$K$9/100 -> 182400 | L41: =K41*G41 -> 182400
A42: Кондиционер потолочный | B42: FeRRUM | C42: LCACF60D1-A/LCAU60U1-A | D42: шт | E42: 16.12 | F42: 17.6 | G42: 1 | J42: 207100 | K42: =J42-J42*$K$9/100 -> 207100 | L42: =K42*G42 -> 207100
C43: Аксессуары | L43: =K43*G43 -> 0
A44: Проводной пульт управления для кассетных, напольно-потолочных и канальных конд | C44: SWC09A1-R | D44: шт | G44: 1 | J44: 10000 | K44: =J44-J44*$K$9/100 -> 10000 | L44: =K44*G44 -> 10000
A45: * Внимание!!! ОВИКОМ оставляет за собой право вносить изменение в данный прайс без уведомления клиента!!!
A47: Контактные координаты: Центр Инженерных Решений "ОВИКОМ" г.Пятигорск, Черкесское шоссе, д.27Б 8(938)-653-11-11 отдел продаж e-mail: ovikom26@gmail.com сайт: www.ovikom26.ru

Sheet FeRRUM полуп инвертор
I8: Доллар | J8: Евро | K8: Скидка
C9: В Исходный прайс | I9: =Исходный!G10 -> 0 | J9: =Исходный!H10 -> 0 | K9: =Исходный!I10 -> 0
A10: Наименование | B10: Марка | C10: Модель | E10: Хар-ки | G10: Кол-во | H10: Розница | K10: Со скидкой | L10: Итого Рубли
D11: Ед. изм. | E11: Холод | F11: Тепло | H11: ДОЛЛАР | I11: ЕВРО | J11: РУБЛИ | K11: Рубли
A12: Серия | C12: Сплит-система Кассетного типа ИНВЕРТОР R32 тепло/холод | L12: =K12*G12 -> 0
A13: Кондиционер кассетный | B13: FeRRUM | C13: LCAC12C3-AI/LCAU12U3-AI | D13: шт | E13: 3.52 | F13: 4 | G13: 1 | J13: 88700 | K13: =J13-J13*$K$9/100 -> 88700 | L13: =K13*G13 -> 88700
A14: Кондиционер кассетный | B14: FeRRUM | C14: LCAC18C3-AI/LCAU18U3-AI | D14: шт | E14: 5.3 | F14: 5.6 | G14: 1 | J14: 95800 | K14: =J14-J14*$K$9/100 -> 95800 | L14: =K14*G14 -> 95800
A15: Кондиционер кассетный | B15: FeRRUM | C15: LCAC24C3-AI/LCAU24U3-AI | D15: шт | E15: 7.03 | F15: 7.6 | G15: 1 | J15: 126600 | K15: =J15-J15*$K$9/100 -> 126600 | L15: =K15*G15 -> 126600
A16: Кондиционер кассетный | B16: FeRRUM | C16: LCAC36C3-AI/LCAU36U3-AI | D16: шт | E16: 10.55 | F16: 11.7 | G16: 1 | J16: 170900 | K16: =J16-J16*$K$9/100 -> 170900 | L16: =K16*G16 -> 170900
A17: Кондиционер кассетный | B17: FeRRUM | C17: LCAC48C3-AI/LCAU48U3-AI | D17: шт | E17: 14.07 | F17: 15.24 | G17: 1 | J17: 209100 | K17: =J17-J17*$K$9/100 -> 209100 | L17: =K17*G17 -> 209100
A18: Кондиционер кассетный | B18: FeRRUM | C18: LCAC60C3-AI/LCAU60U3-AI | D18: шт | E18: 16.12 | F18: 17.6 | G18: 1 | J18: 220300 | K18: =J18-J18*$K$9/100 -> 220300 | L18: =K18*G18 -> 220300
A19: Серия | C19: Сплит-система Канального типа ИНВЕРТОР R32 тепло/холод | L19: =K19*G19 -> 0
A20: Кондиционер канальный | B20: FeRRUM | C20: LCAD12D3-AI/LCAU12U3-AI | D20: шт | E20: 3.52 | F20: 4 | G20: 1 | J20: 98600 | K20: =J20-J20*$K$9/100 -> 98600 | L20: =K20*G20 -> 98600
A21: Кондиционер канальный | B21: FeRRUM | C21: LCAD18D3-AI/LCAU18U3-AI | D21: шт | E21: 5.3 | F21: 5.6 | G21: 1 | J21: 103600 | K21: =J21-J21*$K$9/100 -> 103600 | L21: =K21*G21 -> 103600
A22: Кондиционер канальный | B22: FeRRUM | C22: LCAD24D3-AI/LCAU24U3-AI | D22: шт | E22: 7.03 | F22: 7.6 | G22: 1 | J22: 125800 | K22: =J22-J22*$K$9/100 -> 125800 | L22: =K22*G22 -> 125800
A23: Кондиционер канальный | B23: FeRRUM | C23: LCAD36D3-AI/LCAU36U3-AI | D23: шт | E23: 10.55 | F23: 11.7 | G23: 1 | J23: 182400 | K23: =J23-J23*$K$9/100 -> 182400 | L23: =K23*G23 -> 182400
A24: Кондиционер канальный | B24: FeRRUM | C24: LCAD48D3-AI/LCAU48U3-AI | D24: шт | E24: 14.07 | F24: 15.24 | G24: 1 | J24: 219400 | K24: =J24-J24*$K$9/100 -> 219400 | L24: =K24*G24 -> 219400
A25: Кондиционер канальный | B25: FeRRUM | C25: LCAD60D3-AI/LCAU60U3-AI | D25: шт | E25: 16.12 | F25: 17.6 | G25: 1 | J25: 239100 | K25: =J25-J25*$K$9/100 -> 239100 | L25: =K25*G25 -> 239100
A26: Серия | C26: Высоконапорные Сплит-система Канального типа ИНВЕРТОР R410 тепло/холод | L26: =K26*G26 -> 0
A27: Кондиционер канальный | B27: FeRRUM | C27: LCAD100HD3-AI/LCAU100U3-AI | D27: шт | E27: 28 | F27: 31 | G27: 1 | I27: по запросу | J27: 0 | K27: =J27-J27*$K$9/100 -> 0 | L27: =K27*G27 -> 0
A28: Серия | C28: Сплит-система Напольно-Потолочного типа ИНВЕРТОР R32 тепло/холод | L28: =K28*G28 -> 0
A29: Кондиционер потолочный | B29: FeRRUM | C29: LCACF18D3-AI/LCAU18U3-AI | D29: шт | E29: 5.3 | F29: 5.6 | G29: 1 | J29: 108600 | K29: =J29-J29*$K$9/100 -> 108600 | L29: =K29*G29 -> 108600
A30: Кондиционер потолочный | B30: FeRRUM | C30: LCACF24D3-AI/LCAU24U3-AI | D30: шт | E30: 7.03 | F30: 7.6 | G30: 1 | J30: 134600 | K30: =J30-J30*$K$9/100 -> 134600 | L30: =K30*G30 -> 134600
A31: Кондиционер потолочный | B31: FeRRUM | C31: LCACF36D3-AI/LCAU36U3-AI | D31: шт | E31: 10.55 | F31: 11.7 | G31: 1 | J31: 188900 | K31: =J31-J31*$K$9/100 -> 188900 | L31: =K31*G31 -> 188900
A32: Кондиционер потолочный | B32: FeRRUM | C32: LCACF48D3-AI/LCAU48U3-AI | D32: шт | E32: 14.07 | F32: 15.24 | G32: 1 | J32: 232900 | K32: =J32-J32*$K$9/100 -> 232900 | L32: =K32*G32 -> 232900
A33: Кондиционер потолочный | B33: FeRRUM | C33: LCACF60D3-AI/LCAU60U3-AI | D33: шт | E33: 16.12 | F33: 17.6 | G33: 1 | J33: 238100 | K33: =J33-J33*$K$9/100 -> 238100 | L33: =K33*G33 -> 238100
C34: Аксессуары | L34: =K34*G34 -> 0
A35: Проводной пульт управления для кассетных, напольно-потолочных и канальных конд | C35: SWC09A1-R | D35: шт | G35: 1 | J35: 10000 | K35: =J35-J35*$K$9/100 -> 10000 | L35: =K35*G35 -> 10000
A36: * Внимание!!! ОВИКОМ оставляет за собой право вносить изменение в данный прайс без уведомления клиента!!!
A38: Контактные координаты: Центр Инженерных Решений "ОВИКОМ" г.Пятигорск, Черкесское шоссе, д.27Б 8(938)-653-11-11 отдел продаж e-mail: ovikom26@gmail.com сайт: www.ovikom26.ru

Sheet FeRRUM Мульти-Спли инвертор
I8: Доллар | J8: Евро | K8: Скидка
C9: В Исходный прайс | I9: =Исходный!G10 -> 0 | J9: =Исходный!H10 -> 0 | K9: =Исходный!I10 -> 0
A10: Наименование | B10: Марка | C10: Модель | E10: Хар-ки | G10: Кол-во | H10: Розница | K10: Со скидкой | L10: Итого Рубли
D11: Ед. изм. | E11: Холод | F11: Тепло | H11: ДОЛЛАР | I11: ЕВРО | J11: РУБЛИ | K11: Рубли
A12: Серия FORCE Inverter | C12: Рабочий хладагент R32, класс энергоэффективности А++ | L12: =K12*G12 -> 0
A13: Наружный Блок | B13: FeRRUM | C13: iFOS14FM1A/2 | D13: шт | E13: 4.1 | F13: 4.4 | G13: 1 | J13: 93500 | K13: =J13-J13*$K$9/100 -> 93500 | L13: =K13*G13 -> 93500
A14: Наружный Блок | B14: FeRRUM | C14: iFOS18FM1A/2 | D14: шт | E14: 5.27 | F14: 5.57 | G14: 1 | J14: 99300 | K14: =J14-J14*$K$9/100 -> 99300 | L14: =K14*G14 -> 99300
A15: Наружный Блок | B15: FeRRUM | C15: iFOS24FM1A/3 | D15: шт | E15: 6.15 | F15: 6.45 | G15: 1 | J15: 128300 | K15: =J15-J15*$K$9/100 -> 128300 | L15: =K15*G15 -> 128300
A16: Наружный Блок | B16: FeRRUM | C16: iFOS36FM1A/4 | D16: шт | E16: 10.55 | F16: 10.55 | G16: 1 | J16: 250600 | K16: =J16-J16*$K$9/100 -> 250600 | L16: =K16*G16 -> 250600
A17: Наружный Блок | B17: FeRRUM | C17: iFOS42FM1A/5 | D17: шт | E17: 12.31 | F17: 12.31 | G17: 1 | J17: 267400 | K17: =J17-J17*$K$9/100 -> 267400 | L17: =K17*G17 -> 267400
A18: Серия FORCE Inverter | C18: Настенные внутренние Блоки инверторные R32 класс энегоэффективности А++ | L18: =K18*G18 -> 0
A19: Внутренний Блок настенный | B19: FeRRUM | C19: iFIS09F3C | D19: шт | E19: 2.64 | F19: 2.78 | G19: 1 | J19: 24300 | K19: =J19-J19*$K$9/100 -> 24300 | L19: =K19*G19 -> 24300
A20: Внутренний Блок настенный | B20: FeRRUM | C20: iFIS12F3C | D20: шт | E20: 3.52 | F20: 3.81 | G20: 1 | J20: 26000 | K20: =J20-J20*$K$9/100 -> 26000 | L20: =K20*G20 -> 26000
A21: Внутренний Блок настенный | B21: FeRRUM | C21: iFIS18F3C | D21: шт | E21: 5.27 | F21: 5.57 | G21: 1 | J21: 33400 | K21: =J21-J21*$K$9/100 -> 33400 | L21: =K21*G21 -> 33400
A22: Внутренний Блок настенный | B22: FeRRUM | C22: iFIS24F3C | D22: шт | E22: 7.33 | F22: 7.33 | G22: 1 | J22: 42600 | K22: =J22-J22*$K$9/100 -> 42600 | L22: =K22*G22 -> 42600
A23: Серия FORCE PRO Inverter | C23: NEW Рабочий хладагент R32, класс энергоэффективности А++ | L23: =K23*G23 -> 0
A24: Наружный Блок | B24: FeRRUM | C24: FOS14F3_MR2_DC2 | D24: шт | E24: 4.1 | F24: 4.4 | G24: 1 | J24: 97500 | K24: =J24-J24*$K$9/100 -> 97500 | L24: =K24*G24 -> 97500
A25: Наружный Блок | B25: FeRRUM | C25: FOS18F3_MR2_DC2 | D25: шт | E25: 5.3 | F25: 5.6 | G25: 1 | J25: 103600 | K25: =J25-J25*$K$9/100 -> 103600 | L25: =K25*G25 -> 103600
A26: Наружный Блок | B26: FeRRUM | C26: FOS24F3_MR2_DC3 | D26: шт | E26: 6.2 | F26: 6.5 | G26: 1 | J26: 133600 | K26: =J26-J26*$K$9/100 -> 133600 | L26: =K26*G26 -> 133600
A27: Наружный Блок | B27: FeRRUM | C27: FOS27F3_MR2_DC3 | D27: шт | E27: 7.9 | F27: 8.2 | G27: 1 | J27: 148300 | K27: =J27-J27*$K$9/100 -> 148300 | L27: =K27*G27 -> 148300
A28: Наружный Блок | B28: FeRRUM | C28: FOS36F3_MR2_DC4 | D28: шт | E28: 10.6 | F28: 10.6 | G28: 1 | J28: 238000 | K28: =J28-J28*$K$9/100 -> 238000 | L28: =K28*G28 -> 238000
A29: Наружный Блок | B29: FeRRUM | C29: FOS42F3_MR2_DC5 | D29: шт | E29: 12.3 | F29: 12.3 | G29: 1 | J29: 253800 | K29: =J29-J29*$K$9/100 -> 253800 | L29: =K29*G29 -> 253800
A30: Серия FORCE PRO Inverter | C30: NEW Настенные внутренние Блоки инверторные R32 класс энегоэффективности А++ | L30: =K30*G30 -> 0
A31: Внутренний Блок настенный | B31: FeRRUM | C31: FIS07F3_MR2_DC | D31: шт | E31: 2.0527859 | F31: 2.3460411 | G31: 1 | J31: 24500 | K31: =J31-J31*$K$9/100 -> 24500 | L31: =K31*G31 -> 24500
A32: Внутренний Блок настенный | B32: FeRRUM | C32: FIS09F3_MR2_DC | D32: шт | E32: 2.6392962 | F32: 2.9325513 | G32: 1 | J32: 24800 | K32: =J32-J32*$K$9/100 -> 24800 | L32: =K32*G32 -> 24800
A33: Внутренний Блок настенный | B33: FeRRUM | C33: FIS12F3_MR2_DC | D33: шт | E33: 3.5190616 | F33: 3.8123167 | G33: 1 | J33: 26600 | K33: =J33-J33*$K$9/100 -> 26600 | L33: =K33*G33 -> 26600
A34: Внутренний Блок настенный | B34: FeRRUM | C34: FIS18F3_MR2_DC | D34: шт | E34: 5.2785924 | F34: 5.3958944 | G34: 1 | J34: 35500 | K34: =J34-J34*$K$9/100 -> 35500 | L34: =K34*G34 -> 35500
A35: Внутренний Блок настенный | B35: FeRRUM | C35: FIS24F3_MR2_DC | D35: шт | E35: 7.0381232 | F35: 7.3313783 | G35: 1 | J35: 43400 | K35: =J35-J35*$K$9/100 -> 43400 | L35: =K35*G35 -> 43400
A36: Аксессуары | C36: USB Wi-Fi модуль | L36: =K36*G36 -> 0
A37: USB Wi-Fi Адаптер для сплит-систем серии FORCE, FeRRUM | B37: Energolux | C37: SIW02A1 | D37: шт | G37: 1 | J37: 4800 | K37: =J37-J37*$K$9/100 -> 4800 | L37: =K37*G37 -> 4800
A38: * Внимание!!! ОВИКОМ оставляет за собой право вносить изменение в данный прайс без уведомления клиента!!!
A40: Контактные координаты: Центр Инженерных Решений "ОВИКОМ" г.Пятигорск, Черкесское шоссе, д.27Б 8(938)-653-11-11 отдел продаж e-mail: ovikom26@gmail.com сайт: www.ovikom26.ru

Sheet LORIOT
I8: Доллар | J8: Евро | K8: Скидка
C9: В Исходный прайс | I9: =Исходный!G10 -> 0 | J9: =Исходный!H10 -> 0 | K9: =Исходный!I10 -> 0
A10: Наименование | B10: Марка | C10: Модель | E10: Хар-ки | G10: Кол-во | H10: Розница | K10: Со скидкой | L10: Итого Рубли
D11: Ед. изм. | E11: Холод | F11: Тепло | H11: ДОЛЛАР | I11: ЕВРО | J11: РУБЛИ | K11: Рубли
A12: Серия | B12: Premier ON-OFF NEW2024 | C12: Фреон R410/ скоростей 7 / WI-FI Ready. Завод TCL | L12: =K12*G12 -> 0
A13: Кондиционер настенный | B13: LORIOT | C13: LAC-07TPR | D13: шт | E13: 2.2 | F13: 2.2 | G13: 1 | J13: 0 | K13: =J13-J13*$K$9/100 -> 0 | L13: =K13*G13 -> 0 | M13: нет
A14: Кондиционер настенный | B14: LORIOT | C14: LAC-09TPR | D14: шт | E14: 2.64 | F14: 2.78 | G14: 1 | J14: 38300 | K14: =J14-J14*$K$9/100 -> 38300 | L14: =K14*G14 -> 38300
A15: Кондиционер настенный | B15: LORIOT | C15: LAC-12TPR | D15: шт | E15: 3.52 | F15: 3.66 | G15: 1 | J15: 50800 | K15: =J15-J15*$K$9/100 -> 50800 | L15: =K15*G15 -> 50800
A16: Кондиционер настенный | B16: LORIOT | C16: LAC-18TPR | D16: шт | E16: 5.28 | F16: 5.42 | G16: 1 | J16: 0 | K16: =J16-J16*$K$9/100 -> 0 | L16: =K16*G16 -> 0 | M16: нет
A17: Кондиционер настенный | B17: LORIOT | C17: LAC-24TPR | D17: шт | E17: 7.33 | F17: 7.62 | G17: 1 | J17: 103100 | K17: =J17-J17*$K$9/100 -> 103100 | L17: =K17*G17 -> 103100
A18: * Внимание!!! ОВИКОМ оставляет за собой право вносить изменение в данный прайс без уведомления клиента!!!
A20: Контактные координаты: Центр Инженерных Решений "ОВИКОМ" г.Пятигорск, Черкесское шоссе, д.27Б 8(938)-653-11-11 отдел продаж e-mail: ovikom26@gmail.com сайт: www.ovikom26.ru

Sheet Energolux
I8: Доллар | J8: Евро | K8: Скидка
C9: В Исходный прайс | I9: =Исходный!G10 -> 0 | J9: =Исходный!H10 -> 0 | K9: =Исходный!I10 -> 0
A10: Наименование | B10: Марка | C10: Модель | E10: Хар-ки | G10: Кол-во | H10: Розница | K10: Со скидкой | L10: Итого Рубли
D11: Ед. изм. | E11: Холод | F11: Тепло | H11: ДОЛЛАР | I11: ЕВРО | J11: РУБЛИ | K11: Рубли
A12: Серия | B12: GLARUS | C12: Energolux GLARUS (R-32,On/Off) охлаждение-нагрев, класс A. Работает с Алисой Завод AUX | L12: =K12*G12 -> 0
A13: Кондиционер настенный | B13: Energolux | C13: ESAS07GL1_H/ESAU07GL1_H | D13: шт | E13: 2.4 | F13: 2.5 | G13: 1 | J13: 35200 | K13: =J13-J13*$K$9/100 -> 35200 | L13: =K13*G13 -> 35200 | M13: Рекомендован для МП
A14: Кондиционер настенный | B14: Energolux | C14: ESAS09GL1_H/ESAU09GL1_H | D14: шт | E14: 2.6 | F14: 2.6 | G14: 1 | J14: 38400 | K14: =J14-J14*$K$9/100 -> 38400 | L14: =K14*G14 -> 38400 | M14: Рекомендован для МП
A15: Кондиционер настенный | B15: Energolux | C15: ESAS12GL1_H/ESAU12GL1_H | D15: шт | E15: 3.4 | F15: 3.4 | G15: 1 | J15: 52300 | K15: =J15-J15*$K$9/100 -> 52300 | L15: =K15*G15 -> 52300 | M15: Рекомендован для МП
A16: Кондиционер настенный | B16: Energolux | C16: ESAS18GL1_H/ESAU18GL1_H | D16: шт | E16: 5.5 | F16: 5.7 | G16: 1 | J16: 87900 | K16: =J16-J16*$K$9/100 -> 87900 | L16: =K16*G16 -> 87900 | M16: Рекомендован для МП
A17: Кондиционер настенный | B17: Energolux | C17: ESAS24GL1_H/ESAU24GL1_H | D17: шт | E17: 7 | F17: 1.1 | G17: 1 | J17: 110500 | K17: =J17-J17*$K$9/100 -> 110500 | L17: =K17*G17 -> 110500 | M17: Рекомендован для МП
A18: Серия | B18: BASEL 3 | C18: Energolux BASEL (R-410,On/Off) охлаждение-нагрев, класс A. Завод AUX | L18: =K18*G18 -> 0
A19: Кондиционер настенный | B19: Energolux | C19: SAS12B3-A/SAU12B3-A | D19: шт | E19: 3.6 | F19: 3.7 | G19: 1 | J19: 44000 | K19: =J19-J19*$K$9/100 -> 44000 | L19: =K19*G19 -> 44000
A20: Серия (NEW) | B20: BASEL | C20: Energolux BASEL (R-410,On/Off) охлаждение-нагрев, класс A. Завод Hisense | L20: =K20*G20 -> 0
A21: Кондиционер настенный | B21: Energolux | C21: ESAS07B_A/ESAU07B_A | D21: шт | E21: 2.35 | F21: 2.45 | G21: 1 | J21: 32400 | K21: =J21-J21*$K$9/100 -> 32400 | L21: =K21*G21 -> 32400 | M21: Рекомендован для МП
A22: Кондиционер настенный | B22: Energolux | C22: ESAS09B_A/ESAU09B_A | D22: шт | E22: 2.68 | F22: 2.76 | G22: 1 | J22: 35600 | K22: =J22-J22*$K$9/100 -> 35600 | L22: =K22*G22 -> 35600 | M22: Рекомендован для МП
A23: Кондиционер настенный | B23: Energolux | C23: ESAS12B_A/ESAU12B_A | D23: шт | E23: 3.52 | F23: 3.6 | G23: 1 | J23: 48600 | K23: =J23-J23*$K$9/100 -> 48600 | L23: =K23*G23 -> 48600 | M23: Рекомендован для МП
A24: Кондиционер настенный | B24: Energolux | C24: ESAS18B_A/ESAU18B_A | D24: шт | E24: 5.3 | F24: 5.35 | G24: 1 | J24: 79200 | K24: =J24-J24*$K$9/100 -> 79200 | L24: =K24*G24 -> 79200 | M24: Рекомендован для МП
A25: Кондиционер настенный | B25: Energolux | C25: ESAS24B_A/ESAU24B_A | D25: шт | E25: 7 | F25: 7.2 | G25: 1 | J25: 102100 | K25: =J25-J25*$K$9/100 -> 102100 | L25: =K25*G25 -> 102100 | M25: Рекомендован для МП
A26: Кондиционер настенный | B26: Energolux | C26: ESAS36B_A/ESAU36B_A | D26: шт | E26: 9.7 | F26: 9.9 | G26: 1 | J26: 159000 | K26: =J26-J26*$K$9/100 -> 159000 | L26: =K26*G26 -> 159000 | M26: Рекомендован для МП
A27: Серия | B27: BASEL 4 | C27: Energolux BASEL (R-410,On/Off) охлаждение-нагрев, класс A. Завод AUX | L27: =K27*G27 -> 0
A28: Кондиционер настенный | B28: Energolux | C28: SAS07B4-A/SAU07B4-A | D28: шт | E28: 2.05 | F28: 2.15 | G28: 1 | J28: 31800 | K28: =J28-J28*$K$9/100 -> 31800 | L28: =K28*G28 -> 31800 | M28: Рекомендован для МП
A29: Кондиционер настенный | B29: Energolux | C29: SAS09B4-A/SAU09B4-A | D29: шт | E29: 2.68 | F29: 2.76 | G29: 1 | J29: 34900 | K29: =J29-J29*$K$9/100 -> 34900 | L29: =K29*G29 -> 34900 | M29: Рекомендован для МП
A30: Кондиционер настенный | B30: Energolux | C30: SAS12B4-A/SAU12B4-A | D30: шт | E30: 3.55 | F30: 3.65 | G30: 1 | J30: 48200 | K30: =J30-J30*$K$9/100 -> 48200 | L30: =K30*G30 -> 48200 | M30: Рекомендован для МП
A31: Кондиционер настенный | B31: Energolux | C31: SAS18B4-A/SAU18B4-A | D31: шт | E31: 5.25 | F31: 5.3 | G31: 1 | J31: 78300 | K31: =J31-J31*$K$9/100 -> 78300 | L31: =K31*G31 -> 78300 | M31: Рекомендован для МП
A32: Кондиционер настенный | B32: Energolux | C32: SAS24B4-A/SAU24B4-A | D32: шт | E32: 7 | F32: 7.2 | G32: 1 | J32: 102100 | K32: =J32-J32*$K$9/100 -> 102100 | L32: =K32*G32 -> 102100 | M32: Рекомендован для МП
A33: Кондиционер настенный | B33: Energolux | C33: SAS30B4-A/SAU30B4-A | D33: шт | E33: 7.9 | F33: 7.6 | G33: 1 | J33: 128600 | K33: =J33-J33*$K$9/100 -> 128600 | L33: =K33*G33 -> 128600 | M33: Рекомендован для МП
A34: Серия | B34: BASEL 5 | C34: Energolux BASEL 5 (R-410,On/Off) охлаждение-нагрев, класс A. Завод AUX | L34: =K34*G34 -> 0
A35: Кондиционер настенный | B35: Energolux | C35: SAS07B5-A/SAU07B5-A | D35: шт | E35: 2.35 | F35: 2.45 | G35: 1 | J35: 32600 | K35: =J35-J35*$K$9/100 -> 32600 | L35: =K35*G35 -> 32600 | M35: Рекомендован для МП
A36: Кондиционер настенный | B36: Energolux | C36: SAS09B5-A/SAU09B5-A | D36: шт | E36: 2.68 | F36: 2.76 | G36: 1 | J36: 35200 | K36: =J36-J36*$K$9/100 -> 35200 | L36: =K36*G36 -> 35200 | M36: Рекомендован для МП
A37: Кондиционер настенный | B37: Energolux | C37: SAS12B5-A/SAU12B5-A | D37: шт | E37: 3.52 | F37: 3.6 | G37: 1 | J37: 48100 | K37: =J37-J37*$K$9/100 -> 48100 | L37: =K37*G37 -> 48100 | M37: Рекомендован для МП
A38: Кондиционер настенный | B38: Energolux | C38: SAS18B5-A/SAU18B5-A | D38: шт | E38: 5.3 | F38: 5.35 | G38: 1 | J38: 78300 | K38: =J38-J38*$K$9/100 -> 78300 | L38: =K38*G38 -> 78300 | M38: Рекомендован для МП
A39: Кондиционер настенный | B39: Energolux | C39: SAS24B5-A/SAU24B5-A | D39: шт | E39: 7 | F39: 7.2 | G39: 1 | J39: 101000 | K39: =J39-J39*$K$9/100 -> 101000 | L39: =K39*G39 -> 101000 | M39: Рекомендован для МП
A40: Кондиционер настенный | B40: Energolux | C40: SAS30B5-A/SAU30B5-A | D40: шт | E40: 9.7 | F40: 9.9 | G40: 1 | J40: 157400 | K40: =J40-J40*$K$9/100 -> 157400 | L40: =K40*G40 -> 157400 | M40: Рекомендован для МП
A41: Серия | B41: LAUSANNE | C41: Energolux Lausanne (On/Off) охлаждение-нагрев R410, Класс А. Завод AUX | L41: =K41*G41 -> 0
A42: Кондиционер настенный | B42: Energolux | C42: SAS12L4-A/SAU12L4-A | D42: шт | E42: 3.55 | F42: 3.65 | G42: 1 | J42: 46500 | K42: =J42-J42*$K$9/100 -> 46500 | L42: =K42*G42 -> 46500
A43: Кондиционер настенный | B43: Energolux | C43: SAS18L4-A/SAU18L4-A | D43: шт | E43: 5.3 | F43: 5.4 | G43: 1 | J43: 74800 | K43: =J43-J43*$K$9/100 -> 74800 | L43: =K43*G43 -> 74800
A44: Кондиционер настенный | B44: Energolux | C44: SAS24L4-A/SAU24L4-A | D44: шт | E44: 7.05 | F44: 7.2 | G44: 1 | J44: 100900 | K44: =J44-J44*$K$9/100 -> 100900 | L44: =K44*G44 -> 100900
A45: Серия | B45: LAUSANNE | C45: Energolux Lausanne (On/Off) охлаждение-нагрев R32, Класс А. Завод Midea | L45: =K45*G45 -> 0
A46: Кондиционер настенный | B46: Energolux | C46: SAS07AR1-A/SAU07AR1-A | D46: шт | E46: 2.35 | F46: 2.35 | G46: 1 | J46: 33400 | K46: =J46-J46*$K$9/100 -> 33400 | L46: =K46*G46 -> 33400
A47: Кондиционер настенный | B47: Energolux | C47: SAS09AR1-A/SAU09AR1-A | D47: шт | E47: 2.64 | F47: 2.78 | G47: 1 | J47: 36100 | K47: =J47-J47*$K$9/100 -> 36100 | L47: =K47*G47 -> 36100
A48: Кондиционер настенный | B48: Energolux | C48: SAS12AR1-A/SAU12AR1-A | D48: шт | E48: 3.52 | F48: 3.66 | G48: 1 | J48: 48500 | K48: =J48-J48*$K$9/100 -> 48500 | L48: =K48*G48 -> 48500
A49: Кондиционер настенный | B49: Energolux | C49: SAS18AR1-A/SAU18AR1-A | D49: шт | E49: 5.28 | F49: 5.57 | G49: 1 | J49: 80399.8 | K49: =J49-J49*$K$9/100 -> 80399.8 | L49: =K49*G49 -> 80399.8
A50: Кондиционер настенный | B50: Energolux | C50: SAS24AR1-A/SAU24AR1-A | D50: шт | E50: 7.04 | F50: 7.33 | G50: 1 | J50: 103600 | K50: =J50-J50*$K$9/100 -> 103600 | L50: =K50*G50 -> 103600
A51: Серия | B51: LAUSANNE PRO | C51: Energolux Lausanne (On/Off) охлаждение-нагрев R32, Класс А. Завод Midea | L51: =K51*G51 -> 0
A52: Кондиционер настенный | B52: Energolux | C52: SAS07AR2-A/SAU07AR2-A | D52: шт | E52: 2.35 | F52: 2.35 | G52: 1 | J52: 35700 | K52: =J52-J52*$K$9/100 -> 35700 | L52: =K52*G52 -> 35700
A53: Кондиционер настенный | B53: Energolux | C53: SAS09AR2-A/SAU09AR2-A | D53: шт | E53: 2.63 | F53: 2.79 | G53: 1 | J53: 38600 | K53: =J53-J53*$K$9/100 -> 38600 | L53: =K53*G53 -> 38600
A54: Кондиционер настенный | B54: Energolux | C54: SAS12AR2-A/SAU12AR2-A | D54: шт | E54: 3.51 | F54: 3.67 | G54: 1 | J54: 51100 | K54: =J54-J54*$K$9/100 -> 51100 | L54: =K54*G54 -> 51100
A55: Кондиционер настенный | B55: Energolux | C55: SAS18AR2-A/SAU18AR2-A | D55: шт | E55: 5.28 | F55: 5.57 | G55: 1 | J55: 84600 | K55: =J55-J55*$K$9/100 -> 84600 | L55: =K55*G55 -> 84600
A56: Кондиционер настенный | B56: Energolux | C56: SAS24AR2-A/SAU24AR2-A | D56: шт | E56: 7.04 | F56: 7.33 | G56: 1 | J56: 106000 | K56: =J56-J56*$K$9/100 -> 106000 | L56: =K56*G56 -> 106000
A57: Серия | B57: BADEN 2 | C57: Energolux BADEN 2 (On/Off) охлаждение-нагрев R410, Класс А. Завод GREE | L57: =K57*G57 -> 0
A58: Кондиционер настенный | B58: Energolux | C58: SAS07BD2-A/SAU07BD2-A | D58: шт | E58: 2.25 | F58: 2.35 | G58: 1 | J58: 41100 | K58: =J58-J58*$K$9/100 -> 41100 | L58: =K58*G58 -> 41100
A59: Кондиционер настенный | B59: Energolux | C59: SAS09BD2-A/SAU09BD2-A | D59: шт | E59: 2.5 | F59: 2.6 | G59: 1 | J59: 46000 | K59: =J59-J59*$K$9/100 -> 46000 | L59: =K59*G59 -> 46000
A60: Кондиционер настенный | B60: Energolux | C60: SAS12BD2-A/SAU12BD2-A | D60: шт | E60: 3.25 | F60: 3.4 | G60: 1 | J60: 59600 | K60: =J60-J60*$K$9/100 -> 59600 | L60: =K60*G60 -> 59600
A61: Кондиционер настенный | B61: Energolux | C61: SAS18BD2-A/SAU18BD2-A | D61: шт | E61: 5.1 | F61: 5.05 | G61: 1 | J61: 98200 | K61: =J61-J61*$K$9/100 -> 98200 | L61: =K61*G61 -> 98200
A62: Кондиционер настенный | B62: Energolux | C62: SAS24BD2-A/SAU24BD2-A | D62: шт | E62: 6.15 | F62: 6.7 | G62: 1 | J62: 125700 | K62: =J62-J62*$K$9/100 -> 125700 | L62: =K62*G62 -> 125700
A63: Серия | B63: BADEN | C63: Energolux BADEN (On/Off) охлаждение-нагрев R410, Класс А Завод GREE | L63: =K63*G63 -> 0
A64: Кондиционер настенный | B64: Energolux | C64: SAS07BD1-A/SAU07BD1-A | D64: шт | E64: 2.25 | F64: 2.3 | G64: 1 | J64: 41100 | K64: =J64-J64*$K$9/100 -> 41100 | L64: =K64*G64 -> 41100
A65: Кондиционер настенный | B65: Energolux | C65: SAS24BD1-A/SAU24BD1-A | D65: шт | E65: 6.16 | F65: 6.7 | G65: 1 | J65: 120000 | K65: =J65-J65*$K$9/100 -> 120000 | L65: =K65*G65 -> 120000 | M65: больше не будет
A66: Кондиционер настенный | B66: Energolux | C66: SAS28BD1-A/SAU28BD1-A | D66: шт | E66: 8.5 | F66: 8.9 | G66: 1 | J66: 123200 | K66: =J66-J66*$K$9/100 -> 123200 | L66: =K66*G66 -> 123200
A67: Серия | B67: MURREN WHITE | C67: Классическая сплит-системы настенного типа ( R32, тепло/холод) Класс А. ЦВЕТ Белый. Завод TCL | L67: =K67*G67 -> 0
A68: Кондиционер настенный | B68: Energolux | C68: SAS07MR1-A/SAU07MR1-A | D68: шт | E68: 2.2 | F68: 2.2 | G68: 1 | J68: 37000 | K68: =J68-J68*$K$9/100 -> 37000 | L68: =K68*G68 -> 37000
A69: Кондиционер настенный | B69: Energolux | C69: SAS09MR1-A/SAU09MR1-A | D69: шт | E69: 2.64 | F69: 2.78 | G69: 1 | J69: 39800 | K69: =J69-J69*$K$9/100 -> 39800 | L69: =K69*G69 -> 39800
A70: Кондиционер настенный | B70: Energolux | C70: SAS12MR1-A/SAU12MR1-A | D70: шт | E70: 3.52 | F70: 3.66 | G70: 1 | J70: 46700 | K70: =J70-J70*$K$9/100 -> 46700 | L70: =K70*G70 -> 46700
A71: Кондиционер настенный | B71: Energolux | C71: SAS18MR1-A/SAU18MR1-A | D71: шт | E71: 5.28 | F71: 5.42 | G71: 1 | J71: 84400 | K71: =J71-J71*$K$9/100 -> 84400 | L71: =K71*G71 -> 84400
A72: Кондиционер настенный | B72: Energolux | C72: SAS24MR2-A/SAU24MR2-A | D72: шт | E72: 6.84 | F72: 7.05 | G72: 1 | J72: 111200 | K72: =J72-J72*$K$9/100 -> 111200 | L72: =K72*G72 -> 111200
A73: Серия | B73: ZURICH 5 | C73: Energolux Zurich (Invertor), охлаждение-нагрев R32, Класс А. Завод AUX | L73: =K73*G73 -> 0
A74: Кондиционер настенный | B74: Energolux | C74: SAS07Z5-AI/SAU07Z5-AI | D74: шт | E74: 2.35 | F74: 2.4 | G74: 1 | J74: 42300 | K74: =J74-J74*$K$9/100 -> 42300 | L74: =K74*G74 -> 42300 | M74: Рекомендован для МП
A75: Кондиционер настенный | B75: Energolux | C75: SAS09Z5-AI/SAU09Z5-AI | D75: шт | E75: 2.7 | F75: 2.8 | G75: 1 | J75: 46800 | K75: =J75-J75*$K$9/100 -> 46800 | L75: =K75*G75 -> 46800 | M75: Рекомендован для МП
A76: Кондиционер настенный | B76: Energolux | C76: SAS12Z5-AI/SAU12Z5-AI | D76: шт | E76: 3.55 | F76: 3.8 | G76: 1 | J76: 54800 | K76: =J76-J76*$K$9/100 -> 54800 | L76: =K76*G76 -> 54800 | M76: Рекомендован для МП
A77: Кондиционер настенный | B77: Energolux | C77: SAS18Z5-AI/SAU18Z5-AI | D77: шт | E77: 5.3 | F77: 5.3 | G77: 1 | J77: 96400 | K77: =J77-J77*$K$9/100 -> 96400 | L77: =K77*G77 -> 96400 | M77: Рекомендован для МП
A78: Кондиционер настенный | B78: Energolux | C78: SAS24Z5-AI/SAU24Z5-AI | D78: шт | E78: 7.03 | F78: 7.33 | G78: 1 | J78: 116900 | K78: =J78-J78*$K$9/100 -> 116900 | L78: =K78*G78 -> 116900 | M78: Рекомендован для МП
A79: Серия | B79: ZURICH 6 | C79: Energolux Zurich 6 (Invertor), охлаждение-нагрев R32, Класс А. Завод AUX | L79: =K79*G79 -> 0
A80: Кондиционер настенный | B80: Energolux | C80: SAS07Z6-AI/SAU07Z6-AI | D80: шт | E80: 2.1 | F80: 2.3 | G80: 1 | J80: 41800 | K80: =J80-J80*$K$9/100 -> 41800 | L80: =K80*G80 -> 41800 | M80: Рекомендован для МП
A81: Кондиционер настенный | B81: Energolux | C81: SAS09Z6-AI/SAU09Z6-AI | D81: шт | E81: 2.7 | F81: 2.8 | G81: 1 | J81: 46200 | K81: =J81-J81*$K$9/100 -> 46200 | L81: =K81*G81 -> 46200 | M81: Рекомендован для МП
A82: Кондиционер настенный | B82: Energolux | C82: SAS12Z6-AI/SAU12Z6-AI | D82: шт | E82: 3.5 | F82: 3.7 | G82: 1 | J82: 55600 | K82: =J82-J82*$K$9/100 -> 55600 | L82: =K82*G82 -> 55600 | M82: Рекомендован для МП
A83: Кондиционер настенный | B83: Energolux | C83: SAS18Z6-AI/SAU18Z6-AI | D83: шт | E83: 5.3 | F83: 5.3 | G83: 1 | J83: 99600 | K83: =J83-J83*$K$9/100 -> 99600 | L83: =K83*G83 -> 99600 | M83: Рекомендован для МП
A84: Кондиционер настенный | B84: Energolux | C84: SAS24Z6-AI/SAU24Z6-AI | D84: шт | E84: 7.03 | F84: 7.33 | G84: 1 | J84: 124000 | K84: =J84-J84*$K$9/100 -> 124000 | L84: =K84*G84 -> 124000 | M84: Рекомендован для МП
A85: Серия | B85: NYON | C85: Energolux NYON (Invertor), охлаждение-нагрев R32, Класс А. Работает с Алисой Завод AUX | L85: =K85*G85 -> 0
A86: Кондиционер настенный | B86: Energolux | C86: SAS07IL1-AI/SAU07IL1-AI | D86: шт | E86: 2.5 | F86: 2.7 | G86: 1 | J86: 41800 | K86: =J86-J86*$K$9/100 -> 41800 | L86: =K86*G86 -> 41800
A87: Кондиционер настенный | B87: Energolux | C87: SAS09IL1-AI/SAU09IL1-AI | D87: шт | E87: 2.7 | F87: 2.8 | G87: 1 | J87: 46200 | K87: =J87-J87*$K$9/100 -> 46200 | L87: =K87*G87 -> 46200
A88: Кондиционер настенный | B88: Energolux | C88: SAS12IL1-AI/SAU12IL1-AI | D88: шт | E88: 3.5 | F88: 3.7 | G88: 1 | J88: 55600 | K88: =J88-J88*$K$9/100 -> 55600 | L88: =K88*G88 -> 55600
A89: Кондиционер настенный | B89: Energolux | C89: SAS18IL1-AI/SAU18IL1-AI | D89: шт | E89: 5.28 | F89: 5.3 | G89: 1 | J89: 99600 | K89: =J89-J89*$K$9/100 -> 99600 | L89: =K89*G89 -> 99600
A90: Кондиционер настенный | B90: Energolux | C90: SAS24IL1-AI/SAU24IL1-AI | D90: шт | E90: 7.03 | F90: 7.33 | G90: 1 | J90: 124000 | K90: =J90-J90*$K$9/100 -> 124000 | L90: =K90*G90 -> 124000
A91: Серия | B91: GLARUS DC | C91: Energolux GLARUS DC (Invertor), охлаждение-нагрев R32, Класс А. Завод Hisens | L91: =K91*G91 -> 0
A92: Кондиционер настенный | B92: Energolux | C92: ESAS07GL1_HDC/ESAU07GL1_HDC | D92: шт | E92: 2.3 | F92: 2.3 | G92: 1 | J92: 44000 | K92: =J92-J92*$K$9/100 -> 44000 | L92: =K92*G92 -> 44000 | M92: Рекомендован для МП
A93: Кондиционер настенный | B93: Energolux | C93: ESAS09GL1_HDC/ESAU09GL1_HDC | D93: шт | E93: 2.7 | F93: 2.7 | G93: 1 | J93: 49200 | K93: =J93-J93*$K$9/100 -> 49200 | L93: =K93*G93 -> 49200 | M93: Рекомендован для МП
A94: Кондиционер настенный | B94: Energolux | C94: ESAS12GL1_HDC/ESAU12GL1_HDC | D94: шт | E94: 3.7 | F94: 3.8 | G94: 1 | J94: 59000 | K94: =J94-J94*$K$9/100 -> 59000 | L94: =K94*G94 -> 59000 | M94: Рекомендован для МП
A95: Кондиционер настенный | B95: Energolux | C95: ESAS18GL1_HDC/ESAU18GL1_HDC | D95: шт | E95: 5.7 | F95: 5.8 | G95: 1 | J95: 102000 | K95: =J95-J95*$K$9/100 -> 102000 | L95: =K95*G95 -> 102000 | M95: Рекомендован для МП
A96: Кондиционер настенный | B96: Energolux | C96: ESAS24GL1_HDC/ESAU24GL1_HDC | D96: шт | E96: 7.6 | F96: 7.5 | G96: 1 | J96: 120400 | K96: =J96-J96*$K$9/100 -> 120400 | L96: =K96*G96 -> 120400 | M96: Рекомендован для МП
A97: Серия | B97: LUGANO PRO LINE | C97: Тепловой насос инверторного типа, охлаждение-нагрев R32, Класс А+++ Завод Midea | L97: =K97*G97 -> 0
A98: Кондиционер настенный | B98: Energolux | C98: SAS09DL2-AI/SAU09DL2-AI | D98: шт | E98: 2.73 | F98: 3.14 | G98: 1 | J98: 88900 | K98: =J98-J98*$K$9/100 -> 88900 | L98: =K98*G98 -> 88900
A99: Кондиционер настенный | B99: Energolux | C99: SAS12DL2-AI/SAU12DL2-AI | D99: шт | E99: 3.52 | F99: 3.96 | G99: 1 | J99: 102000 | K99: =J99-J99*$K$9/100 -> 102000 | L99: =K99*G99 -> 102000
A100: Кондиционер настенный | B100: Energolux | C100: SAS18DL2-AI/SAU18DL2-AI | D100: шт | E100: 5.28 | F100: 5.57 | G100: 1 | J100: 169500 | K100: =J100-J100*$K$9/100 -> 169500 | L100: =K100*G100 -> 169500
A101: Серия | B101: LUGANO PRO LINE HP | C101: Тепловой насос инверторного типа, охлаждение-нагрев R32, Класс А+++ Завод Midea | L101: =K101*G101 -> 0
A102: Кондиционер настенный | B102: Energolux | C102: SAS09DL3-AI/SAU09DL3-AI | D102: шт | E102: 2.93 | F102: 3.22 | G102: 1 | J102: 88900 | K102: =J102-J102*$K$9/100 -> 88900 | L102: =K102*G102 -> 88900
A103: Кондиционер настенный | B103: Energolux | C103: SAS12DL3-AI/SAU12DL3-AI | D103: шт | E103: 3.66 | F103: 3.95 | G103: 1 | J103: 97700 | K103: =J103-J103*$K$9/100 -> 97700 | L103: =K103*G103 -> 97700
A104: Кондиционер настенный | B104: Energolux | C104: SAS18DL3-AI/SAU18DL3-AI | D104: шт | E104: 5.45 | F104: 5.56 | G104: 1 | J104: 148200 | K104: =J104-J104*$K$9/100 -> 148200 | L104: =K104*G104 -> 148200
A105: Кондиционер настенный | B105: Energolux | C105: SAS24DL3-AI/SAU24DL3-AI | D105: шт | E105: 7.32 | F105: 7.76 | G105: 1 | J105: 191600 | K105: =J105-J105*$K$9/100 -> 191600 | L105: =K105*G105 -> 191600
A106: Серия | B106: MURREN | C106: Инверторные сплит-системы настенного типа, охлаждение-нагрев R32, Класс А++. ЦВЕТ ЧЕРНЫЙ. Завод TCL | L106: =K106*G106 -> 0
A107: Кондиционер настенный | B107: Energolux | C107: SAS09M1-AIB/SAU09M1-AIB | D107: шт | E107: 2.6 | F107: 2.63 | G107: 1 | J107: 60200 | K107: =J107-J107*$K$9/100 -> 60200 | L107: =K107*G107 -> 60200
...

Sheet Energolux полупром
I8: Доллар | J8: Евро | K8: Скидка
C9: В Исходный прайс | I9: =Исходный!G10 -> 0 | J9: =Исходный!H10 -> 0 | K9: =Исходный!I10 -> 0
A10: Наименование | B10: Марка | C10: Модель | E10: Хар-ки | G10: Кол-во | H10: Розница | K10: Со скидкой | L10: Итого Рубли
D11: Ед. Изм. | E11: Холод | F11: Тепло | H11: ДОЛЛАР | I11: ЕВРО | J11: РУБЛИ | K11: Рубли
A12: Серия | B12: Кассетный | C12: Серия 6 Energolux (On/Off) охлаждение-нагрев R410. Завод AUX | L12: =K12*G12 -> 0
A13: Кондиционер кассетный | B13: ENERGOLUX | C13: SAC12C6-A/SAU12U6-A | D13: шт | E13: 3.52 | F13: 3.81 | G13: 1 | J13: 82600 | K13: =J13-J13*$K$9/100 -> 82600 | L13: =K13*G13 -> 82600
A14: Кондиционер кассетный | B14: ENERGOLUX | C14: SAC18C6-A/SAU18U6-A | D14: шт | E14: 5.28 | F14: 5.57 | G14: 1 | J14: 86600 | K14: =J14-J14*$K$9/100 -> 86600 | L14: =K14*G14 -> 86600
A15: Кондиционер кассетный | B15: ENERGOLUX | C15: SAC24C6-A/SAU24U6-A | D15: шт | E15: 7.03 | F15: 7.91 | G15: 1 | J15: 111800 | K15: =J15-J15*$K$9/100 -> 111800 | L15: =K15*G15 -> 111800
A16: Кондиционер кассетный | B16: ENERGOLUX | C16: SAC36C6-A/SAU36U6-A | D16: шт | E16: 10.55 | F16: 12.31 | G16: 1 | J16: 150800 | K16: =J16-J16*$K$9/100 -> 150800 | L16: =K16*G16 -> 150800
A17: Кондиционер кассетный | B17: ENERGOLUX | C17: SAC48C6-A/SAU48U6-A | D17: шт | E17: 14.07 | F17: 16.71 | G17: 1 | J17: 189800 | K17: =J17-J17*$K$9/100 -> 189800 | L17: =K17*G17 -> 189800
A18: Кондиционер кассетный | B18: ENERGOLUX | C18: SAC60C6-A/SAU60U6-A | D18: шт | E18: 16.12 | F18: 18.17 | G18: 1 | J18: 198000 | K18: =J18-J18*$K$9/100 -> 198000 | L18: =K18*G18 -> 198000
A19: Серия | B19: Кассетный | C19: Серия 7 Energolux (On/Off) охлаждение-нагрев R410. Завод AUX | L19: =K19*G19 -> 0
A20: Кондиционер кассетный | B20: ENERGOLUX | C20: ESAC12C7_AR1/ESAU12U7_AR1 | D20: шт | E20: 3.5 | F20: 4 | G20: 1 | J20: 83000 | K20: =J20-J20*$K$9/100 -> 83000 | L20: =K20*G20 -> 83000
A21: Кондиционер кассетный | B21: ENERGOLUX | C21: ESAC18C7_AR1/ESAU18U7_AR1 | D21: шт | E21: 5.2 | F21: 5.6 | G21: 1 | J21: 88100 | K21: =J21-J21*$K$9/100 -> 88100 | L21: =K21*G21 -> 88100
A22: Кондиционер кассетный | B22: ENERGOLUX | C22: ESAC24C7_AR1/ESAU24U7_AR1 | D22: шт | E22: 7 | F22: 7.4 | G22: 1 | J22: 116700 | K22: =J22-J22*$K$9/100 -> 116700 | L22: =K22*G22 -> 116700
A23: Кондиционер кассетный | B23: ENERGOLUX | C23: ESAC36C7_AR1/ESAU36U7_AR1 | D23: шт | E23: 10.6 | F23: 11.7 | G23: 1 | J23: 156700 | K23: =J23-J23*$K$9/100 -> 156700 | L23: =K23*G23 -> 156700
A24: Кондиционер кассетный | B24: ENERGOLUX | C24: ESAC48C7_AR1/ESAU48U7_AR1 | D24: шт | E24: 14.1 | F24: 15.2 | G24: 1 | J24: 190000 | K24: =J24-J24*$K$9/100 -> 190000 | L24: =K24*G24 -> 190000
A25: Кондиционер кассетный | B25: ENERGOLUX | C25: ESAC60C7_AR1/ESAU60U7_AR1 | D25: шт | E25: 16.1 | F25: 17.6 | G25: 1 | J25: 198600 | K25: =J25-J25*$K$9/100 -> 198600 | L25: =K25*G25 -> 198600
A26: Серия | B26: Канальный | C26: Серия 6 Energolux канального типа (R410a, тепло/холод, on/off) Завод AUX | L26: =K26*G26 -> 0
A27: Кондиционер канальный | B27: ENERGOLUX | C27: SAD18D6-A/SAU18U6-A | D27: шт | E27: 5.28 | F27: 5.57 | G27: 1 | J27: 83600 | K27: =J27-J27*$K$9/100 -> 83600 | L27: =K27*G27 -> 83600
A28: Кондиционер канальный | B28: ENERGOLUX | C28: SAD24D6-A/SAU24U6-A | D28: шт | E28: 7.03 | F28: 7.91 | G28: 1 | J28: 111600 | K28: =J28-J28*$K$9/100 -> 111600 | L28: =K28*G28 -> 111600
A29: Кондиционер канальный | B29: ENERGOLUX | C29: SAD36D6-A/SAU36U6-A | D29: шт | E29: 10.55 | F29: 12.31 | G29: 1 | J29: 153600 | K29: =J29-J29*$K$9/100 -> 153600 | L29: =K29*G29 -> 153600
A30: Кондиционер канальный | B30: ENERGOLUX | C30: SAD48D6-A/SAU48U6-A | D30: шт | E30: 14.07 | F30: 16.71 | G30: 1 | J30: 186000 | K30: =J30-J30*$K$9/100 -> 186000 | L30: =K30*G30 -> 186000
A31: Кондиционер канальный | B31: ENERGOLUX | C31: SAD60D6-A/SAU60U6-A | D31: шт | E31: 16.12 | F31: 18.17 | G31: 1 | J31: 200000 | K31: =J31-J31*$K$9/100 -> 200000 | L31: =K31*G31 -> 200000
A32: Серия | B32: Канальный | C32: Серия 7 Energolux канального типа (R410a, тепло/холод, on/off) Завод AUX | L32: =K32*G32 -> 0
A33: Кондиционер канальный | B33: ENERGOLUX | C33: ESAD18D7_AR1/ESAU18U7_AR1 | D33: шт | E33: 5.3 | F33: 5.6 | G33: 1 | J33: 85500 | K33: =J33-J33*$K$9/100 -> 85500 | L33: =K33*G33 -> 85500
A34: Кондиционер канальный | B34: ENERGOLUX | C34: ESAD24D7_AR1/ESAU24U7_AR1 | D34: шт | E34: 7 | F34: 7.4 | G34: 1 | J34: 115700 | K34: =J34-J34*$K$9/100 -> 115700 | L34: =K34*G34 -> 115700
A35: Кондиционер канальный | B35: ENERGOLUX | C35: ESAD36D7_AR1/ESAU36U7_AR1 | D35: шт | E35: 10.6 | F35: 11.7 | G35: 1 | J35: 157400 | K35: =J35-J35*$K$9/100 -> 157400 | L35: =K35*G35 -> 157400
A36: Кондиционер канальный | B36: ENERGOLUX | C36: ESAD48D7_AR1/ESAU48U7_AR1 | D36: шт | E36: 14.1 | F36: 15.3 | G36: 1 | J36: 191300 | K36: =J36-J36*$K$9/100 -> 191300 | L36: =K36*G36 -> 191300
A37: Кондиционер канальный | B37: ENERGOLUX | C37: ESAD60D7_AR1/ESAU60U7_AR1 | D37: шт | E37: 16.1 | F37: 17.6 | G37: 1 | J37: 205500 | K37: =J37-J37*$K$9/100 -> 205500 | L37: =K37*G37 -> 205500
A38: Кондиционер канальный | B38: ENERGOLUX | C38: ESAD60HD7_AR1/ESAU60U7_AR1 | D38: шт | E38: 17.6 | F38: 18.5 | G38: 1 | J38: 266400 | K38: =J38-J38*$K$9/100 -> 266400 | L38: =K38*G38 -> 266400
A39: Серия | B39: Канальный | C39: Energolux Высоконапорные канального типа (R410a, тепло/холод, on/off) Завод AUX | L39: =K39*G39 -> 0
A40: Кондиционер канальный | B40: ENERGOLUX | C40: SAD48HD6-A/SAU48U6-A | D40: шт | E40: 14.07 | F40: 16.71 | G40: 1 | J40: 214100 | K40: =J40-J40*$K$9/100 -> 214100 | L40: =K40*G40 -> 214100
A41: Кондиционер канальный | B41: ENERGOLUX | C41: SAD60HD6-A/SAU60U6-A | D41: шт | E41: 16.12 | F41: 18.17 | G41: 1 | J41: 229900 | K41: =J41-J41*$K$9/100 -> 229900 | L41: =K41*G41 -> 229900
A42: Серия | B42: Потолочный | C42: Серия 6 Energolux Напольно-потолочного типа , охлаждение-нагрев Завод AUX | L42: =K42*G42 -> 0
A43: Кондиционер потолочный | B43: ENERGOLUX | C43: SACF18D6-A/SAU18U6-A | D43: шт | E43: 5.57 | F43: 5.86 | G43: 1 | J43: 86200 | K43: =J43-J43*$K$9/100 -> 86200 | L43: =K43*G43 -> 86200
A44: Кондиционер потолочный | B44: ENERGOLUX | C44: SACF24D6-A/SAU24U6-A | D44: шт | E44: 7.03 | F44: 7.91 | G44: 1 | J44: 106800 | K44: =J44-J44*$K$9/100 -> 106800 | L44: =K44*G44 -> 106800
A45: Кондиционер потолочный | B45: ENERGOLUX | C45: SACF36D6-A/SAU36U6-A | D45: шт | E45: 10.55 | F45: 12.3 | G45: 1 | J45: 150400 | K45: =J45-J45*$K$9/100 -> 150400 | L45: =K45*G45 -> 150400
A46: Кондиционер потолочный | B46: ENERGOLUX | C46: SACF48D6-A/SAU48U6-A | D46: шт | E46: 14.1 | F46: 16.7 | G46: 1 | J46: 186000 | K46: =J46-J46*$K$9/100 -> 186000 | L46: =K46*G46 -> 186000
A47: Кондиционер потолочный | B47: ENERGOLUX | C47: SACF60D6-A/SAU60U6-A | D47: шт | E47: 16.12 | F47: 18.2 | G47: 1 | J47: 211400 | K47: =J47-J47*$K$9/100 -> 211400 | L47: =K47*G47 -> 211400
A48: Серия | B48: Потолочный | C48: Серия 7 Energolux Напольно-потолочного типа , охлаждение-нагрев Завод AUX | L48: =K48*G48 -> 0
A49: Кондиционер потолочный | B49: ENERGOLUX | C49: ESACF18D7_AR1/ESAU18U7_AR1 | D49: шт | E49: 5.3 | F49: 5.6 | G49: 1 | J49: 88100 | K49: =J49-J49*$K$9/100 -> 88100 | L49: =K49*G49 -> 88100
A50: Кондиционер потолочный | B50: ENERGOLUX | C50: ESACF24D7_AR1/ESAU24U7_AR1 | D50: шт | E50: 7 | F50: 7.4 | G50: 1 | J50: 110700 | K50: =J50-J50*$K$9/100 -> 110700 | L50: =K50*G50 -> 110700
A51: Кондиционер потолочный | B51: ENERGOLUX | C51: ESACF36D7_AR1/ESAU36U7_AR1 | D51: шт | E51: 10.6 | F51: 11.7 | G51: 1 | J51: 154800 | K51: =J51-J51*$K$9/100 -> 154800 | L51: =K51*G51 -> 154800
A52: Кондиционер потолочный | B52: ENERGOLUX | C52: ESACF48D7_AR1/ESAU48U7_AR1 | D52: шт | E52: 14.1 | F52: 15.2 | G52: 1 | J52: 192500 | K52: =J52-J52*$K$9/100 -> 192500 | L52: =K52*G52 -> 192500
A53: Кондиционер потолочный | B53: ENERGOLUX | C53: ESACF60D7_AR1/ESAU60U7_AR1 | D53: шт | E53: 16.1 | F53: 17.6 | G53: 1 | J53: 212300 | K53: =J53-J53*$K$9/100 -> 212300 | L53: =K53*G53 -> 212300
A54: Серия | B54: Колонный | C54: Серия 6 Energolux Колонного типа , охлаждение-нагрев Завод AUX | L54: =K54*G54 -> 0
A55: Кондиционер колонного типа | B55: ENERGOLUX | C55: SAP24P6-A/SAU24P6-A | D55: шт | E55: 7.04 | F55: 7.92 | G55: 1 | J55: 137900 | K55: =J55-J55*$K$9/100 -> 137900 | L55: =K55*G55 -> 137900
A56: Кондиционер колонного типа | B56: ENERGOLUX | C56: SAP48P6-A/SAU48P6-A | D56: шт | E56: 14.08 | F56: 16.13 | G56: 1 | J56: 217400 | K56: =J56-J56*$K$9/100 -> 217400 | L56: =K56*G56 -> 217400
A57: Кондиционер колонного типа | B57: ENERGOLUX | C57: SAP60P6-A/SAU60P6-A | D57: шт | E57: 17.6 | F57: 18.91 | G57: 1 | J57: 233900 | K57: =J57-J57*$K$9/100 -> 233900 | L57: =K57*G57 -> 233900
A58: Серия | B58: Колонный | C58: Серия 7 Energolux Колонного типа , охлаждение-нагрев. Завод AUX | L58: =K58*G58 -> 0
A59: Кондиционер колонного типа | B59: ENERGOLUX | C59: ESAP24P7_HR2/ESAU24P7_HR2 | D59: шт | E59: 7.2 | F59: 8.1 | G59: 1 | J59: 152800 | K59: =J59-J59*$K$9/100 -> 152800 | L59: =K59*G59 -> 152800
A60: Кондиционер колонного типа | B60: ENERGOLUX | C60: ESAP24P7_HR2/ESAU24P7_HR2 | D60: шт | E60: 14.1 | F60: 15.5 | G60: 1 | J60: 241200 | K60: =J60-J60*$K$9/100 -> 241200 | L60: =K60*G60 -> 241200
A61: Кондиционер колонного типа | B61: ENERGOLUX | C61: ESAP24P7_HR2/ESAU24P7_HR2 | D61: шт | E61: 16.12 | F61: 17.5 | G61: 1 | J61: 276800 | K61: =J61-J61*$K$9/100 -> 276800 | L61: =K61*G61 -> 276800
C62: Аксессуары | L62: =K62*G62 -> 0
A63: Проводной пульт для 6-й серии (кассетного и канального типа) | B63: ENERGOLUX | C63: SWC08A1 (KJR-120N(X4W)/BGEF) | D63: шт | G63: 1 | J63: 11700 | K63: =J63-J63*$K$9/100 -> 11700 | L63: =K63*G63 -> 11700
A64: Wi Fi модуль для 6-й серии (кассетного и канального типа) | B64: ENERGOLUX | C64: SIW09A1 (WF-60А1-С) | D64: шт | G64: 1 | J64: 10100 | K64: =J64-J64*$K$9/100 -> 10100 | L64: =K64*G64 -> 10100
A65: * Внимание!!! ОВИКОМ оставляет за собой право вносить изменение в данный прайс без уведомления клиента!!!
A67: Контактные координаты: Центр Инженерных Решений "ОВИКОМ" г.Пятигорск, Черкесское шоссе, д.27Б 8(938)-653-11-11 отдел продаж e-mail: ovikom26@gmail.com сайт: www.ovikom26.ru

Sheet Energolux ИНверт. полупром
I8: Доллар | J8: Евро | K8: Скидка
C9: В Исходный прайс | I9: =Исходный!G10 -> 0 | J9: =Исходный!H10 -> 0 | K9: =Исходный!I10 -> 0
A10: Наименование | B10: Марка | C10: Модель | E10: Хар-ки | G10: Кол-во | H10: Розница | K10: Со скидкой | L10: Итого Рубли
D11: Ед. Изм. | E11: Холод | F11: Тепло | H11: ДОЛЛАР | I11: ЕВРО | J11: РУБЛИ | K11: Рубли
A12: Серия | B12: Кассетный | C12: Energolux Инвертор Кассетного Типа охлаждение-нагрев R32 Завод AUX | L12: =K12*G12 -> 0
A13: Кондиционер кассетный | B13: ENERGOLUX | C13: ESAC12C1_WF_AR2_DC/ESAU12U1_AR2_DC | D13: шт | E13: 3.52 | F13: 4 | G13: 1 | J13: 105600 | K13: =J13-J13*$K$9/100 -> 105600 | L13: =K13*G13 -> 105600
A14: Кондиционер кассетный | B14: ENERGOLUX | C14: ESAC18C1_WF_AR2_DC/ESAU18U1_AR2_DC | D14: шт | E14: 5.3 | F14: 5.6 | G14: 1 | J14: 120100 | K14: =J14-J14*$K$9/100 -> 120100 | L14: =K14*G14 -> 120100
A15: Кондиционер кассетный | B15: ENERGOLUX | C15: ESAC24C1_WF_AR2_DC/ESAU24U1_AR2_DC | D15: шт | E15: 7.1 | F15: 7.62 | G15: 1 | J15: 144400 | K15: =J15-J15*$K$9/100 -> 144400 | L15: =K15*G15 -> 144400
A16: Кондиционер кассетный | B16: ENERGOLUX | C16: ESAC36C1_WF_AR2_DC/ESAU36U1_AR2_DC | D16: шт | E16: 10.6 | F16: 11.8 | G16: 1 | J16: 194800 | K16: =J16-J16*$K$9/100 -> 194800 | L16: =K16*G16 -> 194800
A17: Кондиционер кассетный | B17: ENERGOLUX | C17: ESAC48C1_WF_AR2_DC/ESAU48U1_AR2_DC | D17: шт | E17: 14.1 | F17: 15.3 | G17: 1 | J17: 235400 | K17: =J17-J17*$K$9/100 -> 235400 | L17: =K17*G17 -> 235400
A18: Кондиционер кассетный | B18: ENERGOLUX | C18: ESAC60C1_WF_AR2_DC/ESAU60U1_AR2_DC | D18: шт | E18: 17 | F18: 18.5 | G18: 1 | J18: 243200 | K18: =J18-J18*$K$9/100 -> 243200 | L18: =K18*G18 -> 243200
A19: Серия | B19: Потолочный | C19: Energolux Инвертор Напольно-потолочного типа , охлаждение-нагрев R32 Завод AUX | L19: =K19*G19 -> 0
A20: Кондиционер потолочный | B20: ENERGOLUX | C20: ESACF18D1_WF_AR2_DC/ESAU18U1_AR2_DC | D20: шт | E20: 5.3 | F20: 5.6 | G20: 1 | J20: 109800 | K20: =J20-J20*$K$9/100 -> 109800 | L20: =K20*G20 -> 109800
A21: Кондиционер потолочный | B21: ENERGOLUX | C21: ESACF24D1_WF_AR2_DC/ESAU24U1_AR2_DC | D21: шт | E21: 7.1 | F21: 7.62 | G21: 1 | J21: 136000 | K21: =J21-J21*$K$9/100 -> 136000 | L21: =K21*G21 -> 136000
A22: Кондиционер потолочный | B22: ENERGOLUX | C22: ESACF36D1_WF_AR2_DC/ESAU36U1_AR2_DC | D22: шт | E22: 10.6 | F22: 11.8 | G22: 1 | J22: 190900 | K22: =J22-J22*$K$9/100 -> 190900 | L22: =K22*G22 -> 190900
A23: Кондиционер потолочный | B23: ENERGOLUX | C23: ESACF48D1_WF_AR2_DC/ESAU48U1_AR2_DC | D23: шт | E23: 14.1 | F23: 15.3 | G23: 1 | J23: 235400 | K23: =J23-J23*$K$9/100 -> 235400 | L23: =K23*G23 -> 235400
A24: Кондиционер потолочный | B24: ENERGOLUX | C24: ESACF60D1_WF_AR2_DC/ESAU60U1_AR2_DC | D24: шт | E24: 17 | F24: 18.5 | G24: 1 | J24: 240500 | K24: =J24-J24*$K$9/100 -> 240500 | L24: =K24*G24 -> 240500
A25: Серия | B25: Канальный | C25: Серия 6 Energolux канального типа (R410a, тепло/холод, on/off) Завод AUX | L25: =K25*G25 -> 0
A26: Кондиционер канальный | B26: ENERGOLUX | C26: ESAD12D1_WF_AR2_DC/ESAU12U1_AR2_DC | D26: шт | E26: 3.52 | F26: 4 | G26: 1 | J26: 100500 | K26: =J26-J26*$K$9/100 -> 100500 | L26: =K26*G26 -> 100500
A27: Кондиционер канальный | B27: ENERGOLUX | C27: ESAD18D1_WF_AR2_DC/ESAU18U1_AR2_DC | D27: шт | E27: 5.3 | F27: 5.6 | G27: 1 | J27: 105600 | K27: =J27-J27*$K$9/100 -> 105600 | L27: =K27*G27 -> 105600
A28: Кондиционер канальный | B28: ENERGOLUX | C28: ESAD24D1_WF_AR2_DC/ESAU24U1_AR2_DC | D28: шт | E28: 7.1 | F28: 7.62 | G28: 1 | J28: 116600 | K28: =J28-J28*$K$9/100 -> 116600 | L28: =K28*G28 -> 116600
A29: Кондиционер канальный | B29: ENERGOLUX | C29: ESAD36D1_WF_AR2_DC/ESAU36U1_AR2_DC | D29: шт | E29: 10.6 | F29: 11.8 | G29: 1 | J29: 186000 | K29: =J29-J29*$K$9/100 -> 186000 | L29: =K29*G29 -> 186000
A30: Кондиционер канальный | B30: ENERGOLUX | C30: ESAD48D1_WF_AR2_DC/ESAU48U1_AR2_DC | D30: шт | E30: 14.1 | F30: 15.3 | G30: 1 | J30: 201400 | K30: =J30-J30*$K$9/100 -> 201400 | L30: =K30*G30 -> 201400
A31: Кондиционер канальный | B31: ENERGOLUX | C31: ESAD60D1_WF_AR2_DC/ESAU60U1_AR2_DC | D31: шт | E31: 17 | F31: 18.5 | G31: 1 | J31: 236600 | K31: =J31-J31*$K$9/100 -> 236600 | L31: =K31*G31 -> 236600
A32: * Внимание!!! ОВИКОМ оставляет за собой право вносить изменение в данный прайс без уведомления клиента!!!
A34: Контактные координаты: Центр Инженерных Решений "ОВИКОМ" г.Пятигорск, Черкесское шоссе, д.27Б 8(938)-653-11-11 отдел продаж e-mail: ovikom26@gmail.com сайт: www.ovikom26.ru

Sheet Energolux Мульти-Сплиты
I8: Доллар | J8: Евро | K8: Скидка
C9: В Исходный прайс | I9: =Исходный!G10 -> 0 | J9: =Исходный!H10 -> 0 | K9: =Исходный!I10 -> 0
A10: Наименование | B10: Марка | C10: Модель | E10: Хар-ки | G10: Кол-во | H10: Розница | K10: Со скидкой | L10: Итого Рубли
D11: Ед. Изм. | E11: Холод | F11: Тепло | H11: ДОЛЛАР | I11: ЕВРО | J11: РУБЛИ | K11: Рубли
A12: Серия | C12: Наружные Блоки ИНВЕРТОРНЫЕ R410a, тепло/холод Завод AUX | L12: =K12*G12 -> 0
A13: Наружный Блок | B13: ENERGOLUX | C13: SAM42M2-AI/5 | D13: шт | E13: 12,1 (2,77-12,8) | F13: 13,0 (2,96-13,1) | G13: 1 | J13: 208100 | K13: =J13-J13*$K$9/100 -> 208100 | L13: =K13*G13 -> 208100
A14: Серия | B14: Настенный | C14: Настенные внутренние Блоки инверторные R410a, тепло/холод | L14: =K14*G14 -> 0
A15: Внутренний Блок настенный | B15: ENERGOLUX | C15: SAS18M5-AI | D15: шт | E15: 5.27 | F15: 5.38 | G15: 1 | J15: 31400 | K15: =J15-J15*$K$9/100 -> 31400 | L15: =K15*G15 -> 31400
A16: Внутренний Блок настенный | B16: ENERGOLUX | C16: SAS24M5-AI | D16: шт | E16: 6.9 | F16: 7.05 | G16: 1 | J16: 43500 | K16: =J16-J16*$K$9/100 -> 43500 | L16: =K16*G16 -> 43500
A17: Серия | B17: Настенный | C17: Настенные внутренние Блоки инверторные R410a, тепло/холод ПАНЕЛЬ White Mirror (Белое Зеркало) | L17: =K17*G17 -> 0
A18: Внутренний Блок настенный | B18: ENERGOLUX | C18: SAS07M3-AI | D18: шт | E18: 2.05 | F18: 2.35 | G18: 1 | J18: 19300 | K18: =J18-J18*$K$9/100 -> 19300 | L18: =K18*G18 -> 19300
A19: Внутренний Блок настенный | B19: ENERGOLUX | C19: SAS09M3-AI | D19: шт | E19: 2.64 | F19: 2.93 | G19: 1 | J19: 20100 | K19: =J19-J19*$K$9/100 -> 20100 | L19: =K19*G19 -> 20100
A20: Внутренний Блок настенный | B20: ENERGOLUX | C20: SAS24M3-AI | D20: шт | E20: 6.9 | F20: 7.05 | G20: 1 | J20: 39200 | K20: =J20-J20*$K$9/100 -> 39200 | L20: =K20*G20 -> 39200
A21: Серия | B21: Настенный | C21: Настенные внутренние Блоки инверторные R410a, тепло/холод ЧЕРНАЯ ПАНЕЛЬ | L21: =K21*G21 -> 0
A22: Внутренний Блок настенный | B22: ENERGOLUX | C22: SAS09M3-AIB | D22: шт | E22: 2.64 | F22: 2.93 | G22: 1 | J22: 22700 | K22: =J22-J22*$K$9/100 -> 22700 | L22: =K22*G22 -> 22700
A23: Внутренний Блок настенный | B23: ENERGOLUX | C23: SAS12M3-AIB | D23: шт | E23: 3.52 | F23: 3.81 | G23: 1 | J23: 26200 | K23: =J23-J23*$K$9/100 -> 26200 | L23: =K23*G23 -> 26200
A24: Внутренний Блок настенный | B24: ENERGOLUX | C24: SAS18M3-AIB | D24: шт | E24: 5.27 | F24: 5.38 | G24: 1 | J24: 32300 | K24: =J24-J24*$K$9/100 -> 32300 | L24: =K24*G24 -> 32300
A25: Серия | B25: Кассетный | C25: Кассетные внутренние Блоки инверторные R410a, тепло/холод | L25: =K25*G25 -> 0
A26: Внутренний Блок Кассетный | B26: ENERGOLUX | C26: SAC12M2-AI | D26: шт | E26: 3.52 | F26: 3.81 | G26: 1 | J26: 46100 | K26: =J26-J26*$K$9/100 -> 46100 | L26: =K26*G26 -> 46100
A27: Серия | B27: Канальный | C27: Канальные внутренние Блоки инверторные R410a, тепло/холод | L27: =K27*G27 -> 0
A28: Внутренний Блок Канальный | B28: ENERGOLUX | C28: SAD07M1-AI | D28: шт | E28: 2.2 | F28: 2.5 | G28: 1 | J28: 40200 | K28: =J28-J28*$K$9/100 -> 40200 | L28: =K28*G28 -> 40200
A29: Внутренний Блок Канальный | B29: ENERGOLUX | C29: SAD09M1-AI | D29: шт | E29: 2.6 | F29: 2.9 | G29: 1 | J29: 42400 | K29: =J29-J29*$K$9/100 -> 42400 | L29: =K29*G29 -> 42400
A30: Внутренний Блок Канальный | B30: ENERGOLUX | C30: SAD12M5-AI | D30: шт | E30: 3.52 | F30: 3.81 | G30: 1 | J30: 44400 | K30: =J30-J30*$K$9/100 -> 44400 | L30: =K30*G30 -> 44400
A31: Внутренний Блок Канальный | B31: ENERGOLUX | C31: SAD18M5-AI | D31: шт | E31: 5.28 | F31: 5.6 | G31: 1 | J31: 51800 | K31: =J31-J31*$K$9/100 -> 51800 | L31: =K31*G31 -> 51800
A32: Обновленный SMART MULTI 2026 NEW | L32: =K32*G32 -> 0
A33: Серия | C33: Наружные Блоки ИНВЕРТОРНЫЕ R32, тепло/холод | L33: =K33*G33 -> 0
A34: Наружный Блок | B34: ENERGOLUX | C34: ESAM14M2_AR2_DC2 | D34: шт | E34: 4,1 (1,8-4,51) | F34: 4,5 (2,05-5,28) | G34: 1 | J34: 94800 | K34: =J34-J34*$K$9/100 -> 94800 | L34: =K34*G34 -> 94800
A35: Наружный Блок | B35: ENERGOLUX | C35: ESAM18M2_AR2_DC2 | D35: шт | E35: 5,3 (2,05-5,83) | F35: 5,6 (2,21-6,16) | G35: 1 | J35: 98600 | K35: =J35-J35*$K$9/100 -> 98600 | L35: =K35*G35 -> 98600
A36: Наружный Блок | B36: ENERGOLUX | C36: ESAM21M2_AR2_DC3 | D36: шт | E36: 6,2 (2,20-6,71) | F36: 6,6 (2,39-7,26) | G36: 1 | J36: 125400 | K36: =J36-J36*$K$9/100 -> 125400 | L36: =K36*G36 -> 125400
A37: Наружный Блок | B37: ENERGOLUX | C37: ESAM27M2_AR2_DC3 | D37: шт | E37: 7,9 (2,30-8,69) | F37: 8,2 (2,45-9,02) | G37: 1 | J37: 136000 | K37: =J37-J37*$K$9/100 -> 136000 | L37: =K37*G37 -> 136000
A38: Наружный Блок | B38: ENERGOLUX | C38: ESAM28M2_AR2_DC4 | D38: шт | E38: 8,0 (2,5-9,80) | F38: 9,4 (2,67-10,14) | G38: 1 | J38: 192300 | K38: =J38-J38*$K$9/100 -> 192300 | L38: =K38*G38 -> 192300
A39: Наружный Блок | B39: ENERGOLUX | C39: ESAM36M2_AR2_DC4 | D39: шт | E39: 10,6 (2,5-11,0) | F39: 11,0 (2,67-11,2) | G39: 1 | J39: 225200 | K39: =J39-J39*$K$9/100 -> 225200 | L39: =K39*G39 -> 225200
A40: Наружный Блок | B40: ENERGOLUX | C40: ESAM42M2_AR2_DC5 | D40: шт | E40: 12,0 (2,77-12,7) | F40: 13,0 (2,96-13,1) | G40: 1 | J40: 235900 | K40: =J40-J40*$K$9/100 -> 235900 | L40: =K40*G40 -> 235900
A41: Серия | B41: Настенный | C41: Настенные внутренние Блоки инверторные R32, тепло/холод ПАНЕЛЬ White Mirror (Белое Зеркало) Работает с Алисой | L41: =K41*G41 -> 0
A42: Внутренний Блок настенный | B42: ENERGOLUX | C42: ESAS07M3_WF_AR2_DC | D42: шт | E42: 2,05 (1,13-2,70) | F42: 2,35 (0,98-2,50) | G42: 1 | J42: 24200 | K42: =J42-J42*$K$9/100 -> 24200 | L42: =K42*G42 -> 24200
A43: Внутренний Блок настенный | B43: ENERGOLUX | C43: ESAS09M3_WF_AR2_DC | D43: шт | E43: 2,64 (1,40-3,30) | F43: 2,93 (1,20-3,00) | G43: 1 | J43: 24600 | K43: =J43-J43*$K$9/100 -> 24600 | L43: =K43*G43 -> 24600
A44: Внутренний Блок настенный | B44: ENERGOLUX | C44: ESAS12M3_WF_AR2_DC | D44: шт | E44: 3,52 (1,70-3,70) | F44: 3,81 (2,03-4,42) | G44: 1 | J44: 26300 | K44: =J44-J44*$K$9/100 -> 26300 | L44: =K44*G44 -> 26300
A45: Внутренний Блок настенный | B45: ENERGOLUX | C45: ESAS18M3_WF_AR2_DC | D45: шт | E45: 5,27 (2,50-5,80) | F45: 5,38 (2,25-5,80) | G45: 1 | J45: 35200 | K45: =J45-J45*$K$9/100 -> 35200 | L45: =K45*G45 -> 35200
A46: Внутренний Блок настенный | B46: ENERGOLUX | C46: ESAS24M3_WF_AR2_DC | D46: шт | E46: 6,90 (2,90-7,30) | F46: 7,05 (2,10-8,00) | G46: 1 | J46: 48500 | K46: =J46-J46*$K$9/100 -> 48500 | L46: =K46*G46 -> 48500
A47: Серия | B47: Настенный | C47: Настенные внутренние Блоки инверторные R32, тепло/холод ПАНЕЛЬ BLACK Mirror (Черное Зеркало) Работает с Алисой | L47: =K47*G47 -> 0
A48: Внутренний Блок настенный | B48: ENERGOLUX | C48: ESAS07M3_WFB_AR2_DC | D48: шт | E48: 2,05 (1,13-2,70) | F48: 2,35 (0,98-2,50) | G48: 1 | J48: 25900 | K48: =J48-J48*$K$9/100 -> 25900 | L48: =K48*G48 -> 25900
A49: Внутренний Блок настенный | B49: ENERGOLUX | C49: ESAS09M3_WFB_AR2_DC | D49: шт | E49: 2,64 (1,40-3,30) | F49: 2,93 (1,20-3,00) | G49: 1 | J49: 29600 | K49: =J49-J49*$K$9/100 -> 29600 | L49: =K49*G49 -> 29600
A50: Внутренний Блок настенный | B50: ENERGOLUX | C50: ESAS12M3_WFB_AR2_DC | D50: шт | E50: 3,52 (1,70~3,70) | F50: 3,81 (2,03-4,42) | G50: 1 | J50: 30400 | K50: =J50-J50*$K$9/100 -> 30400 | L50: =K50*G50 -> 30400
A51: Внутренний Блок настенный | B51: ENERGOLUX | C51: ESAS18M3_WFB_AR2_DC | D51: шт | E51: 5,27 (2,50-5,80) | F51: 5,38 (2,25-5,80) | G51: 1 | J51: 36900 | K51: =J51-J51*$K$9/100 -> 36900 | L51: =K51*G51 -> 36900
A52: Серия | B52: Настенный | C52: Настенные внутренние Блоки инверторные R32, тепло/холод ПАНЕЛЬ Белая матовая Работает с Алисой | L52: =K52*G52 -> 0
A53: Внутренний Блок настенный | B53: ENERGOLUX | C53: ESAS07M6_WF_AR2_DC | D53: шт | E53: 2,05 (1,13-2,70) | F53: 2,35 (0,98-2,50) | G53: 1 | J53: 24200 | K53: =J53-J53*$K$9/100 -> 24200 | L53: =K53*G53 -> 24200
A54: Внутренний Блок настенный | B54: ENERGOLUX | C54: ESAS09M6_WF_AR2_DC | D54: шт | E54: 2,64 (1,40-3,30) | F54: 2,93 (1,2-3,00) | G54: 1 | J54: 24600 | K54: =J54-J54*$K$9/100 -> 24600 | L54: =K54*G54 -> 24600
A55: Внутренний Блок настенный | B55: ENERGOLUX | C55: ESAS12M6_WF_AR2_DC | D55: шт | E55: 3,52 (1,70-3,70) | F55: 3,81 (2,03-4,42) | G55: 1 | J55: 26300 | K55: =J55-J55*$K$9/100 -> 26300 | L55: =K55*G55 -> 26300
A56: Внутренний Блок настенный | B56: ENERGOLUX | C56: ESAS18M6_WF_AR2_DC | D56: шт | E56: 5,27 (2,50-5,80) | F56: 5,38 (2,25-5,80) | G56: 1 | J56: 35200 | K56: =J56-J56*$K$9/100 -> 35200 | L56: =K56*G56 -> 35200
A57: Внутренний Блок настенный | B57: ENERGOLUX | C57: ESAS24M6_WF_AR2_DC | D57: шт | E57: 6,90 (2,90-7,30) | F57: 7,05 (2,10-8,00) | G57: 1 | J57: 48500 | K57: =J57-J57*$K$9/100 -> 48500 | L57: =K57*G57 -> 48500
A58: Серия | B58: Кассетный | C58: Кассетные внутренние Блоки инверторные R32, тепло/холод Работает с Алисой | L58: =K58*G58 -> 0
A59: Внутренний Блок Кассетный | B59: ENERGOLUX | C59: ESAC09M2_WF_AR2_DC | D59: шт | E59: 2,80 (1,50-3,55) | F59: 3,00 (1,60-3,81) | G59: 1 | J59: 54000 | K59: =J59-J59*$K$9/100 -> 54000 | L59: =K59*G59 -> 54000
A60: Внутренний Блок Кассетный | B60: ENERGOLUX | C60: ESAC12M2_WF_AR2_DC | D60: шт | E60: 3,52 (1,70-3,70) | F60: 3,81 (2,03-4,42) | G60: 1 | J60: 54400 | K60: =J60-J60*$K$9/100 -> 54400 | L60: =K60*G60 -> 54400
A61: Внутренний Блок Кассетный | B61: ENERGOLUX | C61: ESAC18M2_WF_AR2_DC | D61: шт | E61: 5,28 (2,50-5,6) | F61: 5,60 (3,03-7,03) | G61: 1 | J61: 57800 | K61: =J61-J61*$K$9/100 -> 57800 | L61: =K61*G61 -> 57800
A62: Внутренний Блок Кассетный | B62: ENERGOLUX | C62: ESAC24M2_WF_AR2_DC | D62: шт | E62: 7,0 (2,16-8,2) | F62: 8,0 (1,98-9,30) | G62: 1 | J62: 101700 | K62: =J62-J62*$K$9/100 -> 101700 | L62: =K62*G62 -> 101700
A63: Серия | B63: Канальный | C63: Канальные внутренние Блоки инверторные R32, тепло/холод. Работает с Алисой | L63: =K63*G63 -> 0
A64: Внутренний Блок Канальный | B64: ENERGOLUX | C64: ESAD07M1_WF_AR2_DC | D64: шт | E64: 2,20 (1,13-2,70) | F64: 2,50 (1,34-3,17) | G64: 1 | J64: 44400 | K64: =J64-J64*$K$9/100 -> 44400 | L64: =K64*G64 -> 44400
A65: Внутренний Блок Канальный | B65: ENERGOLUX | C65: ESAD09M1_WF_AR2_DC | D65: шт | E65: 2,60 (1,50-3,55) | F65: 2,90 (1,70-3,65) | G65: 1 | J65: 47200 | K65: =J65-J65*$K$9/100 -> 47200 | L65: =K65*G65 -> 47200
A66: Внутренний Блок Канальный | B66: ENERGOLUX | C66: ESAD12M5_WF_AR2_DC | D66: шт | E66: 3,52 (1,35-4,40) | F66: 3,81 (1,24-5,30) | G66: 1 | J66: 49100 | K66: =J66-J66*$K$9/100 -> 49100 | L66: =K66*G66 -> 49100
A67: Внутренний Блок Канальный | B67: ENERGOLUX | C67: ESAD18M5_WF_AR2_DC | D67: шт | E67: 5,28 (1,53-5,60) | F67: 5,60 (1,40-6,20) | G67: 1 | J67: 57200 | K67: =J67-J67*$K$9/100 -> 57200 | L67: =K67*G67 -> 57200
A68: Аксессуары | L68: =K68*G68 -> 0
A69: Wi-Fi адаптер для кассет, канальных, потолочных блоков. Блоков SMART MULTI | B69: ENERGOLUX | C69: SIW01A1 | D69: шт | G69: 1 | J69: 5600 | K69: =J69-J69*$K$9/100 -> 5600 | L69: =K69*G69 -> 5600
A70: USB Wi-Fi адаптер для настенных Блоков SMART MULTI | B70: ENERGOLUX | C70: SIW03A1 | D70: шт | G70: 1 | J70: 5200 | K70: =J70-J70*$K$9/100 -> 5200 | L70: =K70*G70 -> 5200
A71: * Внимание!!! ОВИКОМ оставляет за собой право вносить изменение в данный прайс без уведомления клиента!!!
A73: Контактные координаты: Центр Инженерных Решений "ОВИКОМ" г.Пятигорск, Черкесское шоссе, д.27Б 8(938)-653-11-11 отдел продаж e-mail: ovikom26@gmail.com сайт: www.ovikom26.ru

Sheet Energolux Мульти-Сплиты BIG
I8: Доллар | J8: Евро | K8: Скидка
C9: В Исходный прайс | I9: =Исходный!G10 -> 0 | J9: =Исходный!H10 -> 0 | K9: =Исходный!I10 -> 0
A10: Наименование | B10: Марка | C10: Модель | E10: Хар-ки | G10: Кол-во | H10: Розница | K10: Со скидкой | L10: Итого Рубли
D11: Ед. Изм. | E11: Холод | F11: Тепло | H11: ДОЛЛАР | I11: ЕВРО | J11: РУБЛИ | K11: Рубли
A12: Серия | C12: Наружные Блоки ИНВЕРТОРНЫЕ, R32a, тепло/холод, класс А++ Завод GREE | L12: =K12*G12 -> 0
A13: Наружный Блок | B13: ENERGOLUX | C13: SAM14M3-GI/2 | D13: шт | E13: 4.1 | F13: 4.4 | G13: 1 | J13: 108200 | K13: =J13-J13*$K$9/100 -> 108200 | L13: =K13*G13 -> 108200
A14: Наружный Блок | B14: ENERGOLUX | C14: SAM18M3-GI/2 | D14: шт | E14: 5.3 | F14: 5.7 | G14: 1 | J14: 113600 | K14: =J14-J14*$K$9/100 -> 113600 | L14: =K14*G14 -> 113600
A15: Наружный Блок | B15: ENERGOLUX | C15: SAM24M3-GI/3 | D15: шт | E15: 7.1 | F15: 8.6 | G15: 1 | J15: 152000 | K15: =J15-J15*$K$9/100 -> 152000 | L15: =K15*G15 -> 152000
A16: Наружный Блок | B16: ENERGOLUX | C16: SAM27M3-GI/4 | D16: шт | E16: 8 | F16: 9.5 | G16: 1 | J16: 168000 | K16: =J16-J16*$K$9/100 -> 168000 | L16: =K16*G16 -> 168000
A17: Наружный Блок | B17: ENERGOLUX | C17: SAM36M3-GI/4 | D17: шт | E17: 10.6 | F17: 12 | G17: 1 | J17: 243000 | K17: =J17-J17*$K$9/100 -> 243000 | L17: =K17*G17 -> 243000
A18: Наружный Блок | B18: ENERGOLUX | C18: SAM42M3-GI/5 | D18: шт | E18: 12.1 | F18: 13 | G18: 1 | J18: 284400 | K18: =J18-J18*$K$9/100 -> 284400 | L18: =K18*G18 -> 284400
A19: Серия | B19: Настенный | C19: Настенные внутренние Блоки ИНВЕРТОРНЫЕ R32a, тепло/холод | L19: =K19*G19 -> 0
A20: Внутренний Блок настенный | B20: ENERGOLUX | C20: SAS07CH3-GI | D20: шт | E20: 2.2 | F20: 2.4 | G20: 1 | J20: 23000 | K20: =J20-J20*$K$9/100 -> 23000 | L20: =K20*G20 -> 23000
A21: Внутренний Блок настенный | B21: ENERGOLUX | C21: SAS18CH3-GI | D21: шт | E21: 4.6 | F21: 5.2 | G21: 1 | J21: 31100 | K21: =J21-J21*$K$9/100 -> 31100 | L21: =K21*G21 -> 31100
A22: Серия | B22: Настенный | C22: Настенные внутренние Блоки ИНВЕРТОРНЫЕ R32a, тепло/холод | L22: =K22*G22 -> 0
A23: Внутренний Блок настенный | B23: ENERGOLUX | C23: SAS07CH3-AI | D23: шт | E23: 2.2 | F23: 2.4 | G23: 1 | J23: 21200 | K23: =J23-J23*$K$9/100 -> 21200 | L23: =K23*G23 -> 21200
A24: Серия BADEN DC | B24: Настенный | C24: Настенные внутренние Блоки ИНВЕРТОРНЫЕ R32a, тепло/холод | L24: =K24*G24 -> 0
A25: Внутренний Блок настенный | B25: ENERGOLUX | C25: SAS07FB1-AI | D25: шт | E25: 2,35 (0,7-3,0) | F25: 2,50 (0,80-3,15) | G25: 1 | J25: 25500 | K25: =J25-J25*$K$9/100 -> 25500 | L25: =K25*G25 -> 25500
A26: Внутренний Блок настенный | B26: ENERGOLUX | C26: SAS09FB1-AI | D26: шт | E26: 2,66 (0,40-3,15) | F26: 2,66 (0,52-3,60) | G26: 1 | J26: 26900 | K26: =J26-J26*$K$9/100 -> 26900 | L26: =K26*G26 -> 26900
A27: Внутренний Блок настенный | B27: ENERGOLUX | C27: SAS12FB1-AI | D27: шт | E27: 3,51 (0,90-4,00) | F27: 3,51 (0,90-4,30) | G27: 1 | J27: 28800 | K27: =J27-J27*$K$9/100 -> 28800 | L27: =K27*G27 -> 28800
A28: Внутренний Блок настенный | B28: ENERGOLUX | C28: SAS18FB1-AI | D28: шт | E28: 5,27 (1,00-5,60) | F28: 5,40 (1,34-5,80) | G28: 1 | J28: 37400 | K28: =J28-J28*$K$9/100 -> 37400 | L28: =K28*G28 -> 37400
A29: Аксессуары | L29: =K29*G29 -> 0
A30: Wi-Fi адаптер для кондиционеро 7-12 BTU | B30: ENERGOLUX | C30: SIW7.9.12G2 | D30: шт | G30: 1 | J30: 5600 | K30: =J30-J30*$K$9/100 -> 5600 | L30: =K30*G30 -> 5600
A31: Wi-Fi адаптер для кондиционеро 18-24 BTU | B31: ENERGOLUX | C31: SIW18.24G2 | D31: шт | G31: 1 | J31: 5600 | K31: =J31-J31*$K$9/100 -> 5600 | L31: =K31*G31 -> 5600
A32: * Внимание!!! ОВИКОМ оставляет за собой право вносить изменение в данный прайс без уведомления клиента!!!
A34: Контактные координаты: Центр Инженерных Решений "ОВИКОМ" г.Пятигорск, Черкесское шоссе, д.27Б 8(938)-653-11-11 отдел продаж e-mail: ovikom26@gmail.com сайт: www.ovikom26.ru

Sheet Частотный преобраз.
A1: 84
A2: Частотные преобразователи IDS-Drive
I8: Доллар | J8: Евро | K8: Скидка
C9: В Исходный прайс | I9: =[1]Исходный!G10 -> 73 | J9: =[1]Исходный!H10 -> 86.5 | K9: =Исходный!I10 -> 0
A10: Наименование | B10: Марка | C10: Модель | E10: Хар-ки | G10: Кол-во | H10: Розница | K10: Со скидкой | L10: Итого Рубли
D11: Ед. Изм. | H11: ДОЛЛАР | I11: ЕВРО | J11: РУБЛИ | K11: Рубли
A12: Однофазные 220-240В
A13: Преобразователь частоты | B13: IDS-Drive | C13: N751T2NK | D13: шт | E13: 0,75кВт, | F13: 220-240B | G13: 1 | J13: 15000 | K13: =J13-J13*$K$9/100 -> 15000 | L13: =K13*G13 -> 15000
A14: Преобразователь частоты | B14: IDS-Drive | C14: N751T2B | D14: шт | E14: 0,75кВт, | F14: 220-240B | G14: 1 | J14: 15000 | K14: =J14-J14*$K$9/100 -> 15000 | L14: =K14*G14 -> 15000
A15: Преобразователь частоты | B15: IDS-Drive | C15: N152T2NK | D15: шт | E15: 1,50кВт, | F15: 220-240B | G15: 1 | J15: 15200 | K15: =J15-J15*$K$9/100 -> 15200 | L15: =K15*G15 -> 15200
A16: Преобразователь частоты | B16: IDS-Drive | C16: N222T2NK | D16: шт | E16: 2.20кВт, | F16: 220-240B | G16: 1 | J16: 19400 | K16: =J16-J16*$K$9/100 -> 19400 | L16: =K16*G16 -> 19400
A17: Трехфахные 380-480 В
A18: Преобразователь частоты | B18: IDS-Drive | C18: N152T4NK | D18: шт | E18: 1,50 кВт, | F18: 370-440B | G18: 1 | J18: 18800 | K18: =J18-J18*$K$9/100 -> 18800 | L18: =K18*G18 -> 18800
A19: Преобразователь частоты | B19: IDS-Drive | C19: N152T4B | D19: шт | E19: 1,50 кВт, | F19: 370-440B | G19: 1 | J19: 18800 | K19: =J19-J19*$K$9/100 -> 18800 | L19: =K19*G19 -> 18800
A20: Преобразователь частоты | B20: IDS-Drive | C20: N222T4NK | D20: шт | E20: 2,20 кВт, | F20: 370-440B | G20: 1 | J20: 20000 | K20: =J20-J20*$K$9/100 -> 20000 | L20: =K20*G20 -> 20000
A21: Преобразователь частоты | B21: IDS-Drive | C21: N222T4B | D21: шт | E21: 2,20 кВт, | F21: 370-440B | G21: 1 | J21: 20000 | K21: =J21-J21*$K$9/100 -> 20000 | L21: =K21*G21 -> 20000
A22: Преобразователь частоты | B22: IDS-Drive | C22: N372T4NK | D22: шт | E22: 3,7 кВт, | F22: 370-440B | G22: 1 | J22: 25900 | K22: =J22-J22*$K$9/100 -> 25900 | L22: =K22*G22 -> 25900
A23: Преобразователь частоты | B23: IDS-Drive | C23: N402T4NK | D23: шт | E23: 4,0 кВт, | F23: 370-440B | G23: 1 | J23: 27000 | K23: =J23-J23*$K$9/100 -> 27000 | L23: =K23*G23 -> 27000
A24: Преобразователь частоты | B24: IDS-Drive | C24: N552T4NK | D24: шт | E24: 5,5 кВт, | F24: 370-440B | G24: 1 | J24: 29400 | K24: =J24-J24*$K$9/100 -> 29400 | L24: =K24*G24 -> 29400
A25: * Внимание!!! ОВИКОМ оставляет за собой право вносить изменение в данный прайс без уведомления клиента!!!
A27: Контактные координаты: Центр Инженерных Решений "ОВИКОМ" г.Пятигорск, Черкесское шоссе, д.27Б 8(938)-653-11-11 отдел продаж e-mail: ovikom26@gmail.com сайт: www.ovikom26.ru

Sheet  Вентиляторы Energolux
A2: Канальные Вентиляторы ENERGOLUX
I8: Доллар | J8: Евро | K8: Скидка
C9: В Исходный прайс | I9: =Исходный!G10 -> 0 | J9: =Исходный!H10 -> 0 | K9: =Исходный!I10 -> 0
A10: Наименование | B10: Марка | C10: Модель | E10: Хар-ки | G10: Кол-во | H10: Розница | K10: Со скидкой | L10: Итого Рубли
D11: Ед. Изм. | H11: ДОЛЛАР | I11: ЕВРО | J11: РУБЛИ | K11: Рубли
A12: Вентиляторы для круглых каналов
A13: Вентилятор канальный | B13: ENERGOLUX | C13: SDC 100XL | D13: шт | G13: 1 | J13: 10940 | K13: =J13-J13*$K$9/100 -> 10940 | L13: =K13*G13 -> 10940
A14: Вентилятор канальный | B14: ENERGOLUX | C14: SDC 125XL | D14: шт | G14: 1 | J14: 11560 | K14: =J14-J14*$K$9/100 -> 11560 | L14: =K14*G14 -> 11560
A15: Вентилятор канальный | B15: ENERGOLUX | C15: SDC 160XL | D15: шт | G15: 1 | J15: 12500 | K15: =J15-J15*$K$9/100 -> 12500 | L15: =K15*G15 -> 12500
A16: Вентилятор канальный | B16: ENERGOLUX | C16: SDC 200XL | D16: шт | G16: 1 | J16: 14200 | K16: =J16-J16*$K$9/100 -> 14200 | L16: =K16*G16 -> 14200
A17: Вентилятор канальный | B17: ENERGOLUX | C17: SDC 250XL | D17: шт | G17: 1 | J17: 16260 | K17: =J17-J17*$K$9/100 -> 16260 | L17: =K17*G17 -> 16260
A18: Вентилятор канальный | B18: ENERGOLUX | C18: SDC 315XL | D18: шт | G18: 1 | J18: 19660 | K18: =J18-J18*$K$9/100 -> 19660 | L18: =K18*G18 -> 19660
A19: Регулятор Скорости
A20: Регулятор Скорости | C20: SRE-2,5 | D20: шт | G20: 1 | J20: 3800 | K20: =J20-J20*$K$9/100 -> 3800 | L20: =K20*G20 -> 3800
A21: * Внимание!!! ОВИКОМ оставляет за собой право вносить изменение в данный прайс без уведомления клиента!!!
A23: Контактные координаты: Центр Инженерных Решений "ОВИКОМ" г.Пятигорск, Черкесское шоссе, д.27Б 8(938)-653-11-11 отдел продаж e-mail: ovikom26@gmail.com сайт: www.ovikom26.ru

Sheet  Вентиляторы Lufberg
A2: Канальные Вентиляторы SUPERVENT
I8: Доллар | J8: Евро | K8: Скидка
C9: В Исходный прайс | I9: =Исходный!G10 -> 0 | J9: =Исходный!H10 -> 0 | K9: =Исходный!I10 -> 0
A10: Наименование | B10: Марка | C10: Модель | E10: Хар-ки | G10: Кол-во | H10: Розница | K10: Со скидкой | L10: Итого Рубли
D11: Ед. Изм. | E11: м3/ч | F11: Напряж. | H11: ДОЛЛАР | I11: ЕВРО | J11: РУБЛИ | K11: Рубли
A12: Вентиляторы канальный с асинхронным двигателем. Управление по напряжению либо преобр. Частоты. Полимерный материал
A13: Вентилятор | B13: Supervent | C13: CL 100 | D13: шт | E13: 470 | F13: 1*230 В | G13: 1 | J13: 10999.6 | K13: =J13-J13*$K$9/100 -> 10999.6 | L13: =K13*G13 -> 10999.6
A14: Вентилятор | B14: Supervent | C14: CL 125 | D14: шт | E14: 570 | F14: 1*230 В | G14: 1 | J14: 11400 | K14: =J14-J14*$K$9/100 -> 11400 | L14: =K14*G14 -> 11400
A15: Вентилятор | B15: Supervent | C15: CL 160 | D15: шт | E15: 940 | F15: 1*230 В | G15: 1 | J15: 14000 | K15: =J15-J15*$K$9/100 -> 14000 | L15: =K15*G15 -> 14000
A16: Вентилятор | B16: Supervent | C16: CL 200 | D16: шт | E16: 1150 | F16: 1*230 В | G16: 1 | J16: 16000 | K16: =J16-J16*$K$9/100 -> 16000 | L16: =K16*G16 -> 16000
A17: Вентилятор | B17: Supervent | C17: CL 250 | D17: шт | E17: 1500 | F17: 1*230 В | G17: 1 | J17: 17800 | K17: =J17-J17*$K$9/100 -> 17800 | L17: =K17*G17 -> 17800
A18: Вентилятор | B18: Supervent | C18: CL 315 | D18: шт | E18: 1800 | F18: 1*230 В | G18: 1 | J18: 21200 | K18: =J18-J18*$K$9/100 -> 21200 | L18: =K18*G18 -> 21200
A19: Вентиляторы канальный с асинхронным двигателем. Управление по напряжению либо преобр. Частоты. Металл + кронштейны
A20: Вентилятор | B20: Supervent | C20: CL 100 M | D20: шт | E20: 290 | F20: 1*230 В | G20: 1 | J20: 8500 | K20: =J20-J20*$K$9/100 -> 8500 | L20: =K20*G20 -> 8500
A21: Вентилятор | B21: Supervent | C21: CL 125 M | D21: шт | E21: 370 | F21: 1*230 В | G21: 1 | J21: 8800 | K21: =J21-J21*$K$9/100 -> 8800 | L21: =K21*G21 -> 8800
A22: Вентилятор | B22: Supervent | C22: CL 160 M | D22: шт | E22: 740 | F22: 1*230 В | G22: 1 | J22: 10300 | K22: =J22-J22*$K$9/100 -> 10300 | L22: =K22*G22 -> 10300
A23: Вентилятор | B23: Supervent | C23: CL 200 M | D23: шт | E23: 1020 | F23: 1*230 В | G23: 1 | J23: 12300 | K23: =J23-J23*$K$9/100 -> 12300 | L23: =K23*G23 -> 12300
A24: Вентилятор | B24: Supervent | C24: CL 250 M | D24: шт | E24: 1050 | F24: 1*230 В | G24: 1 | J24: 13000 | K24: =J24-J24*$K$9/100 -> 13000 | L24: =K24*G24 -> 13000
A25: Вентилятор | B25: Supervent | C25: CL 315 M | D25: шт | E25: 1600 | F25: 1*230 В | G25: 1 | J25: 16200 | K25: =J25-J25*$K$9/100 -> 16200 | L25: =K25*G25 -> 16200
A26: SM энергосберегающие вентиляторы с асинхронным двигателем
A27: Вентилятор | B27: Supervent | C27: SM 250 | D27: шт | E27: 1900 | F27: 1*230 B | G27: 1 | J27: 34200 | K27: =J27-J27*$K$9/100 -> 34200 | L27: =K27*G27 -> 34200
A28: Вентилятор | B28: Supervent | C28: SM 300 | D28: шт | E28: 3150 | F28: 1*230 B | G28: 1 | J28: 47000 | K28: =J28-J28*$K$9/100 -> 47000 | L28: =K28*G28 -> 47000
A29: Вентилятор | B29: Supervent | C29: SM 355 | D29: шт | E29: 6450 | F29: 3*230/400B | G29: 1 | J29: 71600 | K29: =J29-J29*$K$9/100 -> 71600 | L29: =K29*G29 -> 71600
A30: Вентилятор | B30: Supervent | C30: SM 400 | D30: шт | E30: 8850 | F30: 3*230/400B | G30: 1 | J30: 78300 | K30: =J30-J30*$K$9/100 -> 78300 | L30: =K30*G30 -> 78300
A31: Вентилятор канальный с энергосберегающим EC-двигателем
A32: Вентилятор | B32: Supervent | C32: SM 200 EC | D32: шт | E32: 1310 | F32: 1*230 В | G32: 1 | J32: 25300 | K32: =J32-J32*$K$9/100 -> 25300 | L32: =K32*G32 -> 25300
A33: Вентилятор | B33: Supervent | C33: SM 250 EC | D33: шт | E33: 2100 | F33: 1*230 В | G33: 1 | J33: 52100 | K33: =J33-J33*$K$9/100 -> 52100 | L33: =K33*G33 -> 52100
A34: Вентилятор | B34: Supervent | C34: SM 300 EC | D34: шт | E34: 3500 | F34: 1*230 В | G34: 1 | J34: 68099.556 | K34: =J34-J34*$K$9/100 -> 68099.556 | L34: =K34*G34 -> 68099.556
A35: Регулятор Скорости
A36: Регулятор Скорости | C36: SRE-2,5 | D36: шт | G36: 1 | J36: 3800 | K36: =J36-J36*$K$9/100 -> 3800 | L36: =K36*G36 -> 3800
A37: * Внимание!!! ОВИКОМ оставляет за собой право вносить изменение в данный прайс без уведомления клиента!!!
A39: Контактные координаты: Центр Инженерных Решений "ОВИКОМ" г.Пятигорск, Черкесское шоссе, д.27Б 8(938)-653-11-11 отдел продаж e-mail: ovikom26@gmail.com сайт: www.ovikom26.ru

Sheet Привода Lufberg
A2: ЭЛЕКТРОПРИВОДЫ LUFBERG
I8: Доллар | J8: Евро | K8: Скидка
C9: В Исходный прайс | I9: =Исходный!G10 -> 0 | J9: =Исходный!H10 -> 0 | K9: =Исходный!I10 -> 0
A10: Наименование | B10: Марка | C10: Модель | E10: Хар-ки | G10: Кол-во | H10: Розница | K10: Со скидкой | L10: Итого Рубли
D11: Ед. Изм. | E11: Напряж. | F11: Управление | H11: ДОЛЛАР | I11: ЕВРО | J11: РУБЛИ | K11: Рубли
A12: Электропривод БЕЗ пружинного возврата
A13: Электропривод БЕЗ пружинного возврата | B13: Lufberg | C13: DA04N220 | D13: шт | E13: 230AC | F13: 2/3 позиц. | G13: 1 | J13: 10000 | K13: =J13-J13*$K$9/100 -> 10000 | L13: =K13*G13 -> 10000
A14: Электропривод БЕЗ пружинного возврата | B14: Lufberg | C14: DA08N220 | D14: шт | E14: 230AC | F14: 2/3 позиц. | G14: 1 | J14: 13100 | K14: =J14-J14*$K$9/100 -> 13100 | L14: =K14*G14 -> 13100
A15: Электропривод БЕЗ пружинного возврата | B15: Lufberg | C15: DA08N24PI | E15: 24AC | F15: 0(2)-10B/0(4)-20mA | J15: 13800 | K15: =J15-J15*$K$9/100 -> 13800 | L15: =K15*G15 -> 0
L16: =K16*G16 -> 0
A17: Электропривод С пружинным возвратом
A18: Электроприво с пружиннм возвратом | B18: Lufberg | C18: DA05S220 | D18: шт | E18: 230AC | F18: откр/закр | G18: 1 | J18: 14100 | K18: =J18-J18*$K$9/100 -> 14100 | L18: =K18*G18 -> 14100
A19: Электроприво с пружиннм возвратом | B19: Lufberg | C19: DA10S24P | D19: шт | E19: 24AC/DC | F19: 0-10B | G19: 1 | J19: 26200 | K19: =J19-J19*$K$9/100 -> 26200 | L19: =K19*G19 -> 26200
A20: Электроприво с пружиннм возвратом | B20: Lufberg | C20: DA10S220 | D20: шт | E20: 230AC | F20: откр/закр | G20: 1 | J20: 20000 | K20: =J20-J20*$K$9/100 -> 20000 | L20: =K20*G20 -> 20000
L21: =K21*G21 -> 0
A22: * Внимание!!! ОВИКОМ оставляет за собой право вносить изменение в данный прайс без уведомления клиента!!!
A24: Контактные координаты: Центр Инженерных Решений "ОВИКОМ" г.Пятигорск, Черкесское шоссе, д.27Б 8(938)-653-11-11 отдел продаж e-mail: ovikom26@gmail.com сайт: www.ovikom26.ru

Sheet Electrotest
I8: Доллар фиксир. | J8: Евро | K8: Скидка
C9: В Исходный прайс | I9: =Исходный!G10 -> 0 | J9: =Исходный!H10 -> 0 | K9: =Исходный!I10 -> 0
A10: Наименование | B10: Марка | C10: Модель | E10: Хар-ки | G10: Кол-во | H10: Розница | K10: Со скидкой | L10: Итого Рубли
D11: Ед. Изм. | E11: Холод | F11: Тепло | H11: ДОЛЛАР | I11: ЕВРО | J11: РУБЛИ | K11: Рубли
A12: Модуль-шкаф автоматики с выносным пультом управления, для 3-х фазных двигателей
A13: Модуль-шкаф автоматики | B13: ELEСTROTEST | C13: MASTERBOX A RCC W-TR24/5,5 | D13: шт | G13: 1 | J13: 121000 | K13: =J13-J13*$K$9/100 -> 121000 | L13: =K13*G13 -> 121000
A14: Модуль-шкаф автоматики | B14: ELEСTROTEST | C14: OPTIBOX A2 RCC W-TR24/5.5 | D14: шт | G14: 1 | J14: 95500 | K14: =J14-J14*$K$9/100 -> 95500 | L14: =K14*G14 -> 95500
A15: Модуль-шкаф автоматики с выносным пультом управления, для управления вентилятором через внешнее устройство
A16: Модуль-шкаф автоматики | B16: ELEСTROTEST | C16: MASTERBOX A2 RCC E-18S/X | D16: шт | G16: 1 | J16: 142900 | K16: =J16-J16*$K$9/100 -> 142900 | L16: =K16*G16 -> 142900
A17: Модуль-шкаф автоматики | B17: ELEСTROTEST | C17: OPTIBOX M3 WTR24/X | D17: шт | G17: 1 | J17: 71700 | K17: =J17-J17*$K$9/100 -> 71700 | L17: =K17*G17 -> 71700
A18: Контроллер
A19: Контроллер | B19: ELEСTROTEST | C19: OPTIMUS 923 | D19: шт | G19: 1 | J19: 38300 | K19: =J19-J19*$K$9/100 -> 38300 | L19: =K19*G19 -> 38300
A20: Контроллер | B20: ELEСTROTEST | C20: OPTIMUS 523 | D20: шт | G20: 1 | J20: 28600 | K20: =J20-J20*$K$9/100 -> 28600 | L20: =K20*G20 -> 28600
A21: Датчики
A22: Датчик темпер канальный | C22: ET-K PT1000 | D22: шт | G22: 1 | J22: 2860 | K22: =J22-J22*$K$9/100 -> 2860 | L22: =K22*G22 -> 2860
A23: Датчик темпер канальный | C23: HTF-PT1000 | D23: шт | G23: 1 | J23: 3800 | K23: =J23-J23*$K$9/100 -> 3800 | L23: =K23*G23 -> 3800
A24: Датчик темп обратной воды (в комп. с хом.) | C24: ET-A PT1000 | D24: шт | G24: 1 | J24: 2700 | K24: =J24-J24*$K$9/100 -> 2700 | L24: =K24*G24 -> 2700
A25: Датчик темп обратной воды с хомутом | C25: ALTF-PT1000 | D25: шт | G25: 1 | J25: 3400 | K25: =J25-J25*$K$9/100 -> 3400 | L25: =K25*G25 -> 3400
A26: Датчик перепада давления 50-500 Па | C26: LF32-05 | D26: шт | G26: 1 | J26: 1880 | K26: =J26-J26*$K$9/100 -> 1880 | L26: =K26*G26 -> 1880
A27: Датчик Уличный | C27: OSR-1 PT1000 | D27: шт | G27: 1 | J27: 2560 | K27: =J27-J27*$K$9/100 -> 2560 | L27: =K27*G27 -> 2560
A28: Датчик Уличный | C28: ATF1-PT1000 | D28: шт | G28: 1 | J28: 3060 | K28: =J28-J28*$K$9/100 -> 3060 | L28: =K28*G28 -> 3060
A29: Датчик Комнатный | C29: RSP-1 PT1000 | D29: шт | G29: 1 | J29: 2560 | K29: =J29-J29*$K$9/100 -> 2560 | L29: =K29*G29 -> 2560
A30: Датчик Комнатный | C30: RTF1-PT1000 | D30: шт | G30: 1 | J30: 3000 | K30: =J30-J30*$K$9/100 -> 3000 | L30: =K30*G30 -> 3000
A31: Реле Температуры (Датчик от заморозки) | C31: KP61 R (4 м) | D31: шт | G31: 1 | J31: 7300 | K31: =J31-J31*$K$9/100 -> 7300 | L31: =K31*G31 -> 7300
A32: Реле Температуры (Датчик от заморозки) | C32: TS-4 LEFOO (4 м) | D32: шт | G32: 1 | J32: 7300 | K32: =J32-J32*$K$9/100 -> 7300 | L32: =K32*G32 -> 7300
A34: Пульт дистанционного управления | B34: ELEСTROTEST | C34: RC2 | D34: шт | G34: 1 | J34: 10960 | K34: =J34-J34*$K$9/100 -> 10960 | L34: =K34*G34 -> 10960
A35: Панель управления сенсорная iHVAC | C35: VCP-LUX (White) | D35: шт | G35: 1 | J35: 54850 | K35: =J35-J35*$K$9/100 -> 54850 | L35: =K35*G35 -> 54850
A36: * Внимание!!! ОВИКОМ оставляет за собой право вносить изменение в данный прайс без уведомления клиента!!!
A38: Контактные координаты: Центр Инженерных Решений "ОВИКОМ" г.Пятигорск, Черкесское шоссе, д.27Б 8(938)-653-11-11 отдел продаж e-mail: ovikom26@gmail.com сайт: www.ovikom26.ru

Sheet Щит управления 
I8: Доллар фиксир. | J8: Евро | K8: Скидка
C9: В Исходный прайс | I9: 45 | J9: =[2]Исходный!H10 -> 69.1 | K9: =Исходный!I10 -> 0
A10: Наименование | B10: Марка | C10: Модель | G10: Кол-во | H10: Розница | K10: Со скидкой | L10: Итого Рубли
D11: Ед. изм. | H11: ДОЛЛАР | I11: ЕВРО | J11: РУБЛИ | K11: Рубли
A12: Шкаф управления Приточной/Вытяжной/Приточно-Вытяжной установки с водянным нагревателем
A13: Шкаф управления | B13: DIVT | C13: CPI/CPE/CPIE-1FC0,55-HW | D13: шт | G13: 1 | J13: 0 | K13: =J13-J13*$K$9/100 -> 0 | L13: =K13*G13 -> 0
A14: Шкаф управления | B14: DIVT | C14: CPI/CPE/CPIE-1FC0,75-HW | D14: шт | G14: 1 | J14: 0 | K14: =J14-J14*$K$9/100 -> 0 | L14: =K14*G14 -> 0
A15: Шкаф управления | B15: DIVT | C15: CPI/CPE/CPIE-1FC1,5-HW | D15: шт | G15: 1 | J15: 0 | K15: =J15-J15*$K$9/100 -> 0 | L15: =K15*G15 -> 0
A16: Шкаф управления | B16: DIVT | C16: CPI/CPE/CPIE-1FC2,2-HW | D16: шт | G16: 1 | J16: 0 | K16: =J16-J16*$K$9/100 -> 0 | L16: =K16*G16 -> 0
A17: Шкаф управления | B17: DIVT | C17: CPI/CPE/CPIE-3FC0,75-HW | D17: шт | G17: 1 | J17: 0 | K17: =J17-J17*$K$9/100 -> 0 | L17: =K17*G17 -> 0
A18: Шкаф управления | B18: DIVT | C18: CPI/CPE/CPIE-3FC1,5-HW | D18: шт | G18: 1 | J18: 0 | K18: =J18-J18*$K$9/100 -> 0 | L18: =K18*G18 -> 0
A19: Шкаф управления | B19: DIVT | C19: CPI/CPE/CPIE-3FC2,2-HW | D19: шт | G19: 1 | J19: 0 | K19: =J19-J19*$K$9/100 -> 0 | L19: =K19*G19 -> 0
A20: Шкаф управления | B20: DIVT | C20: CPI/CPE/CPIE-3FC4,0-HW | D20: шт | G20: 1 | J20: 0 | K20: =J20-J20*$K$9/100 -> 0 | L20: =K20*G20 -> 0
A21: Шкаф управления | B21: DIVT | C21: CPI/CPE/CPIE-3FC5,5-HW | D21: шт | G21: 1 | J21: 0 | K21: =J21-J21*$K$9/100 -> 0 | L21: =K21*G21 -> 0
A22: Шкаф управления Приточной/Вытяжной/Приточно-Вытяжной установки с электрическим нагревателем
A23: Шкаф управления | B23: DIVT | C23: CPI/CPE/CPIE-1FC0,55-HE | D23: шт | G23: 1 | J23: 0 | K23: =J23-J23*$K$9/100 -> 0 | L23: =K23*G23 -> 0
A24: Шкаф управления | B24: DIVT | C24: CPI/CPE/CPIE-1FC0,75-HE | D24: шт | G24: 1 | J24: 0 | K24: =J24-J24*$K$9/100 -> 0 | L24: =K24*G24 -> 0
A25: Шкаф управления | B25: DIVT | C25: CPI/CPE/CPIE-1FC1,5-HE | D25: шт | G25: 1 | J25: 0 | K25: =J25-J25*$K$9/100 -> 0 | L25: =K25*G25 -> 0
A26: Шкаф управления | B26: DIVT | C26: CPI/CPE/CPIE-1FC2,2-HE | D26: шт | G26: 1 | J26: 0 | K26: =J26-J26*$K$9/100 -> 0 | L26: =K26*G26 -> 0
A27: Шкаф управления | B27: DIVT | C27: CPI/CPE/CPIE-3FC0,75-HE | D27: шт | G27: 1 | J27: 0 | K27: =J27-J27*$K$9/100 -> 0 | L27: =K27*G27 -> 0
A28: Шкаф управления | B28: DIVT | C28: CPI/CPE/CPIE-3FC1,5-HE | D28: шт | G28: 1 | J28: 0 | K28: =J28-J28*$K$9/100 -> 0 | L28: =K28*G28 -> 0
A29: Шкаф управления | B29: DIVT | C29: CPI/CPE/CPIE-3FC2,2-HE | D29: шт | G29: 1 | J29: 0 | K29: =J29-J29*$K$9/100 -> 0 | L29: =K29*G29 -> 0
A30: Шкаф управления | B30: DIVT | C30: CPI/CPE/CPIE-3FC4,0-HE | D30: шт | G30: 1 | J30: 0 | K30: =J30-J30*$K$9/100 -> 0 | L30: =K30*G30 -> 0
A31: Шкаф управления | B31: DIVT | C31: CPI/CPE/CPIE-3FC5,5-HE | D31: шт | G31: 1 | J31: 0 | K31: =J31-J31*$K$9/100 -> 0 | L31: =K31*G31 -> 0
A32: Шкаф управления Приточной/Вытяжной/Приточно-Вытяжной установки с Фреоновым охлождением
A33: Шкаф управления | B33: DIVT | C33: CPI/CPE/CPIE-1FC0,55-HW | D33: шт | G33: 1 | J33: 0 | K33: =J33-J33*$K$9/100 -> 0 | L33: =K33*G33 -> 0
A34: Шкаф управления | B34: DIVT | C34: CPI/CPE/CPIE-1FC0,75-HW | D34: шт | G34: 1 | J34: 0 | K34: =J34-J34*$K$9/100 -> 0 | L34: =K34*G34 -> 0
A35: Шкаф управления | B35: DIVT | C35: CPI/CPE/CPIE-1FC1,5-HW | D35: шт | G35: 1 | J35: 0 | K35: =J35-J35*$K$9/100 -> 0 | L35: =K35*G35 -> 0
A36: Шкаф управления | B36: DIVT | C36: CPI/CPE/CPIE-1FC2,2-HW | D36: шт | G36: 1 | J36: 0 | K36: =J36-J36*$K$9/100 -> 0 | L36: =K36*G36 -> 0
A37: Шкаф управления | B37: DIVT | C37: CPI/CPE/CPIE-3FC0,75-HW | D37: шт | G37: 1 | J37: 0 | K37: =J37-J37*$K$9/100 -> 0 | L37: =K37*G37 -> 0
A38: Шкаф управления | B38: DIVT | C38: CPI/CPE/CPIE-3FC1,5-HW | D38: шт | G38: 1 | J38: 0 | K38: =J38-J38*$K$9/100 -> 0 | L38: =K38*G38 -> 0
A39: Шкаф управления | B39: DIVT | C39: CPI/CPE/CPIE-3FC2,2-HW | D39: шт | G39: 1 | J39: 0 | K39: =J39-J39*$K$9/100 -> 0 | L39: =K39*G39 -> 0
A40: Шкаф управления | B40: DIVT | C40: CPI/CPE/CPIE-3FC4,0-HW | D40: шт | G40: 1 | J40: 0 | K40: =J40-J40*$K$9/100 -> 0 | L40: =K40*G40 -> 0
A41: Шкаф управления | B41: DIVT | C41: CPI/CPE/CPIE-3FC5,5-HW | D41: шт | G41: 1 | J41: 0 | K41: =J41-J41*$K$9/100 -> 0 | L41: =K41*G41 -> 0
A42: Шкаф управления Приточной/Вытяжной/Приточно-Вытяжной установки с Роторным рекуператором
A43: Шкаф управления | B43: DIVT | C43: CPI/CPE/CPIE-1FC0,55-R | D43: шт | G43: 1 | J43: 0 | K43: =J43-J43*$K$9/100 -> 0 | L43: =K43*G43 -> 0
A44: Шкаф управления | B44: DIVT | C44: CPI/CPE/CPIE-1FC0,75-R | D44: шт | G44: 1 | J44: 0 | K44: =J44-J44*$K$9/100 -> 0 | L44: =K44*G44 -> 0
A45: Шкаф управления | B45: DIVT | C45: CPI/CPE/CPIE-1FC1,5-R | D45: шт | G45: 1 | J45: 0 | K45: =J45-J45*$K$9/100 -> 0 | L45: =K45*G45 -> 0
A46: Шкаф управления | B46: DIVT | C46: CPI/CPE/CPIE-1FC2,2-R | D46: шт | G46: 1 | J46: 0 | K46: =J46-J46*$K$9/100 -> 0 | L46: =K46*G46 -> 0
A47: Шкаф управления | B47: DIVT | C47: CPI/CPE/CPIE-3FC0,75-R | D47: шт | G47: 1 | J47: 0 | K47: =J47-J47*$K$9/100 -> 0 | L47: =K47*G47 -> 0
A48: Шкаф управления | B48: DIVT | C48: CPI/CPE/CPIE-3FC1,5-R | D48: шт | G48: 1 | J48: 0 | K48: =J48-J48*$K$9/100 -> 0 | L48: =K48*G48 -> 0
A49: Шкаф управления | B49: DIVT | C49: CPI/CPE/CPIE-3FC2,2-R | D49: шт | G49: 1 | J49: 0 | K49: =J49-J49*$K$9/100 -> 0 | L49: =K49*G49 -> 0
A50: Шкаф управления | B50: DIVT | C50: CPI/CPE/CPIE-3FC4,0-R | D50: шт | G50: 1 | J50: 0 | K50: =J50-J50*$K$9/100 -> 0 | L50: =K50*G50 -> 0
A51: Шкаф управления | B51: DIVT | C51: CPI/CPE/CPIE-3FC5,5-R | D51: шт | G51: 1 | J51: 0 | K51: =J51-J51*$K$9/100 -> 0 | L51: =K51*G51 -> 0
A52: Шкаф управления Приточной/Вытяжной/Приточно-Вытяжной установки с Пластинчатым рекуператором
A53: Шкаф управления | B53: DIVT | C53: CPI/CPE/CPIE-1FC0,55-P | D53: шт | G53: 1 | J53: 0 | K53: =J53-J53*$K$9/100 -> 0 | L53: =K53*G53 -> 0
A54: Шкаф управления | B54: DIVT | C54: CPI/CPE/CPIE-1FC0,75-P | D54: шт | G54: 1 | J54: 0 | K54: =J54-J54*$K$9/100 -> 0 | L54: =K54*G54 -> 0
A55: Шкаф управления | B55: DIVT | C55: CPI/CPE/CPIE-1FC1,5-P | D55: шт | G55: 1 | J55: 0 | K55: =J55-J55*$K$9/100 -> 0 | L55: =K55*G55 -> 0
A56: Шкаф управления | B56: DIVT | C56: CPI/CPE/CPIE-1FC2,2-P | D56: шт | G56: 1 | J56: 0 | K56: =J56-J56*$K$9/100 -> 0 | L56: =K56*G56 -> 0
A57: Шкаф управления | B57: DIVT | C57: CPI/CPE/CPIE-3FC0,75-P | D57: шт | G57: 1 | J57: 0 | K57: =J57-J57*$K$9/100 -> 0 | L57: =K57*G57 -> 0
A58: Шкаф управления | B58: DIVT | C58: CPI/CPE/CPIE-3FC1,5-P | D58: шт | G58: 1 | J58: 0 | K58: =J58-J58*$K$9/100 -> 0 | L58: =K58*G58 -> 0
A59: Шкаф управления | B59: DIVT | C59: CPI/CPE/CPIE-3FC2,2-P | D59: шт | G59: 1 | J59: 0 | K59: =J59-J59*$K$9/100 -> 0 | L59: =K59*G59 -> 0
A60: Шкаф управления | B60: DIVT | C60: CPI/CPE/CPIE-3FC4,0-P | D60: шт | G60: 1 | J60: 0 | K60: =J60-J60*$K$9/100 -> 0 | L60: =K60*G60 -> 0
A61: Шкаф управления | B61: DIVT | C61: CPI/CPE/CPIE-3FC5,5-P | D61: шт | G61: 1 | J61: 0 | K61: =J61-J61*$K$9/100 -> 0 | L61: =K61*G61 -> 0
A62: Шкаф управления Приточной/Вытяжной/Приточно-Вытяжной установки с Гликолевым рекуператором
A63: Шкаф управления | B63: DIVT | C63: CPI/CPE/CPIE-1FC0,55-G | D63: шт | G63: 1 | J63: 0 | K63: =J63-J63*$K$9/100 -> 0 | L63: =K63*G63 -> 0
A64: Шкаф управления | B64: DIVT | C64: CPI/CPE/CPIE-1FC0,75-G | D64: шт | G64: 1 | J64: 0 | K64: =J64-J64*$K$9/100 -> 0 | L64: =K64*G64 -> 0
A65: Шкаф управления | B65: DIVT | C65: CPI/CPE/CPIE-1FC1,5-G | D65: шт | G65: 1 | J65: 0 | K65: =J65-J65*$K$9/100 -> 0 | L65: =K65*G65 -> 0
A66: Шкаф управления | B66: DIVT | C66: CPI/CPE/CPIE-1FC2,2-G | D66: шт | G66: 1 | J66: 0 | K66: =J66-J66*$K$9/100 -> 0 | L66: =K66*G66 -> 0
A67: Шкаф управления | B67: DIVT | C67: CPI/CPE/CPIE-3FC0,75-G | D67: шт | G67: 1 | J67: 0 | K67: =J67-J67*$K$9/100 -> 0 | L67: =K67*G67 -> 0
A68: Шкаф управления | B68: DIVT | C68: CPI/CPE/CPIE-3FC1,5-G | D68: шт | G68: 1 | J68: 0 | K68: =J68-J68*$K$9/100 -> 0 | L68: =K68*G68 -> 0
A69: Шкаф управления | B69: DIVT | C69: CPI/CPE/CPIE-3FC2,2-G | D69: шт | G69: 1 | J69: 0 | K69: =J69-J69*$K$9/100 -> 0 | L69: =K69*G69 -> 0
A70: Шкаф управления | B70: DIVT | C70: CPI/CPE/CPIE-3FC4,0-G | D70: шт | G70: 1 | J70: 0 | K70: =J70-J70*$K$9/100 -> 0 | L70: =K70*G70 -> 0
A71: Шкаф управления | B71: DIVT | C71: CPI/CPE/CPIE-3FC5,5-G | D71: шт | G71: 1 | J71: 0 | K71: =J71-J71*$K$9/100 -> 0 | L71: =K71*G71 -> 0
A72: Шкаф управления Приточной/Вытяжной/Приточно-Вытяжной установки с Камерой смешивания (рециркуляция)
A73: Шкаф управления | B73: DIVT | C73: CPI/CPE/CPIE-1FC0,55-M | D73: шт | G73: 1 | J73: 0 | K73: =J73-J73*$K$9/100 -> 0 | L73: =K73*G73 -> 0
A74: Шкаф управления | B74: DIVT | C74: CPI/CPE/CPIE-1FC0,75-M | D74: шт | G74: 1 | J74: 0 | K74: =J74-J74*$K$9/100 -> 0 | L74: =K74*G74 -> 0
A75: Шкаф управления | B75: DIVT | C75: CPI/CPE/CPIE-1FC1,5-M | D75: шт | G75: 1 | J75: 0 | K75: =J75-J75*$K$9/100 -> 0 | L75: =K75*G75 -> 0
A76: Шкаф управления | B76: DIVT | C76: CPI/CPE/CPIE-1FC2,2-M | D76: шт | G76: 1 | J76: 0 | K76: =J76-J76*$K$9/100 -> 0 | L76: =K76*G76 -> 0
A77: Шкаф управления | B77: DIVT | C77: CPI/CPE/CPIE-3FC0,75-M | D77: шт | G77: 1 | J77: 0 | K77: =J77-J77*$K$9/100 -> 0 | L77: =K77*G77 -> 0
A78: Шкаф управления | B78: DIVT | C78: CPI/CPE/CPIE-3FC1,5-M | D78: шт | G78: 1 | J78: 0 | K78: =J78-J78*$K$9/100 -> 0 | L78: =K78*G78 -> 0
A79: Шкаф управления | B79: DIVT | C79: CPI/CPE/CPIE-3FC2,2-M | D79: шт | G79: 1 | J79: 0 | K79: =J79-J79*$K$9/100 -> 0 | L79: =K79*G79 -> 0
A80: Шкаф управления | B80: DIVT | C80: CPI/CPE/CPIE-3FC4,0-M | D80: шт | G80: 1 | J80: 0 | K80: =J80-J80*$K$9/100 -> 0 | L80: =K80*G80 -> 0
A81: Шкаф управления | B81: DIVT | C81: CPI/CPE/CPIE-3FC5,5-M | D81: шт | G81: 1 | J81: 0 | K81: =J81-J81*$K$9/100 -> 0 | L81: =K81*G81 -> 0
A82: Шкаф управления Приточной/Вытяжной/Приточно-Вытяжной установки с Увлажнением
A83: Шкаф управления | B83: DIVT | C83: CPI/CPE/CPIE-1FC0,55-W | D83: шт | G83: 1 | J83: 0 | K83: =J83-J83*$K$9/100 -> 0 | L83: =K83*G83 -> 0
A84: Шкаф управления | B84: DIVT | C84: CPI/CPE/CPIE-1FC0,75-W | D84: шт | G84: 1 | J84: 0 | K84: =J84-J84*$K$9/100 -> 0 | L84: =K84*G84 -> 0
A85: Шкаф управления | B85: DIVT | C85: CPI/CPE/CPIE-1FC1,5-W | D85: шт | G85: 1 | J85: 0 | K85: =J85-J85*$K$9/100 -> 0 | L85: =K85*G85 -> 0
A86: Шкаф управления | B86: DIVT | C86: CPI/CPE/CPIE-1FC2,2-W | D86: шт | G86: 1 | J86: 0 | K86: =J86-J86*$K$9/100 -> 0 | L86: =K86*G86 -> 0
A87: Шкаф управления | B87: DIVT | C87: CPI/CPE/CPIE-3FC0,75-W | D87: шт | G87: 1 | J87: 0 | K87: =J87-J87*$K$9/100 -> 0 | L87: =K87*G87 -> 0
A88: Шкаф управления | B88: DIVT | C88: CPI/CPE/CPIE-3FC1,5-W | D88: шт | G88: 1 | J88: 0 | K88: =J88-J88*$K$9/100 -> 0 | L88: =K88*G88 -> 0
A89: Шкаф управления | B89: DIVT | C89: CPI/CPE/CPIE-3FC2,2-W | D89: шт | G89: 1 | J89: 0 | K89: =J89-J89*$K$9/100 -> 0 | L89: =K89*G89 -> 0
A90: Шкаф управления | B90: DIVT | C90: CPI/CPE/CPIE-3FC4,0-W | D90: шт | G90: 1 | J90: 0 | K90: =J90-J90*$K$9/100 -> 0 | L90: =K90*G90 -> 0
A91: Шкаф управления | B91: DIVT | C91: CPI/CPE/CPIE-3FC5,5-W | D91: шт | G91: 1 | J91: 0 | K91: =J91-J91*$K$9/100 -> 0 | L91: =K91*G91 -> 0
A92: Шкаф управления Приточной/Вытяжной/Приточно-Вытяжной установки с Управлением по календарю
A93: Шкаф управления | B93: DIVT | C93: CPI/CPE/CPIE-1FC0,55-K | D93: шт | G93: 1 | J93: 0 | K93: =J93-J93*$K$9/100 -> 0 | L93: =K93*G93 -> 0
A94: Шкаф управления | B94: DIVT | C94: CPI/CPE/CPIE-1FC0,75-K | D94: шт | G94: 1 | J94: 0 | K94: =J94-J94*$K$9/100 -> 0 | L94: =K94*G94 -> 0
A95: Шкаф управления | B95: DIVT | C95: CPI/CPE/CPIE-1FC1,5-K | D95: шт | G95: 1 | J95: 0 | K95: =J95-J95*$K$9/100 -> 0 | L95: =K95*G95 -> 0
A96: Шкаф управления | B96: DIVT | C96: CPI/CPE/CPIE-1FC2,2-K | D96: шт | G96: 1 | J96: 0 | K96: =J96-J96*$K$9/100 -> 0 | L96: =K96*G96 -> 0
A97: Шкаф управления | B97: DIVT | C97: CPI/CPE/CPIE-3FC0,75-K | D97: шт | G97: 1 | J97: 0 | K97: =J97-J97*$K$9/100 -> 0 | L97: =K97*G97 -> 0
A98: Шкаф управления | B98: DIVT | C98: CPI/CPE/CPIE-3FC1,5-K | D98: шт | G98: 1 | J98: 0 | K98: =J98-J98*$K$9/100 -> 0 | L98: =K98*G98 -> 0
A99: Шкаф управления | B99: DIVT | C99: CPI/CPE/CPIE-3FC2,2-K | D99: шт | G99: 1 | J99: 0 | K99: =J99-J99*$K$9/100 -> 0 | L99: =K99*G99 -> 0
A100: Шкаф управления | B100: DIVT | C100: CPI/CPE/CPIE-3FC4,0-K | D100: шт | G100: 1 | J100: 0 | K100: =J100-J100*$K$9/100 -> 0 | L100: =K100*G100 -> 0
A101: Шкаф управления | B101: DIVT | C101: CPI/CPE/CPIE-3FC5,5-K | D101: шт | G101: 1 | J101: 0 | K101: =J101-J101*$K$9/100 -> 0 | L101: =K101*G101 -> 0
A102: Дополнительные функции
A103: Дополнительные вх/вых | C103: Модуль MR-0504-00-0 | D103: шт | G103: 1 | J103: 0 | K103: =J103-J103*$K$9/100 -> 0 | L103: =K103*G103 -> 0
A104: Выставление графика Работы | C104: Модуль Eeprom-0128-01 | D104: шт | G104: 1 | J104: 0 | K104: =J104-J104*$K$9/100 -> 0 | L104: =K104*G104 -> 0
A105: * Внимание!!! ОВИКОМ оставляет за собой право вносить изменение в данный прайс без уведомления клиента!!!
A107: Контактные координаты: Центр Инженерных Решений "ОВИКОМ" г.Пятигорск, Черкесское шоссе, д.27Б 8(938)-653-11-11 отдел продаж e-mail: ovikom26@gmail.com сайт: www.ovikom26.ru

Sheet Узлы DIVT (воздухонагрев)
A2: Узлы регулирования воздухонагревателей приточных установок
I8: Доллар | J8: Евро | K8: Скидка
C9: В Исходный прайс | I9: =Исходный!G10 -> 0 | J9: =Исходный!H10 -> 0 | K9: =Исходный!I10 -> 0
A10: Наименование | B10: Марка | C10: Модель | E10: Хар-ки | G10: Кол-во | H10: Розница | K10: Со скидкой | L10: Итого Рубли
D11: Ед. Изм. | E11: Насосы Grundfos | H11: ДОЛЛАР | I11: ЕВРО | J11: РУБЛИ | K11: Рубли
A12: Смесительные узлы SU Исполнение №1 (без гибких подводок и без термоманометров)
A13: Управление 0-10 В. Электропривод LUFBERG
A14: Смесительный узел | B14: DIVT | C14: SU 40-4,0 (24PI) | D14: шт | F14: BV-3-20-4 | J14: 83900 | K14: =J14-J14*$K$9/100 -> 83900 | L14: =K14*G14 -> 0
A15: Смесительный узел | B15: DIVT | C15: SU 60-4,0 (24PI) | D15: шт | F15: BV-3-20-4 | G15: 1 | J15: 85200 | K15: =J15-J15*$K$9/100 -> 85200 | L15: =K15*G15 -> 85200
A16: Смесительный узел | B16: DIVT | C16: SU 60-6,3 (24PI) | D16: шт | F16: BV-3-20-6,3 | G16: 1 | J16: 85200 | K16: =J16-J16*$K$9/100 -> 85200 | L16: =K16*G16 -> 85200
A17: Смесительный узел | B17: DIVT | C17: SU 80-6,3 (24PI) | D17: шт | F17: BV-3-20-6,3 | G17: 1 | J17: 114600 | K17: =J17-J17*$K$9/100 -> 114600 | L17: =K17*G17 -> 114600
A19: Исполнение №2 (с гибкими подводками, НО БЕЗ термоманометров)
A20: Гибкая подводка | J20: 6200 | K20: =J20-J20*$K$9/100 -> 6200 | L20: =K20*G20 -> 0
A22: Исполнение №3 (БЕЗ гибких подводок, НО С термоманометрами)
A23: Термоманометры | J23: 3200 | K23: =J23-J23*$K$9/100 -> 3200 | L23: =K23*G23 -> 0
A25: Исполнение №4 (с гибкии подводками и термоманометрами)
A26: Гибкая подводка и термоманометры | J26: 9400 | K26: =J26-J26*$K$9/100 -> 9400 | L26: =K26*G26 -> 0
A27: * Внимание!!! ОВИКОМ оставляет за собой право вносить изменение в данный прайс без уведомления клиента!!!
A29: Контактные координаты: Центр Инженерных Решений "ОВИКОМ" г.Пятигорск, Черкесское шоссе, д.27Б 8(938)-653-11-11 отдел продаж e-mail: ovikom26@gmail.com сайт: www.ovikom26.ru

Sheet Круглые изд. из оц. стали
A7: Круглые изделия из оцинкованной стали
I8: Доллар | J8: Евро | K8: Скидка
C9: В Исходный прайс | I9: =Исходный!G10 -> 0 | J9: =Исходный!H10 -> 0 | K9: =Исходный!I10 -> 0
A10: Наименование | B10: Марка | C10: Модель | E10: Хар-ки | G10: Кол-во | H10: Розница | K10: Со скидкой | L10: Итого Рубли
D11: Ед. Изм. | E11: Холод | F11: Тепло | H11: ДОЛЛАР | I11: ЕВРО | J11: РУБЛИ | K11: Рубли
B12: Спирально-навивные Воздуховоды кроглого сечения | L12: =K12*G12 -> 0
A13: Воздуховод спирально-навивной (0,5 мм) | B13: DIVT | C13: 100 L-3000 мм | D13: шт | G13: 1 | J13: 1222.56 | K13: =J13-J13*$K$9/100 -> 1222.56 | L13: =K13*G13 -> 1222.56
A14: Воздуховод спирально-навивной (0,5 мм) | B14: DIVT | C14: 125 L-3000 мм | D14: шт | G14: 1 | J14: 1526.24 | K14: =J14-J14*$K$9/100 -> 1526.24 | L14: =K14*G14 -> 1526.24
A15: Воздуховод спирально-навивной (0,5 мм) | B15: DIVT | C15: 160 L-3000 мм | D15: шт | G15: 1 | J15: 1955.58 | K15: =J15-J15*$K$9/100 -> 1955.58 | L15: =K15*G15 -> 1955.58
A16: Воздуховод спирально-навивной (0,5 мм) | B16: DIVT | C16: 200 L-3000 мм | D16: шт | G16: 1 | J16: 2442.5 | K16: =J16-J16*$K$9/100 -> 2442.5 | L16: =K16*G16 -> 2442.5
A17: Воздуховод спирально-навивной (0,5 мм) | B17: DIVT | C17: 250 L-3000 мм | D17: шт | G17: 1 | J17: 3052.45 | K17: =J17-J17*$K$9/100 -> 3052.45 | L17: =K17*G17 -> 3052.45
A18: Воздуховод спирально-навивной (0,5 мм) | B18: DIVT | C18: 315 L-3000 мм | D18: шт | G18: 1 | J18: 4003.4 | K18: =J18-J18*$K$9/100 -> 4003.4 | L18: =K18*G18 -> 4003.4
A19: Воздуховод спирально-навивной (0,5 мм) | B19: DIVT | C19: 355 L-3000 мм | D19: шт | G19: 1 | J19: 4512.98 | K19: =J19-J19*$K$9/100 -> 4512.98 | L19: =K19*G19 -> 4512.98
A20: Воздуховод спирально-навивной (0,7 мм) | B20: DIVT | C20: 400 L-3000 мм | D20: шт | G20: 1 | J20: 6483.22 | K20: =J20-J20*$K$9/100 -> 6483.22 | L20: =K20*G20 -> 6483.22
A21: Воздуховод спирально-навивной (0,7 мм) | B21: DIVT | C21: 450 L-3000 мм | D21: шт | G21: 1 | J21: 7293.3 | K21: =J21-J21*$K$9/100 -> 7293.3 | L21: =K21*G21 -> 7293.3
A22: Воздуховод спирально-навивной (0,7 мм) | B22: DIVT | C22: 500 L-3000 мм | D22: шт | G22: 1 | J22: 8103.36 | K22: =J22-J22*$K$9/100 -> 8103.36 | L22: =K22*G22 -> 8103.36
A23: Воздуховод спирально-навивной (0,7 мм) | B23: DIVT | C23: 560 L-3000 мм | D23: шт | G23: 1 | J23: 9076.5 | K23: =J23-J23*$K$9/100 -> 9076.5 | L23: =K23*G23 -> 9076.5
A24: Воздуховод спирально-навивной (0,7 мм) | B24: DIVT | C24: 630 L-3000 мм | D24: шт | G24: 1 | J24: 10212.71 | K24: =J24-J24*$K$9/100 -> 10212.71 | L24: =K24*G24 -> 10212.71
... A29: Воздуховод спирально-навивной (0,7 мм) | B29: DIVT | C29: 1120 L-3000 мм | D29: шт | G29: 1 | J29: 17872.13 | K29: =J29-J29*$K$9/100 -> 17872.13 | L29: =K29*G29 -> 17872.13
B30: Отводы круглого сечения | L30: =K30*G30 -> 0
A31: Отвод из оцинкованной стали | B31: DIVT | C31: 100 | D31: шт | G31: 1 | J31: 620 | K31: =J31-J31*$K$9/100 -> 620 | L31: =K31*G31 -> 620
A32: Отвод из оцинкованной стали | B32: DIVT | C32: 125 | D32: шт | G32: 1 | J32: 730 | K32: =J32-J32*$K$9/100 -> 730 | L32: =K32*G32 -> 730
A33: Отвод из оцинкованной стали | B33: DIVT | C33: 160 | D33: шт | G33: 1 | J33: 900 | K33: =J33-J33*$K$9/100 -> 900 | L33: =K33*G33 -> 900
A34: Отвод из оцинкованной стали | B34: DIVT | C34: 200 | D34: шт | G34: 1 | J34: 1210 | K34: =J34-J34*$K$9/100 -> 1210 | L34: =K34*G34 -> 1210
A35: Отвод из оцинкованной стали | B35: DIVT | C35: 250 | D35: шт | G35: 1 | J35: 1740 | K35: =J35-J35*$K$9/100 -> 1740 | L35: =K35*G35 -> 1740
A36: Отвод из оцинкованной стали | B36: DIVT | C36: 315 | D36: шт | G36: 1 | J36: 2100 | K36: =J36-J36*$K$9/100 -> 2100 | L36: =K36*G36 -> 2100
A37: Отвод из оцинкованной стали | B37: DIVT | C37: 355 | D37: шт | G37: 1 | J37: 2400 | K37: =J37-J37*$K$9/100 -> 2400 | L37: =K37*G37 -> 2400
A38: Отвод из оцинкованной стали | B38: DIVT | C38: 400 | D38: шт | G38: 1 | J38: 4840 | K38: =J38-J38*$K$9/100 -> 4840 | L38: =K38*G38 -> 4840
A39: Отвод из оцинкованной стали | B39: DIVT | C39: 450 | D39: шт | G39: 1 | J39: 7000 | K39: =J39-J39*$K$9/100 -> 7000 | L39: =K39*G39 -> 7000
A40: Отвод из оцинкованной стали | B40: DIVT | C40: 500 | D40: шт | G40: 1 | J40: 8540 | K40: =J40-J40*$K$9/100 -> 8540 | L40: =K40*G40 -> 8540
A41: Отвод из оцинкованной стали | B41: DIVT | C41: 560 | D41: шт | G41: 1 | J41: 0 | K41: =J41-J41*$K$9/100 -> 0 | L41: =K41*G41 -> 0
A42: Отвод из оцинкованной стали | B42: DIVT | C42: 630 | D42: шт | G42: 1 | J42: 0 | K42: =J42-J42*$K$9/100 -> 0 | L42: =K42*G42 -> 0
A43: Отвод из оцинкованной стали | B43: DIVT | C43: 710 | D43: шт | G43: 1 | J43: 0 | K43: =J43-J43*$K$9/100 -> 0 | L43: =K43*G43 -> 0
A44: Отвод из оцинкованной стали | B44: DIVT | C44: 800 | D44: шт | G44: 1 | H44: по запросу | J44: 0 | K44: =J44-J44*$K$9/100 -> 0 | L44: =K44*G44 -> 0
A45: Отвод из оцинкованной стали | B45: DIVT | C45: 1000 | D45: шт | G45: 1 | H45: по запросу | J45: 0 | K45: =J45-J45*$K$9/100 -> 0 | L45: =K45*G45 -> 0
A46: Отвод из оцинкованной стали | B46: DIVT | C46: 1120 | D46: шт | G46: 1 | H46: по запросу | J46: 0 | K46: =J46-J46*$K$9/100 -> 0 | L46: =K46*G46 -> 0
B47: Полуотводы круглого сечения | L47: =K47*G47 -> 0
A48: Полуотвод из оцинкованной стали | B48: DIVT | C48: 100 | D48: шт | G48: 1 | J48: 430 | K48: =J48-J48*$K$9/100 -> 430 | L48: =K48*G48 -> 430
A49: Полуотвод из оцинкованной стали | B49: DIVT | C49: 125 | D49: шт | G49: 1 | J49: 490 | K49: =J49-J49*$K$9/100 -> 490 | L49: =K49*G49 -> 490
A50: Полуотвод из оцинкованной стали | B50: DIVT | C50: 160 | D50: шт | G50: 1 | J50: 620 | K50: =J50-J50*$K$9/100 -> 620 | L50: =K50*G50 -> 620
A51: Полуотвод из оцинкованной стали | B51: DIVT | C51: 200 | D51: шт | G51: 1 | J51: 750 | K51: =J51-J51*$K$9/100 -> 750 | L51: =K51*G51 -> 750
A52: Полуотвод из оцинкованной стали | B52: DIVT | C52: 250 | D52: шт | G52: 1 | J52: 970 | K52: =J52-J52*$K$9/100 -> 970 | L52: =K52*G52 -> 970
A53: Полуотвод из оцинкованной стали | B53: DIVT | C53: 315 | D53: шт | G53: 1 | J53: 1540 | K53: =J53-J53*$K$9/100 -> 1540 | L53: =K53*G53 -> 1540
A54: Полуотвод из оцинкованной стали | B54: DIVT | C54: 355 | D54: шт | G54: 1 | J54: 2020 | K54: =J54-J54*$K$9/100 -> 2020 | L54: =K54*G54 -> 2020
A55: Полуотвод из оцинкованной стали | B55: DIVT | C55: 400 | D55: шт | G55: 1 | J55: 2970 | K55: =J55-J55*$K$9/100 -> 2970 | L55: =K55*G55 -> 2970
A56: Полуотвод из оцинкованной стали | B56: DIVT | C56: 450 | D56: шт | G56: 1 | J56: 3940 | K56: =J56-J56*$K$9/100 -> 3940 | L56: =K56*G56 -> 3940
A57: Полуотвод из оцинкованной стали | B57: DIVT | C57: 500 | D57: шт | G57: 1 | J57: 4760 | K57: =J57-J57*$K$9/100 -> 4760 | L57: =K57*G57 -> 4760
A58: Полуотвод из оцинкованной стали | B58: DIVT | C58: 560 | D58: шт | G58: 1 | J58: 5970 | K58: =J58-J58*$K$9/100 -> 5970 | L58: =K58*G58 -> 5970
A59: Полуотвод из оцинкованной стали | B59: DIVT | C59: 630 | D59: шт | G59: 1 | J59: 8230 | K59: =J59-J59*$K$9/100 -> 8230 | L59: =K59*G59 -> 8230
A60: Полуотвод из оцинкованной стали | B60: DIVT | C60: 710 | D60: шт | G60: 1 | J60: 0 | K60: =J60-J60*$K$9/100 -> 0 | L60: =K60*G60 -> 0
A61: Полуотвод из оцинкованной стали | B61: DIVT | C61: 800 | D61: шт | G61: 1 | H61: по запросу | J61: 0 | K61: =J61-J61*$K$9/100 -> 0 | L61: =K61*G61 -> 0
A62: Полуотвод из оцинкованной стали | B62: DIVT | C62: 1000 | D62: шт | G62: 1 | H62: по запросу | J62: 0 | K62: =J62-J62*$K$9/100 -> 0 | L62: =K62*G62 -> 0
A63: Полуотвод из оцинкованной стали | B63: DIVT | C63: 1120 | D63: шт | G63: 1 | H63: по запросу | J63: 0 | K63: =J63-J63*$K$9/100 -> 0 | L63: =K63*G63 -> 0
A65: Контактные координаты: Центр Инженерных Решений "ОВИКОМ" г.Пятигорск, Черкесское шоссе, д.27Б 8(938)-653-11-11 отдел продаж e-mail: ovikom26@gmail.com сайт: www.ovikom26.ru

Sheet DIVT шумоглушит
A7: Шумоглушители
I8: Доллар | J8: Евро | K8: Скидка
C9: В Исходный прайс | I9: =Исходный!G10 -> 0 | J9: =Исходный!H10 -> 0 | K9: =Исходный!I10 -> 0
A10: Наименование | B10: Марка | C10: Модель | E10: Хар-ки | G10: Кол-во | H10: Розница | K10: Со скидкой | L10: Итого Рубли
D11: Ед. Изм. | E11: Холод | F11: Тепло | H11: ДОЛЛАР | I11: ЕВРО | J11: РУБЛИ | K11: Рубли
A12: Серия ГК | L12: =K12*G12 -> 0
A13: Круглый шумоглушитель | B13: DIVT | C13: ГК 100/600 | D13: шт | G13: 1 | J13: 4400 | K13: =J13-J13*$K$9/100 -> 4400 | L13: =K13*G13 -> 4400
A14: Круглый шумоглушитель | B14: DIVT | C14: ГК 100/900 | D14: шт | G14: 1 | J14: 5460 | K14: =J14-J14*$K$9/100 -> 5460 | L14: =K14*G14 -> 5460
A15: Круглый шумоглушитель | B15: DIVT | C15: ГК 125/600 | D15: шт | G15: 1 | J15: 4540 | K15: =J15-J15*$K$9/100 -> 4540 | L15: =K15*G15 -> 4540
A16: Круглый шумоглушитель | B16: DIVT | C16: ГК 125/900 | D16: шт | G16: 1 | J16: 5660 | K16: =J16-J16*$K$9/100 -> 5660 | L16: =K16*G16 -> 5660
A17: Круглый шумоглушитель | B17: DIVT | C17: ГК 160/600 | D17: шт | G17: 1 | J17: 5100 | K17: =J17-J17*$K$9/100 -> 5100 | L17: =K17*G17 -> 5100
A18: Круглый шумоглушитель | B18: DIVT | C18: ГК 160/900 | D18: шт | G18: 1 | J18: 6400 | K18: =J18-J18*$K$9/100 -> 6400 | L18: =K18*G18 -> 6400
A19: Круглый шумоглушитель | B19: DIVT | C19: ГК 200/600 | D19: шт | G19: 1 | J19: 5760 | K19: =J19-J19*$K$9/100 -> 5760 | L19: =K19*G19 -> 5760
A20: Круглый шумоглушитель | B20: DIVT | C20: ГК 200/900 | D20: шт | G20: 1 | J20: 7320 | K20: =J20-J20*$K$9/100 -> 7320 | L20: =K20*G20 -> 7320
A21: Круглый шумоглушитель | B21: DIVT | C21: ГК 250/600 | D21: шт | G21: 1 | J21: 6760 | K21: =J21-J21*$K$9/100 -> 6760 | L21: =K21*G21 -> 6760
A22: Круглый шумоглушитель | B22: DIVT | C22: ГК 250/900 | D22: шт | G22: 1 | J22: 8500 | K22: =J22-J22*$K$9/100 -> 8500 | L22: =K22*G22 -> 8500
A23: Круглый шумоглушитель | B23: DIVT | C23: ГК 315/600 | D23: шт | G23: 1 | J23: 7600 | K23: =J23-J23*$K$9/100 -> 7600 | L23: =K23*G23 -> 7600
A24: Круглый шумоглушитель | B24: DIVT | C24: ГК 315/900 | D24: шт | G24: 1 | J24: 10080 | K24: =J24-J24*$K$9/100 -> 10080 | L24: =K24*G24 -> 10080
... A40: Круглый шумоглушитель | B40: DIVT | C40: ГК 800/900 | D40: шт | G40: 1 | J40: 23000 | K40: =J40-J40*$K$9/100 -> 23000 | L40: =K40*G40 -> 23000
A41: Серия NS
A42: Прямоугольный шумоглушитель | B42: DIVT | C42: NS 500*250/1000 | D42: шт | G42: 1 | J42: 7840 | K42: =J42-J42*$K$9/100 -> 7840 | L42: =K42*G42 -> 7840
A43: Прямоугольный шумоглушитель | B43: DIVT | C43: NS 500*300/1000 | D43: шт | G43: 1 | J43: 8840 | K43: =J43-J43*$K$9/100 -> 8840 | L43: =K43*G43 -> 8840
A44: Прямоугольный шумоглушитель | B44: DIVT | C44: NS 600*300/1000 | D44: шт | G44: 1 | J44: 10980 | K44: =J44-J44*$K$9/100 -> 10980 | L44: =K44*G44 -> 10980
A45: Прямоугольный шумоглушитель | B45: DIVT | C45: NS 600*350/1000 | D45: шт | G45: 1 | J45: 12160 | K45: =J45-J45*$K$9/100 -> 12160 | L45: =K45*G45 -> 12160
A46: Прямоугольный шумоглушитель | B46: DIVT | C46: NS 700*400/1000 | D46: шт | G46: 1 | J46: 15100 | K46: =J46-J46*$K$9/100 -> 15100 | L46: =K46*G46 -> 15100
A47: Прямоугольный шумоглушитель | B47: DIVT | C47: NS 800*500/1000 | D47: шт | G47: 1 | J47: 19800 | K47: =J47-J47*$K$9/100 -> 19800 | L47: =K47*G47 -> 19800
A48: Прямоугольный шумоглушитель | B48: DIVT | C48: NS 1000*500/1000 | D48: шт | G48: 1 | J48: 23940 | K48: =J48-J48*$K$9/100 -> 23940 | L48: =K48*G48 -> 23940
A49: Серия NP | L49: =K49*G49 -> 0
A50: Прямоугольный шумоглушитель | B50: DIVT | C50: NP 500*250/1000 | D50: шт | G50: 1 | J50: 8740 | K50: =J50-J50*$K$9/100 -> 8740 | L50: =K50*G50 -> 8740
A51: Прямоугольный шумоглушитель | B51: DIVT | C51: NP 500*300/1000 | D51: шт | G51: 1 | J51: 9680 | K51: =J51-J51*$K$9/100 -> 9680 | L51: =K51*G51 -> 9680
A52: Прямоугольный шумоглушитель | B52: DIVT | C52: NP 600*300/1000 | D52: шт | G52: 1 | J52: 14200 | K52: =J52-J52*$K$9/100 -> 14200 | L52: =K52*G52 -> 14200
A53: Прямоугольный шумоглушитель | B53: DIVT | C53: NP 600*350/1000 | D53: шт | G53: 1 | J53: 15520 | K53: =J53-J53*$K$9/100 -> 15520 | L53: =K53*G53 -> 15520
A54: Прямоугольный шумоглушитель | B54: DIVT | C54: NP 700*400/1000 | D54: шт | G54: 1 | J54: 17660 | K54: =J54-J54*$K$9/100 -> 17660 | L54: =K54*G54 -> 17660
A55: Прямоугольный шумоглушитель | B55: DIVT | C55: NP 800*500/1000 | D55: шт | G55: 1 | J55: 25940 | K55: =J55-J55*$K$9/100 -> 25940 | L55: =K55*G55 -> 25940
A56: Прямоугольный шумоглушитель | B56: DIVT | C56: NP 1000*500/1000 | D56: шт | G56: 1 | J56: 32760 | K56: =J56-J56*$K$9/100 -> 32760 | L56: =K56*G56 -> 32760
A58: Контактные координаты: Центр Инженерных Решений "ОВИКОМ" г.Пятигорск, Черкесское шоссе, д.27Б 8(938)-653-11-11 отдел продаж e-mail: ovikom26@gmail.com сайт: www.ovikom26.ru

Sheet DIVT Возд. Клапан
A7: Воздушные Клапана
I8: Доллар | J8: Евро | K8: Скидка
C9: В Исходный прайс | I9: =Исходный!G10 -> 0 | J9: =Исходный!H10 -> 0 | K9: =Исходный!I10 -> 0
A10: Наименование | B10: Марка | C10: Модель | E10: Хар-ки | G10: Кол-во | H10: Розница | K10: Со скидкой | L10: Итого Рубли
D11: Ед. Изм. | E11: Холод | F11: Тепло | H11: ДОЛЛАР | I11: ЕВРО | J11: РУБЛИ | K11: Рубли
A12: Воздушный клапан Ручного управления | L12: =K12*G12 -> 0
A13: Воздушный клапан Ручного управления | B13: DIVT | C13: ВК 300*150 РП | D13: шт | G13: 1 | J13: 7400 | K13: =J13-J13*$K$9/100 -> 7400 | L13: =K13*G13 -> 7400
A14: Воздушный клапан Ручного управления | B14: DIVT | C14: ВК 400*200 РП | D14: шт | G14: 1 | J14: 8200 | K14: =J14-J14*$K$9/100 -> 8200 | L14: =K14*G14 -> 8200
A15: Воздушный клапан Ручного управления | B15: DIVT | C15: ВК 500*250 РП | D15: шт | G15: 1 | J15: 9600 | K15: =J15-J15*$K$9/100 -> 9600 | L15: =K15*G15 -> 9600
A16: Воздушный клапан Ручного управления | B16: DIVT | C16: ВК 500*300 РП | D16: шт | G16: 1 | J16: 10600 | K16: =J16-J16*$K$9/100 -> 10600 | L16: =K16*G16 -> 10600
A17: Воздушный клапан Ручного управления | B17: DIVT | C17: ВК 600*300 РП | D17: шт | G17: 1 | J17: 11500 | K17: =J17-J17*$K$9/100 -> 11500 | L17: =K17*G17 -> 11500
A18: Воздушный клапан Ручного управления | B18: DIVT | C18: ВК 600*350 РП | D18: шт | G18: 1 | J18: 12200 | K18: =J18-J18*$K$9/100 -> 12200 | L18: =K18*G18 -> 12200
A19: Воздушный клапан Ручного управления | B19: DIVT | C19: ВК 700*400 РП | D19: шт | G19: 1 | J19: 14440 | K19: =J19-J19*$K$9/100 -> 14440 | L19: =K19*G19 -> 14440
A20: Воздушный клапан Ручного управления | B20: DIVT | C20: ВК 800*500 РП | D20: шт | G20: 1 | J20: 17740 | K20: =J20-J20*$K$9/100 -> 17740 | L20: =K20*G20 -> 17740
A21: Воздушный клапан Ручного управления | B21: DIVT | C21: ВК 900*500 РП | D21: шт | G21: 1 | J21: 19000 | K21: =J21-J21*$K$9/100 -> 19000 | L21: =K21*G21 -> 19000
A22: Воздушный клапан Ручного управления | B22: DIVT | C22: ВК 1000*500 РП | D22: шт | G22: 1 | J22: 20300 | K22: =J22-J22*$K$9/100 -> 20300 | L22: =K22*G22 -> 20300
A23: Воздушный клапан Ручного управления | L23: =K23*G23 -> 0
A24: Воздушный клапан с подставкой под привод | B24: DIVT | C24: ВК 300*150 ЭП | D24: шт | G24: 1 | J24: 6760 | K24: =J24-J24*$K$9/100 -> 6760 | L24: =K24*G24 -> 6760
A25: Воздушный клапан с подставкой под привод | B25: DIVT | C25: ВК 400*200 ЭП | D25: шт | G25: 1 | J25: 7540 | K25: =J25-J25*$K$9/100 -> 7540 | L25: =K25*G25 -> 7540
A26: Воздушный клапан с подставкой под привод | B26: DIVT | C26: ВК 500*250 ЭП | D26: шт | G26: 1 | J26: 8900 | K26: =J26-J26*$K$9/100 -> 8900 | L26: =K26*G26 -> 8900
A27: Воздушный клапан с подставкой под привод | B27: DIVT | C27: ВК 500*300 ЭП | D27: шт | G27: 1 | J27: 9940 | K27: =J27-J27*$K$9/100 -> 9940 | L27: =K27*G27 -> 9940
A28: Воздушный клапан с подставкой под привод | B28: DIVT | C28: ВК 600*300 ЭП | D28: шт | G28: 1 | J28: 10860 | K28: =J28-J28*$K$9/100 -> 10860 | L28: =K28*G28 -> 10860
A29: Воздушный клапан с подставкой под привод | B29: DIVT | C29: ВК 600*350 ЭП | D29: шт | G29: 1 | J29: 11560 | K29: =J29-J29*$K$9/100 -> 11560 | L29: =K29*G29 -> 11560
A30: Воздушный клапан с подставкой под привод | B30: DIVT | C30: ВК 700*400 ЭП | D30: шт | G30: 1 | J30: 13800 | K30: =J30-J30*$K$9/100 -> 13800 | L30: =K30*G30 -> 13800
A31: Воздушный клапан с подставкой под привод | B31: DIVT | C31: ВК 800*500 ЭП | D31: шт | G31: 1 | J31: 17100 | K31: =J31-J31*$K$9/100 -> 17100 | L31: =K31*G31 -> 17100
A32: Воздушный клапан с подставкой под привод | B32: DIVT | C32: ВК 900*500 ЭП | D32: шт | G32: 1 | J32: 18360 | K32: =J32-J32*$K$9/100 -> 18360 | L32: =K32*G32 -> 18360
A33: Воздушный клапан с подставкой под привод | B33: DIVT | C33: ВК 1000*500 ЭП | D33: шт | G33: 1 | J33: 19640 | K33: =J33-J33*$K$9/100 -> 19640 | L33: =K33*G33 -> 19640
A35: Контактные координаты: Центр Инженерных Решений "ОВИКОМ" г.Пятигорск, Черкесское шоссе, д.27Б 8(938)-653-11-11 отдел продаж e-mail: ovikom26@gmail.com сайт: www.ovikom26.ru

Sheet DIVT фильтр
A7: Фильтрующие элементы
I8: Доллар | J8: Евро | K8: Скидка
C9: В Исходный прайс | I9: =Исходный!G10 -> 0 | J9: =Исходный!H10 -> 0 | K9: =Исходный!I10 -> 0
A10: Наименование | B10: Марка | C10: Модель | E10: Хар-ки | G10: Кол-во | H10: Розница | K10: Со скидкой | L10: Итого Рубли
D11: Ед. Изм. | E11: Холод | F11: Тепло | H11: ДОЛЛАР | I11: ЕВРО | J11: РУБЛИ | K11: Рубли
A12: Серия FK
A13: Фильтр кассетный | B13: DIVT | C13: FK 400*200/100 | D13: шт | G13: 1 | J13: 1560 | K13: =J13-J13*$K$9/100 -> 1560 | L13: =K13*G13 -> 1560
A14: Фильтр кассетный | B14: DIVT | C14: FK 500*250/100 | D14: шт | G14: 1 | J14: 1700 | K14: =J14-J14*$K$9/100 -> 1700 | L14: =K14*G14 -> 1700
A15: Фильтр кассетный | B15: DIVT | C15: FK 500*300/100 | D15: шт | G15: 1 | J15: 1770 | K15: =J15-J15*$K$9/100 -> 1770 | L15: =K15*G15 -> 1770
A16: Фильтр кассетный | B16: DIVT | C16: FK 600*300/100 | D16: шт | G16: 1 | J16: 1970 | K16: =J16-J16*$K$9/100 -> 1970 | L16: =K16*G16 -> 1970
A17: Фильтр кассетный | B17: DIVT | C17: FK 600*350/100 | D17: шт | G17: 1 | J17: 2060 | K17: =J17-J17*$K$9/100 -> 2060 | L17: =K17*G17 -> 2060
A18: Фильтр кассетный | B18: DIVT | C18: FK 700*400/100 | D18: шт | G18: 1 | J18: 2290 | K18: =J18-J18*$K$9/100 -> 2290 | L18: =K18*G18 -> 2290
A19: Фильтр кассетный | B19: DIVT | C19: FK 800*500/100 | D19: шт | G19: 1 | J19: 2600 | K19: =J19-J19*$K$9/100 -> 2600 | L19: =K19*G19 -> 2600
A20: Фильтр кассетный | B20: DIVT | C20: FK 1000*500/100 | D20: шт | G20: 1 | J20: 2880 | K20: =J20-J20*$K$9/100 -> 2880 | L20: =K20*G20 -> 2880
A21: Серия FKB | L21: =K21*G21 -> 0
A22: Фильтр-бокс кассетный | B22: DIVT | C22: FKB 400*200/250 | D22: шт | G22: 1 | J22: 3070 | K22: =J22-J22*$K$9/100 -> 3070 | L22: =K22*G22 -> 3070
A23: Фильтр-бокс кассетный | B23: DIVT | C23: FKB 500*250/250 | D23: шт | G23: 1 | J23: 3570 | K23: =J23-J23*$K$9/100 -> 3570 | L23: =K23*G23 -> 3570
A24: Фильтр-бокс кассетный | B24: DIVT | C24: FKB 500*300/250 | D24: шт | G24: 1 | J24: 3720 | K24: =J24-J24*$K$9/100 -> 3720 | L24: =K24*G24 -> 3720
A25: Фильтр-бокс кассетный | B25: DIVT | C25: FKB 600*300/250 | D25: шт | G25: 1 | J25: 4250 | K25: =J25-J25*$K$9/100 -> 4250 | L25: =K25*G25 -> 4250
A26: Фильтр-бокс кассетный | B26: DIVT | C26: FKB 600*350/250 | D26: шт | G26: 1 | J26: 4420 | K26: =J26-J26*$K$9/100 -> 4420 | L26: =K26*G26 -> 4420
A27: Фильтр-бокс кассетный | B27: DIVT | C27: FKB 700*400/250 | D27: шт | G27: 1 | J27: 4960 | K27: =J27-J27*$K$9/100 -> 4960 | L27: =K27*G27 -> 4960
A28: Фильтр-бокс кассетный | B28: DIVT | C28: FKB 800*500/250 | D28: шт | G28: 1 | J28: 5650 | K28: =J28-J28*$K$9/100 -> 5650 | L28: =K28*G28 -> 5650
A29: Фильтр-бокс кассетный | B29: DIVT | C29: FKB 1000*500/250 | D29: шт | G29: 1 | J29: 6550 | K29: =J29-J29*$K$9/100 -> 6550 | L29: =K29*G29 -> 6550
A30: Серия FP | L30: =K30*G30 -> 0
A31: Фильтр карманный | B31: DIVT | C31: FP 400*200/350 | D31: шт | G31: 1 | J31: 2120 | K31: =J31-J31*$K$9/100 -> 2120 | L31: =K31*G31 -> 2120
A32: Фильтр карманный | B32: DIVT | C32: FP 500*250/350 | D32: шт | G32: 1 | J32: 2500 | K32: =J32-J32*$K$9/100 -> 2500 | L32: =K32*G32 -> 2500
A33: Фильтр карманный | B33: DIVT | C33: FP 500*300/350 | D33: шт | G33: 1 | J33: 2620 | K33: =J33-J33*$K$9/100 -> 2620 | L33: =K33*G33 -> 2620
A34: Фильтр карманный | B34: DIVT | C34: FP 600*300/350 | D34: шт | G34: 1 | J34: 2950 | K34: =J34-J34*$K$9/100 -> 2950 | L34: =K34*G34 -> 2950
A35: Фильтр карманный | B35: DIVT | C35: FP 600*350/350 | D35: шт | G35: 1 | J35: 3070 | K35: =J35-J35*$K$9/100 -> 3070 | L35: =K35*G35 -> 3070
A36: Фильтр карманный | B36: DIVT | C36: FP 700*400/350 | D36: шт | G36: 1 | J36: 3580 | K36: =J36-J36*$K$9/100 -> 3580 | L36: =K36*G36 -> 3580
A37: Фильтр карманный | B37: DIVT | C37: FP 800*500/350 | D37: шт | G37: 1 | J37: 4320 | K37: =J37-J37*$K$9/100 -> 4320 | L37: =K37*G37 -> 4320
A38: Фильтр карманный | B38: DIVT | C38: FP 1000*500/350 | D38: шт | G38: 1 | J38: 5120 | K38: =J38-J38*$K$9/100 -> 5120 | L38: =K38*G38 -> 5120
A39: Серия FPB | L39: =K39*G39 -> 0
A40: Фильтр-бокс карманный | B40: DIVT | C40: FPB 400*200/520 | D40: шт | G40: 1 | J40: 3520 | K40: =J40-J40*$K$9/100 -> 3520 | L40: =K40*G40 -> 3520
A41: Фильтр-бокс карманный | B41: DIVT | C41: FPB 500*250/520 | D41: шт | G41: 1 | J41: 4120 | K41: =J41-J41*$K$9/100 -> 4120 | L41: =K41*G41 -> 4120
A42: Фильтр-бокс карманный | B42: DIVT | C42: FPB 500*300/520 | D42: шт | G42: 1 | J42: 4300 | K42: =J42-J42*$K$9/100 -> 4300 | L42: =K42*G42 -> 4300
A43: Фильтр-бокс карманный | B43: DIVT | C43: FPB 600*300/520 | D43: шт | G43: 1 | J43: 5090 | K43: =J43-J43*$K$9/100 -> 5090 | L43: =K43*G43 -> 5090
A44: Фильтр-бокс карманный | B44: DIVT | C44: FPB 600*350/520 | D44: шт | G44: 1 | J44: 5300 | K44: =J44-J44*$K$9/100 -> 5300 | L44: =K44*G44 -> 5300
A45: Фильтр-бокс карманный | B45: DIVT | C45: FPB 700*400/520 | D45: шт | G45: 1 | J45: 6340 | K45: =J45-J45*$K$9/100 -> 6340 | L45: =K45*G45 -> 6340
A46: Фильтр-бокс карманный | B46: DIVT | C46: FPB 800*500/520 | D46: шт | G46: 1 | J46: 7460 | K46: =J46-J46*$K$9/100 -> 7460 | L46: =K46*G46 -> 7460
A47: Фильтр-бокс карманный | B47: DIVT | C47: FPB 1000*500/520 | D47: шт | G47: 1 | J47: 8420 | K47: =J47-J47*$K$9/100 -> 8420 | L47: =K47*G47 -> 8420
A49: Контактные координаты: Центр Инженерных Решений "ОВИКОМ" г.Пятигорск, Черкесское шоссе, д.27Б 8(938)-653-11-11 отдел продаж e-mail: ovikom26@gmail.com сайт: www.ovikom26.ru

Sheet Гибкие вставки DIVT
A7: Гибкая вставка
I8: Доллар | J8: Евро | K8: Скидка
C9: В Исходный прайс | I9: =Исходный!G10 -> 0 | J9: =Исходный!H10 -> 0 | K9: =Исходный!I10 -> 0
A10: Наименование | B10: Марка | C10: Модель | E10: Хар-ки | G10: Кол-во | H10: Розница | K10: Со скидкой | L10: Итого Рубли
D11: Ед. Изм | E11: Холод | F11: Тепло | H11: ДОЛЛАР | I11: ЕВРО | J11: РУБЛИ | K11: Рубли
A12: Серия
A13: Гибкая вставка | B13: DIVT | C13: СV 100 | D13: шт | G13: 1 | J13: 240 | K13: =J13-J13*$K$9/100 -> 240 | L13: =K13*G13 -> 240
A14: Гибкая вставка | B14: DIVT | C14: СV 125 | D14: шт | G14: 1 | J14: 300 | K14: =J14-J14*$K$9/100 -> 300 | L14: =K14*G14 -> 300
A15: Гибкая вставка | B15: DIVT | C15: СV 160 | D15: шт | G15: 1 | J15: 380 | K15: =J15-J15*$K$9/100 -> 380 | L15: =K15*G15 -> 380
A16: Гибкая вставка | B16: DIVT | C16: СV 200 | D16: шт | G16: 1 | J16: 470 | K16: =J16-J16*$K$9/100 -> 470 | L16: =K16*G16 -> 470
A17: Гибкая вставка | B17: DIVT | C17: СV 250 | D17: шт | G17: 1 | J17: 580 | K17: =J17-J17*$K$9/100 -> 580 | L17: =K17*G17 -> 580
A18: Гибкая вставка | B18: DIVT | C18: СV 315 | D18: шт | G18: 1 | J18: 720 | K18: =J18-J18*$K$9/100 -> 720 | L18: =K18*G18 -> 720
A19: Гибкая вставка | B19: DIVT | C19: СV 355 | D19: шт | G19: 1 | J19: 810 | K19: =J19-J19*$K$9/100 -> 810 | L19: =K19*G19 -> 810
A20: Гибкая вставка | B20: DIVT | C20: СV 400 | D20: шт | G20: 1 | J20: 910 | K20: =J20-J20*$K$9/100 -> 910 | L20: =K20*G20 -> 910
A21: Гибкая вставка | B21: DIVT | C21: СV 450 | D21: шт | G21: 1 | J21: 1020 | K21: =J21-J21*$K$9/100 -> 1020 | L21: =K21*G21 -> 1020
A22: Гибкая вставка | B22: DIVT | C22: СV 500 | D22: шт | G22: 1 | J22: 1140 | K22: =J22-J22*$K$9/100 -> 1140 | L22: =K22*G22 -> 1140
A23: Серия
A24: Гибкая вставка | B24: DIVT | C24: PV 400*200 | D24: шт | G24: 1 | J24: 1620 | K24: =J24-J24*$K$9/100 -> 1620 | L24: =K24*G24 -> 1620
A25: Гибкая вставка | B25: DIVT | C25: PV 500*250 | D25: шт | G25: 1 | J25: 1940 | K25: =J25-J25*$K$9/100 -> 1940 | L25: =K25*G25 -> 1940
A26: Гибкая вставка | B26: DIVT | C26: PV 500*300 | D26: шт | G26: 1 | J26: 2050 | K26: =J26-J26*$K$9/100 -> 2050 | L26: =K26*G26 -> 2050
A27: Гибкая вставка | B27: DIVT | C27: PV 600*300 | D27: шт | G27: 1 | J27: 2260 | K27: =J27-J27*$K$9/100 -> 2260 | L27: =K27*G27 -> 2260
A28: Гибкая вставка | B28: DIVT | C28: PV 600*350 | D28: шт | G28: 1 | J28: 2370 | K28: =J28-J28*$K$9/100 -> 2370 | L28: =K28*G28 -> 2370
A29: Гибкая вставка | B29: DIVT | C29: PV 700*400 | D29: шт | G29: 1 | J29: 2700 | K29: =J29-J29*$K$9/100 -> 2700 | L29: =K29*G29 -> 2700
A30: Гибкая вставка | B30: DIVT | C30: PV 800*500 | D30: шт | G30: 1 | J30: 3130 | K30: =J30-J30*$K$9/100 -> 3130 | L30: =K30*G30 -> 3130
A31: Гибкая вставка | B31: DIVT | C31: PV 1000*500 | D31: шт | G31: 1 | J31: 3560 | K31: =J31-J31*$K$9/100 -> 3560 | L31: =K31*G31 -> 3560
A33: Контактные координаты: Центр Инженерных Решений "ОВИКОМ" г.Пятигорск, Черкесское шоссе, д.27Б 8(938)-653-11-11 отдел продаж e-mail: ovikom26@gmail.com сайт: www.ovikom26.ru

Sheet Жироуловитель сетчатый DIVT 
A7: Жироуловители сетчатые
I8: Доллар | J8: Евро | K8: Скидка
C9: В Исходный прайс | I9: =Исходный!G10 -> 0 | J9: =Исходный!H10 -> 0 | K9: =Исходный!I10 -> 0
A10: Наименование | B10: Марка | C10: Модель | E10: Хар-ки | G10: Кол-во | H10: Розница | K10: Со скидкой | L10: Итого Рубли
D11: Ед. Изм | E11: Холод | F11: Тепло | H11: ДОЛЛАР | I11: ЕВРО | J11: РУБЛИ | K11: Рубли
A12: Жироуловители 3-х слойные
A13: Жироуловители сетчатые | B13: DIVT | C13: 200*200 | D13: шт | G13: 1 | J13: 1780 | K13: =J13-J13*$K$9/100 -> 1780 | L13: =K13*G13 -> 1780
A14: Жироуловители сетчатые | B14: DIVT | C14: 250*250 | D14: шт | G14: 1 | J14: 2310 | K14: =J14-J14*$K$9/100 -> 2310 | L14: =K14*G14 -> 2310
A15: Жироуловители сетчатые | B15: DIVT | C15: 300*300 | D15: шт | G15: 1 | J15: 2860 | K15: =J15-J15*$K$9/100 -> 2860 | L15: =K15*G15 -> 2860
A16: Жироуловители сетчатые | B16: DIVT | C16: 350*350 | D16: шт | G16: 1 | J16: 3480 | K16: =J16-J16*$K$9/100 -> 3480 | L16: =K16*G16 -> 3480
A17: Жироуловители сетчатые | B17: DIVT | C17: 400*400 | D17: шт | G17: 1 | J17: 4120 | K17: =J17-J17*$K$9/100 -> 4120 | L17: =K17*G17 -> 4120
A18: Жироуловители сетчатые | B18: DIVT | C18: 450*450 | D18: шт | G18: 1 | J18: 4820 | K18: =J18-J18*$K$9/100 -> 4820 | L18: =K18*G18 -> 4820
A19: Жироуловители сетчатые | B19: DIVT | C19: 500*500 | D19: шт | G19: 1 | J19: 5530 | K19: =J19-J19*$K$9/100 -> 5530 | L19: =K19*G19 -> 5530
A20: Жироуловители сетчатые | B20: DIVT | C20: 1000*500 | D20: шт | G20: 1 | J20: 9300 | K20: =J20-J20*$K$9/100 -> 9300 | L20: =K20*G20 -> 9300
A21: Жироуловители 5-и слойные
A22: Жироуловители сетчатые | B22: DIVT | C22: 200*200 | D22: шт | G22: 1 | J22: 2230 | K22: =J22-J22*$K$9/100 -> 2230 | L22: =K22*G22 -> 2230
A23: Жироуловители сетчатые | B23: DIVT | C23: 250*250 | D23: шт | G23: 1 | J23: 2890 | K23: =J23-J23*$K$9/100 -> 2890 | L23: =K23*G23 -> 2890
A24: Жироуловители сетчатые | B24: DIVT | C24: 300*300 | D24: шт | G24: 1 | J24: 3580 | K24: =J24-J24*$K$9/100 -> 3580 | L24: =K24*G24 -> 3580
A25: Жироуловители сетчатые | B25: DIVT | C25: 350*350 | D25: шт | G25: 1 | J25: 4350 | K25: =J25-J25*$K$9/100 -> 4350 | L25: =K25*G25 -> 4350
A26: Жироуловители сетчатые | B26: DIVT | C26: 400*400 | D26: шт | G26: 1 | J26: 5150 | K26: =J26-J26*$K$9/100 -> 5150 | L26: =K26*G26 -> 5150
A27: Жироуловители сетчатые | B27: DIVT | C27: 450*450 | D27: шт | G27: 1 | J27: 6030 | K27: =J27-J27*$K$9/100 -> 6030 | L27: =K27*G27 -> 6030
A28: Жироуловители сетчатые | B28: DIVT | C28: 500*500 | D28: шт | G28: 1 | J28: 6910 | K28: =J28-J28*$K$9/100 -> 6910 | L28: =K28*G28 -> 6910
A29: Жироуловители сетчатые | B29: DIVT | C29: 1000*500 | D29: шт | G29: 1 | J29: 11630 | K29: =J29-J29*$K$9/100 -> 11630 | L29: =K29*G29 -> 11630
A30: Бокс Под Жироуловитель Сетчатый
A31: Бокс Под Жироуловитель Сетчатый | B31: DIVT | C31: 200*200 | D31: шт | G31: 1 | J31: 1500 | K31: =J31-J31*$K$9/100 -> 1500 | L31: =K31*G31 -> 1500
A32: Бокс Под Жироуловитель Сетчатый | B32: DIVT | C32: 250*250 | D32: шт | G32: 1 | J32: 1800 | K32: =J32-J32*$K$9/100 -> 1800 | L32: =K32*G32 -> 1800
A33: Бокс Под Жироуловитель Сетчатый | B33: DIVT | C33: 300*300 | D33: шт | G33: 1 | J33: 2100 | K33: =J33-J33*$K$9/100 -> 2100 | L33: =K33*G33 -> 2100
A34: Бокс Под Жироуловитель Сетчатый | B34: DIVT | C34: 350*350 | D34: шт | G34: 1 | J34: 2400 | K34: =J34-J34*$K$9/100 -> 2400 | L34: =K34*G34 -> 2400
A35: Бокс Под Жироуловитель Сетчатый | B35: DIVT | C35: 400*400 | D35: шт | G35: 1 | J35: 2700 | K35: =J35-J35*$K$9/100 -> 2700 | L35: =K35*G35 -> 2700
A36: Бокс Под Жироуловитель Сетчатый | B36: DIVT | C36: 450*450 | D36: шт | G36: 1 | J36: 2980 | K36: =J36-J36*$K$9/100 -> 2980 | L36: =K36*G36 -> 2980
A37: Бокс Под Жироуловитель Сетчатый | B37: DIVT | C37: 500*500 | D37: шт | G37: 1 | J37: 3280 | K37: =J37-J37*$K$9/100 -> 3280 | L37: =K37*G37 -> 3280
A38: Бокс Под Жироуловитель Сетчатый | B38: DIVT | C38: 1000*500 | D38: шт | G38: 1 | J38: 4740 | K38: =J38-J38*$K$9/100 -> 4740 | L38: =K38*G38 -> 4740
A40: Контактные координаты: Центр Инженерных Решений "ОВИКОМ" г.Пятигорск, Черкесское шоссе, д.27Б 8(938)-653-11-11 отдел продаж e-mail: ovikom26@gmail.com сайт: www.ovikom26.ru
